Workbook

Sheet Cap Ex-20 Years
J1: Annual CPI | K1: 0.035 | L1: 0.03 | M1: 0.03 | N1: 0.03 | O1: 0.03 | P1: 0.03 | Q1: 0.03 | R1: 0.03 | S1: 0.03 | T1: 0.03 | U1: 0.03 | V1: 0.03 | W1: 0.03 | X1: 0.03 | Y1: 0.03 | Z1: 0.03 | AA1: 0.03 | AB1: 0.03 | AC1: 0.03 | AD1: 0.03
J2: Aggregate CPI | K2: =(1+K1) -> 1.035 | L2: =K2*(1+L1) -> 1.06605 | M2: =L2*(1+M1) -> 1.0980315 | N2: =M2*(1+N1) -> 1.1309724 | O2: =N2*(1+O1) -> 1.1649016 | P2: =O2*(1+P1) -> 1.1998487 | Q2: =P2*(1+Q1) -> 1.2358441 | R2: =Q2*(1+R1) -> 1.2729195 | S2: =R2*(1+S1) -> 1.311107 | ... AD2: =AC2*(1+AD1) -> 1.8148788
A4: Moda Center 20 Year Capital Plan | K4: 2025 | L4: =+K4+1 -> 2026 | M4: =+L4+1 -> 2027 | N4: =+M4+1 -> 2028 | O4: =+N4+1 -> 2029 | P4: =+O4+1 -> 2030 | Q4: =+P4+1 -> 2031 | R4: =+Q4+1 -> 2032 | S4: =+R4+1 -> 2033 | ... AD4: =+AC4+1 -> 2044
A5: Grouping | B5: Item | C5: Location (Level) | D5: Subcategory 1 | E5: Subcategory 2 | F5: Priority | G5: First Year of Replacement (# of years from 2024) | H5: First Year of Replacement (Year) | I5: Frequency of repairs & replacement in years | J5: Estimated Cost per occurrence in 2024 Dollars | K5: Year 1 | L5: Year 2 | M5: Year 3 | N5: Year 4 | O5: Year 5 | P5: Year 6 | Q5: Year 7 | R5: Year 8 | S5: Year 9 | T5: Year 10 | U5: Year 11 | V5: Year 12 | W5: Year 13 | X5: Year 14 | Y5: Year 15 | Z5: Year 16 | AA5: Year 17 | AB5: Year 18 | AC5: Year 19 | AD5: Year 20 | AE5: Total Cost
A6: Architecture & Interiors | B6: Locker Rooms - A,B, and C | C6: Service Level | D6: Refresh | E6: Locker Room interior finishes, fixtures, furniture, and equipment | F6: High | G6: =H6-2024 -> 2 | H6: 2026 | I6: 10 | J6: =Costs!P4 -> 414963 | K6: {=IF(_xlfn.SWITCH(TRUE,COLUMN()-COLUMN($J$5)-$G6<0,FALSE,MOD(COLUMN()-COLUMN($J$5)-$G6,$I6)=0,TRUE,FALSE),$J6*K$2,0)} -> 0 | L6: {=IF(_xlfn.SWITCH(TRUE,COLUMN()-COLUMN($J$5)-$G6<0,FALSE,MOD(COLUMN()-COLUMN($J$5)-$G6,$I6)=0,TRUE,FALSE),$J6*L$2,0)} -> 442371.31 | M6: {=IF(_xlfn.SWITCH(TRUE,COLUMN()-COLUMN($J$5)-$G6<0,FALSE,MOD(COLUMN()-COLUMN($J$5)-$G6,$I6)=0,TRUE,FALSE),$J6*M$2,0)} -> 0 | N6: {=IF(_xlfn.SWITCH(TRUE,COLUMN()-COLUMN($J$5)-$G6<0,FALSE,MOD(COLUMN()-COLUMN($J$5)-$G6,$I6)=0,TRUE,FALSE),$J6*N$2,0)} -> 0 | O6: {=IF(_xlfn.SWITCH(TRUE,COLUMN()-COLUMN($J$5)-$G6<0,FALSE,MOD(COLUMN()-COLUMN($J$5)-$G6,$I6)=0,TRUE,FALSE),$J6*O$2,0)} -> 0 | P6: {=IF(_xlfn.SWITCH(TRUE,COLUMN()-COLUMN($J$5)-$G6<0,FALSE,MOD(COLUMN()-COLUMN($J$5)-$G6,$I6)=0,TRUE,FALSE),$J6*P$2,0)} -> 0 | Q6: {=IF(_xlfn.SWITCH(TRUE,COLUMN()-COLUMN($J$5)-$G6<0,FALSE,MOD(COLUMN()-COLUMN($J$5)-$G6,$I6)=0,TRUE,FALSE),$J6*Q$2,0)} -> 0 | R6: {=IF(_xlfn.SWITCH(TRUE,COLUMN()-COLUMN($J$5)-$G6<0,FALSE,MOD(COLUMN()-COLUMN($J$5)-$G6,$I6)=0,TRUE,FALSE),$J6*R$2,0)} -> 0 | ... AD6: {=IF(_xlfn.SWITCH(TRUE,COLUMN()-COLUMN($J$5)-$G6<0,FALSE,MOD(COLUMN()-COLUMN($J$5)-$G6,$I6)=0,TRUE,FALSE),$J6*AD$2,0)} -> 0 | AE6: =SUM(K6:AD6) -> 1036881.4
A7: Architecture & Interiors | B7: Media Room | C7: Service Level | D7: Refresh | E7: Interior Finishes, ceiling, paint, flooring | F7: Medium | G7: =H7-2024 -> 5 | H7: 2029 | I7: 15 | J7: =Costs!P5 -> 259929 | K7: {=IF(_xlfn.SWITCH(TRUE,COLUMN()-COLUMN($J$5)-$G7<0,FALSE,MOD(COLUMN()-COLUMN($J$5)-$G7,$I7)=0,TRUE,FALSE),$J7*K$2,0)} -> 0 | L7: {=IF(_xlfn.SWITCH(TRUE,COLUMN()-COLUMN($J$5)-$G7<0,FALSE,MOD(COLUMN()-COLUMN($J$5)-$G7,$I7)=0,TRUE,FALSE),$J7*L$2,0)} -> 0 | M7: {=IF(_xlfn.SWITCH(TRUE,COLUMN()-COLUMN($J$5)-$G7<0,FALSE,MOD(COLUMN()-COLUMN($J$5)-$G7,$I7)=0,TRUE,FALSE),$J7*M$2,0)} -> 0 | N7: {=IF(_xlfn.SWITCH(TRUE,COLUMN()-COLUMN($J$5)-$G7<0,FALSE,MOD(COLUMN()-COLUMN($J$5)-$G7,$I7)=0,TRUE,FALSE),$J7*N$2,0)} -> 0 | O7: {=IF(_xlfn.SWITCH(TRUE,COLUMN()-COLUMN($J$5)-$G7<0,FALSE,MOD(COLUMN()-COLUMN($J$5)-$G7,$I7)=0,TRUE,FALSE),$J7*O$2,0)} -> 302791.71 | P7: {=IF(_xlfn.SWITCH(TRUE,COLUMN()-COLUMN($J$5)-$G7<0,FALSE,MOD(COLUMN()-COLUMN($J$5)-$G7,$I7)=0,TRUE,FALSE),$J7*P$2,0)} -> 0 | Q7: {=IF(_xlfn.SWITCH(TRUE,COLUMN()-COLUMN($J$5)-$G7<0,FALSE,MOD(COLUMN()-COLUMN($J$5)-$G7,$I7)=0,TRUE,FALSE),$J7*Q$2,0)} -> 0 | R7: {=IF(_xlfn.SWITCH(TRUE,COLUMN()-COLUMN($J$5)-$G7<0,FALSE,MOD(COLUMN()-COLUMN($J$5)-$G7,$I7)=0,TRUE,FALSE),$J7*R$2,0)} -> 0 | ... AD7: {=IF(_xlfn.SWITCH(TRUE,COLUMN()-COLUMN($J$5)-$G7<0,FALSE,MOD(COLUMN()-COLUMN($J$5)-$G7,$I7)=0,TRUE,FALSE),$J7*AD$2,0)} -> 471739.62 | AE7: =SUM(K7:AD7) -> 774531.34
A8: Architecture & Interiors | B8: Locker Room Corridor | C8: Service Level | D8: Refresh | E8: Paint and Flooring | F8: High | G8: =H8-2024 -> 2 | H8: 2026 | I8: 10 | J8: =Costs!P6 -> 42174 | K8: {=IF(_xlfn.SWITCH(TRUE,COLUMN()-COLUMN($J$5)-$G8<0,FALSE,MOD(COLUMN()-COLUMN($J$5)-$G8,$I8)=0,TRUE,FALSE),$J8*K$2,0)} -> 0 | L8: {=IF(_xlfn.SWITCH(TRUE,COLUMN()-COLUMN($J$5)-$G8<0,FALSE,MOD(COLUMN()-COLUMN($J$5)-$G8,$I8)=0,TRUE,FALSE),$J8*L$2,0)} -> 44959.593 | M8: {=IF(_xlfn.SWITCH(TRUE,COLUMN()-COLUMN($J$5)-$G8<0,FALSE,MOD(COLUMN()-COLUMN($J$5)-$G8,$I8)=0,TRUE,FALSE),$J8*M$2,0)} -> 0 | N8: {=IF(_xlfn.SWITCH(TRUE,COLUMN()-COLUMN($J$5)-$G8<0,FALSE,MOD(COLUMN()-COLUMN($J$5)-$G8,$I8)=0,TRUE,FALSE),$J8*N$2,0)} -> 0 | O8: {=IF(_xlfn.SWITCH(TRUE,COLUMN()-COLUMN($J$5)-$G8<0,FALSE,MOD(COLUMN()-COLUMN($J$5)-$G8,$I8)=0,TRUE,FALSE),$J8*O$2,0)} -> 0 | P8: {=IF(_xlfn.SWITCH(TRUE,COLUMN()-COLUMN($J$5)-$G8<0,FALSE,MOD(COLUMN()-COLUMN($J$5)-$G8,$I8)=0,TRUE,FALSE),$J8*P$2,0)} -> 0 | Q8: {=IF(_xlfn.SWITCH(TRUE,COLUMN()-COLUMN($J$5)-$G8<0,FALSE,MOD(COLUMN()-COLUMN($J$5)-$G8,$I8)=0,TRUE,FALSE),$J8*Q$2,0)} -> 0 | R8: {=IF(_xlfn.SWITCH(TRUE,COLUMN()-COLUMN($J$5)-$G8<0,FALSE,MOD(COLUMN()-COLUMN($J$5)-$G8,$I8)=0,TRUE,FALSE),$J8*R$2,0)} -> 0 | ... AD8: {=IF(_xlfn.SWITCH(TRUE,COLUMN()-COLUMN($J$5)-$G8<0,FALSE,MOD(COLUMN()-COLUMN($J$5)-$G8,$I8)=0,TRUE,FALSE),$J8*AD$2,0)} -> 0 | AE8: =SUM(K8:AD8) -> 105381.53
A9: Architecture & Interiors | B9: Visiting Press | C9: Service Level | D9: Refresh | E9: Interior Finishes, ceiling, paint, flooring | F9: Medium | G9: =H9-2024 -> 5 | H9: 2029 | I9: 15 | J9: =Costs!P7 -> 40500 | K9: {=IF(_xlfn.SWITCH(TRUE,COLUMN()-COLUMN($J$5)-$G9<0,FALSE,MOD(COLUMN()-COLUMN($J$5)-$G9,$I9)=0,TRUE,FALSE),$J9*K$2,0)} -> 0 | L9: {=IF(_xlfn.SWITCH(TRUE,COLUMN()-COLUMN($J$5)-$G9<0,FALSE,MOD(COLUMN()-COLUMN($J$5)-$G9,$I9)=0,TRUE,FALSE),$J9*L$2,0)} -> 0 | M9: {=IF(_xlfn.SWITCH(TRUE,COLUMN()-COLUMN($J$5)-$G9<0,FALSE,MOD(COLUMN()-COLUMN($J$5)-$G9,$I9)=0,TRUE,FALSE),$J9*M$2,0)} -> 0 | N9: {=IF(_xlfn.SWITCH(TRUE,COLUMN()-COLUMN($J$5)-$G9<0,FALSE,MOD(COLUMN()-COLUMN($J$5)-$G9,$I9)=0,TRUE,FALSE),$J9*N$2,0)} -> 0 | O9: {=IF(_xlfn.SWITCH(TRUE,COLUMN()-COLUMN($J$5)-$G9<0,FALSE,MOD(COLUMN()-COLUMN($J$5)-$G9,$I9)=0,TRUE,FALSE),$J9*O$2,0)} -> 47178.516 | P9: {=IF(_xlfn.SWITCH(TRUE,COLUMN()-COLUMN($J$5)-$G9<0,FALSE,MOD(COLUMN()-COLUMN($J$5)-$G9,$I9)=0,TRUE,FALSE),$J9*P$2,0)} -> 0 | Q9: {=IF(_xlfn.SWITCH(TRUE,COLUMN()-COLUMN($J$5)-$G9<0,FALSE,MOD(COLUMN()-COLUMN($J$5)-$G9,$I9)=0,TRUE,FALSE),$J9*Q$2,0)} -> 0 | R9: {=IF(_xlfn.SWITCH(TRUE,COLUMN()-COLUMN($J$5)-$G9<0,FALSE,MOD(COLUMN()-COLUMN($J$5)-$G9,$I9)=0,TRUE,FALSE),$J9*R$2,0)} -> 0 | ... AD9: {=IF(_xlfn.SWITCH(TRUE,COLUMN()-COLUMN($J$5)-$G9<0,FALSE,MOD(COLUMN()-COLUMN($J$5)-$G9,$I9)=0,TRUE,FALSE),$J9*AD$2,0)} -> 73502.59 | AE9: =SUM(K9:AD9) -> 120681.11
A10: Architecture & Interiors | B10: Trail Blazer's Family Room | C10: Service Level | D10: Reconfiguration/ Renovation | E10: Interior Renovation | F10: Medium | G10: =H10-2024 -> 5 | H10: 2029 | I10: 20 | J10: =Costs!P8 -> 358425 | K10: {=IF(_xlfn.SWITCH(TRUE,COLUMN()-COLUMN($J$5)-$G10<0,FALSE,MOD(COLUMN()-COLUMN($J$5)-$G10,$I10)=0,TRUE,FALSE),$J10*K$2,0)} -> 0 | L10: {=IF(_xlfn.SWITCH(TRUE,COLUMN()-COLUMN($J$5)-$G10<0,FALSE,MOD(COLUMN()-COLUMN($J$5)-$G10,$I10)=0,TRUE,FALSE),$J10*L$2,0)} -> 0 | M10: {=IF(_xlfn.SWITCH(TRUE,COLUMN()-COLUMN($J$5)-$G10<0,FALSE,MOD(COLUMN()-COLUMN($J$5)-$G10,$I10)=0,TRUE,FALSE),$J10*M$2,0)} -> 0 | N10: {=IF(_xlfn.SWITCH(TRUE,COLUMN()-COLUMN($J$5)-$G10<0,FALSE,MOD(COLUMN()-COLUMN($J$5)-$G10,$I10)=0,TRUE,FALSE),$J10*N$2,0)} -> 0 | O10: {=IF(_xlfn.SWITCH(TRUE,COLUMN()-COLUMN($J$5)-$G10<0,FALSE,MOD(COLUMN()-COLUMN($J$5)-$G10,$I10)=0,TRUE,FALSE),$J10*O$2,0)} -> 417529.86 | P10: {=IF(_xlfn.SWITCH(TRUE,COLUMN()-COLUMN($J$5)-$G10<0,FALSE,MOD(COLUMN()-COLUMN($J$5)-$G10,$I10)=0,TRUE,FALSE),$J10*P$2,0)} -> 0 | Q10: {=IF(_xlfn.SWITCH(TRUE,COLUMN()-COLUMN($J$5)-$G10<0,FALSE,MOD(COLUMN()-COLUMN($J$5)-$G10,$I10)=0,TRUE,FALSE),$J10*Q$2,0)} -> 0 | R10: {=IF(_xlfn.SWITCH(TRUE,COLUMN()-COLUMN($J$5)-$G10<0,FALSE,MOD(COLUMN()-COLUMN($J$5)-$G10,$I10)=0,TRUE,FALSE),$J10*R$2,0)} -> 0 | ... AD10: {=IF(_xlfn.SWITCH(TRUE,COLUMN()-COLUMN($J$5)-$G10<0,FALSE,MOD(COLUMN()-COLUMN($J$5)-$G10,$I10)=0,TRUE,FALSE),$J10*AD$2,0)} -> 0 | AE10: =SUM(K10:AD10) -> 417529.86
A11: Architecture & Interiors | B11: Trail Blazer's Locker Room & Team Areas | C11: Service Level | D11: Reconfiguration/ Renovation | E11: Interior Renovation | F11: Medium | G11: =H11-2024 -> 5 | H11: 2029 | I11: 15 | J11: =Costs!P9 -> 5292540 | K11: {=IF(_xlfn.SWITCH(TRUE,COLUMN()-COLUMN($J$5)-$G11<0,FALSE,MOD(COLUMN()-COLUMN($J$5)-$G11,$I11)=0,TRUE,FALSE),$J11*K$2,0)} -> 0 | L11: {=IF(_xlfn.SWITCH(TRUE,COLUMN()-COLUMN($J$5)-$G11<0,FALSE,MOD(COLUMN()-COLUMN($J$5)-$G11,$I11)=0,TRUE,FALSE),$J11*L$2,0)} -> 0 | M11: {=IF(_xlfn.SWITCH(TRUE,COLUMN()-COLUMN($J$5)-$G11<0,FALSE,MOD(COLUMN()-COLUMN($J$5)-$G11,$I11)=0,TRUE,FALSE),$J11*M$2,0)} -> 0 | N11: {=IF(_xlfn.SWITCH(TRUE,COLUMN()-COLUMN($J$5)-$G11<0,FALSE,MOD(COLUMN()-COLUMN($J$5)-$G11,$I11)=0,TRUE,FALSE),$J11*N$2,0)} -> 0 | O11: {=IF(_xlfn.SWITCH(TRUE,COLUMN()-COLUMN($J$5)-$G11<0,FALSE,MOD(COLUMN()-COLUMN($J$5)-$G11,$I11)=0,TRUE,FALSE),$J11*O$2,0)} -> 6165288.4 | P11: {=IF(_xlfn.SWITCH(TRUE,COLUMN()-COLUMN($J$5)-$G11<0,FALSE,MOD(COLUMN()-COLUMN($J$5)-$G11,$I11)=0,TRUE,FALSE),$J11*P$2,0)} -> 0 | Q11: {=IF(_xlfn.SWITCH(TRUE,COLUMN()-COLUMN($J$5)-$G11<0,FALSE,MOD(COLUMN()-COLUMN($J$5)-$G11,$I11)=0,TRUE,FALSE),$J11*Q$2,0)} -> 0 | R11: {=IF(_xlfn.SWITCH(TRUE,COLUMN()-COLUMN($J$5)-$G11<0,FALSE,MOD(COLUMN()-COLUMN($J$5)-$G11,$I11)=0,TRUE,FALSE),$J11*R$2,0)} -> 0 | ... AD11: {=IF(_xlfn.SWITCH(TRUE,COLUMN()-COLUMN($J$5)-$G11<0,FALSE,MOD(COLUMN()-COLUMN($J$5)-$G11,$I11)=0,TRUE,FALSE),$J11*AD$2,0)} -> 9605318.5 | AE11: =SUM(K11:AD11) -> 15770607
A12: Architecture & Interiors | B12: Restrooms & Family Area Restrooms | C12: Service Level | D12: Refresh | E12: Restroom finishes, fixtures, and accessories upgrades | F12: High | G12: =H12-2024 -> 2 | H12: 2026 | I12: 15 | J12: =Costs!P10 -> 866025 | K12: {=IF(_xlfn.SWITCH(TRUE,COLUMN()-COLUMN($J$5)-$G12<0,FALSE,MOD(COLUMN()-COLUMN($J$5)-$G12,$I12)=0,TRUE,FALSE),$J12*K$2,0)} -> 0 | L12: {=IF(_xlfn.SWITCH(TRUE,COLUMN()-COLUMN($J$5)-$G12<0,FALSE,MOD(COLUMN()-COLUMN($J$5)-$G12,$I12)=0,TRUE,FALSE),$J12*L$2,0)} -> 923225.95 | M12: {=IF(_xlfn.SWITCH(TRUE,COLUMN()-COLUMN($J$5)-$G12<0,FALSE,MOD(COLUMN()-COLUMN($J$5)-$G12,$I12)=0,TRUE,FALSE),$J12*M$2,0)} -> 0 | N12: {=IF(_xlfn.SWITCH(TRUE,COLUMN()-COLUMN($J$5)-$G12<0,FALSE,MOD(COLUMN()-COLUMN($J$5)-$G12,$I12)=0,TRUE,FALSE),$J12*N$2,0)} -> 0 | O12: {=IF(_xlfn.SWITCH(TRUE,COLUMN()-COLUMN($J$5)-$G12<0,FALSE,MOD(COLUMN()-COLUMN($J$5)-$G12,$I12)=0,TRUE,FALSE),$J12*O$2,0)} -> 0 | P12: {=IF(_xlfn.SWITCH(TRUE,COLUMN()-COLUMN($J$5)-$G12<0,FALSE,MOD(COLUMN()-COLUMN($J$5)-$G12,$I12)=0,TRUE,FALSE),$J12*P$2,0)} -> 0 | Q12: {=IF(_xlfn.SWITCH(TRUE,COLUMN()-COLUMN($J$5)-$G12<0,FALSE,MOD(COLUMN()-COLUMN($J$5)-$G12,$I12)=0,TRUE,FALSE),$J12*Q$2,0)} -> 0 | R12: {=IF(_xlfn.SWITCH(TRUE,COLUMN()-COLUMN($J$5)-$G12<0,FALSE,MOD(COLUMN()-COLUMN($J$5)-$G12,$I12)=0,TRUE,FALSE),$J12*R$2,0)} -> 0 | ... AD12: {=IF(_xlfn.SWITCH(TRUE,COLUMN()-COLUMN($J$5)-$G12<0,FALSE,MOD(COLUMN()-COLUMN($J$5)-$G12,$I12)=0,TRUE,FALSE),$J12*AD$2,0)} -> 0 | AE12: =SUM(K12:AD12) -> 2361581.9
A13: Architecture & Interiors | B13: Star Rooms | C13: Service Level | D13: Refresh | E13: Interior Finishes, paint & flooring | F13: High | G13: =H13-2024 -> 2 | H13: 2026 | I13: 10 | J13: =Costs!P11 -> 272538 | K13: {=IF(_xlfn.SWITCH(TRUE,COLUMN()-COLUMN($J$5)-$G13<0,FALSE,MOD(COLUMN()-COLUMN($J$5)-$G13,$I13)=0,TRUE,FALSE),$J13*K$2,0)} -> 0 | L13: {=IF(_xlfn.SWITCH(TRUE,COLUMN()-COLUMN($J$5)-$G13<0,FALSE,MOD(COLUMN()-COLUMN($J$5)-$G13,$I13)=0,TRUE,FALSE),$J13*L$2,0)} -> 290539.13 | M13: {=IF(_xlfn.SWITCH(TRUE,COLUMN()-COLUMN($J$5)-$G13<0,FALSE,MOD(COLUMN()-COLUMN($J$5)-$G13,$I13)=0,TRUE,FALSE),$J13*M$2,0)} -> 0 | N13: {=IF(_xlfn.SWITCH(TRUE,COLUMN()-COLUMN($J$5)-$G13<0,FALSE,MOD(COLUMN()-COLUMN($J$5)-$G13,$I13)=0,TRUE,FALSE),$J13*N$2,0)} -> 0 | O13: {=IF(_xlfn.SWITCH(TRUE,COLUMN()-COLUMN($J$5)-$G13<0,FALSE,MOD(COLUMN()-COLUMN($J$5)-$G13,$I13)=0,TRUE,FALSE),$J13*O$2,0)} -> 0 | P13: {=IF(_xlfn.SWITCH(TRUE,COLUMN()-COLUMN($J$5)-$G13<0,FALSE,MOD(COLUMN()-COLUMN($J$5)-$G13,$I13)=0,TRUE,FALSE),$J13*P$2,0)} -> 0 | Q13: {=IF(_xlfn.SWITCH(TRUE,COLUMN()-COLUMN($J$5)-$G13<0,FALSE,MOD(COLUMN()-COLUMN($J$5)-$G13,$I13)=0,TRUE,FALSE),$J13*Q$2,0)} -> 0 | R13: {=IF(_xlfn.SWITCH(TRUE,COLUMN()-COLUMN($J$5)-$G13<0,FALSE,MOD(COLUMN()-COLUMN($J$5)-$G13,$I13)=0,TRUE,FALSE),$J13*R$2,0)} -> 0 | ... AD13: {=IF(_xlfn.SWITCH(TRUE,COLUMN()-COLUMN($J$5)-$G13<0,FALSE,MOD(COLUMN()-COLUMN($J$5)-$G13,$I13)=0,TRUE,FALSE),$J13*AD$2,0)} -> 0 | AE13: =SUM(K13:AD13) -> 680999.44
A14: Architecture & Interiors | B14: Star Rooms - Room F | C14: Service Level | D14: Refresh | E14: Interior Finishes and fixtures, ceiling, paint, flooring, Lighting | F14: High | G14: =H14-2024 -> 2 | H14: 2026 | I14: 10 | J14: =Costs!P12 -> 44415 | K14: {=IF(_xlfn.SWITCH(TRUE,COLUMN()-COLUMN($J$5)-$G14<0,FALSE,MOD(COLUMN()-COLUMN($J$5)-$G14,$I14)=0,TRUE,FALSE),$J14*K$2,0)} -> 0 | L14: {=IF(_xlfn.SWITCH(TRUE,COLUMN()-COLUMN($J$5)-$G14<0,FALSE,MOD(COLUMN()-COLUMN($J$5)-$G14,$I14)=0,TRUE,FALSE),$J14*L$2,0)} -> 47348.611 | M14: {=IF(_xlfn.SWITCH(TRUE,COLUMN()-COLUMN($J$5)-$G14<0,FALSE,MOD(COLUMN()-COLUMN($J$5)-$G14,$I14)=0,TRUE,FALSE),$J14*M$2,0)} -> 0 | N14: {=IF(_xlfn.SWITCH(TRUE,COLUMN()-COLUMN($J$5)-$G14<0,FALSE,MOD(COLUMN()-COLUMN($J$5)-$G14,$I14)=0,TRUE,FALSE),$J14*N$2,0)} -> 0 | O14: {=IF(_xlfn.SWITCH(TRUE,COLUMN()-COLUMN($J$5)-$G14<0,FALSE,MOD(COLUMN()-COLUMN($J$5)-$G14,$I14)=0,TRUE,FALSE),$J14*O$2,0)} -> 0 | P14: {=IF(_xlfn.SWITCH(TRUE,COLUMN()-COLUMN($J$5)-$G14<0,FALSE,MOD(COLUMN()-COLUMN($J$5)-$G14,$I14)=0,TRUE,FALSE),$J14*P$2,0)} -> 0 | Q14: {=IF(_xlfn.SWITCH(TRUE,COLUMN()-COLUMN($J$5)-$G14<0,FALSE,MOD(COLUMN()-COLUMN($J$5)-$G14,$I14)=0,TRUE,FALSE),$J14*Q$2,0)} -> 0 | R14: {=IF(_xlfn.SWITCH(TRUE,COLUMN()-COLUMN($J$5)-$G14<0,FALSE,MOD(COLUMN()-COLUMN($J$5)-$G14,$I14)=0,TRUE,FALSE),$J14*R$2,0)} -> 0 | ... AD14: {=IF(_xlfn.SWITCH(TRUE,COLUMN()-COLUMN($J$5)-$G14<0,FALSE,MOD(COLUMN()-COLUMN($J$5)-$G14,$I14)=0,TRUE,FALSE),$J14*AD$2,0)} -> 0 | AE14: =SUM(K14:AD14) -> 110981.18
A15: Architecture & Interiors | B15: Service Tunnel | C15: Service Level | D15: Repairs/ Refresh | E15: Patch, repair, and paint masonry walls | F15: Medium | G15: =H15-2024 -> 5 | H15: 2029 | I15: 5 | J15: =Costs!P13 -> 67500 | K15: {=IF(_xlfn.SWITCH(TRUE,COLUMN()-COLUMN($J$5)-$G15<0,FALSE,MOD(COLUMN()-COLUMN($J$5)-$G15,$I15)=0,TRUE,FALSE),$J15*K$2,0)} -> 0 | L15: {=IF(_xlfn.SWITCH(TRUE,COLUMN()-COLUMN($J$5)-$G15<0,FALSE,MOD(COLUMN()-COLUMN($J$5)-$G15,$I15)=0,TRUE,FALSE),$J15*L$2,0)} -> 0 | M15: {=IF(_xlfn.SWITCH(TRUE,COLUMN()-COLUMN($J$5)-$G15<0,FALSE,MOD(COLUMN()-COLUMN($J$5)-$G15,$I15)=0,TRUE,FALSE),$J15*M$2,0)} -> 0 | N15: {=IF(_xlfn.SWITCH(TRUE,COLUMN()-COLUMN($J$5)-$G15<0,FALSE,MOD(COLUMN()-COLUMN($J$5)-$G15,$I15)=0,TRUE,FALSE),$J15*N$2,0)} -> 0 | O15: {=IF(_xlfn.SWITCH(TRUE,COLUMN()-COLUMN($J$5)-$G15<0,FALSE,MOD(COLUMN()-COLUMN($J$5)-$G15,$I15)=0,TRUE,FALSE),$J15*O$2,0)} -> 78630.859 | P15: {=IF(_xlfn.SWITCH(TRUE,COLUMN()-COLUMN($J$5)-$G15<0,FALSE,MOD(COLUMN()-COLUMN($J$5)-$G15,$I15)=0,TRUE,FALSE),$J15*P$2,0)} -> 0 | Q15: {=IF(_xlfn.SWITCH(TRUE,COLUMN()-COLUMN($J$5)-$G15<0,FALSE,MOD(COLUMN()-COLUMN($J$5)-$G15,$I15)=0,TRUE,FALSE),$J15*Q$2,0)} -> 0 | R15: {=IF(_xlfn.SWITCH(TRUE,COLUMN()-COLUMN($J$5)-$G15<0,FALSE,MOD(COLUMN()-COLUMN($J$5)-$G15,$I15)=0,TRUE,FALSE),$J15*R$2,0)} -> 0 | ... AD15: {=IF(_xlfn.SWITCH(TRUE,COLUMN()-COLUMN($J$5)-$G15<0,FALSE,MOD(COLUMN()-COLUMN($J$5)-$G15,$I15)=0,TRUE,FALSE),$J15*AD$2,0)} -> 122504.32 | AE15: =SUM(K15:AD15) -> 397963.19
A16: Architecture & Interiors | B16: Courtside Club | C16: Service Level | D16: Refresh | E16: Amenity space Interior finish renovation | F16: Medium | G16: =H16-2024 -> 5 | H16: 2029 | I16: 10 | J16: =Costs!P14 -> 6959587.5 | K16: {=IF(_xlfn.SWITCH(TRUE,COLUMN()-COLUMN($J$5)-$G16<0,FALSE,MOD(COLUMN()-COLUMN($J$5)-$G16,$I16)=0,TRUE,FALSE),$J16*K$2,0)} -> 0 | L16: {=IF(_xlfn.SWITCH(TRUE,COLUMN()-COLUMN($J$5)-$G16<0,FALSE,MOD(COLUMN()-COLUMN($J$5)-$G16,$I16)=0,TRUE,FALSE),$J16*L$2,0)} -> 0 | M16: {=IF(_xlfn.SWITCH(TRUE,COLUMN()-COLUMN($J$5)-$G16<0,FALSE,MOD(COLUMN()-COLUMN($J$5)-$G16,$I16)=0,TRUE,FALSE),$J16*M$2,0)} -> 0 | N16: {=IF(_xlfn.SWITCH(TRUE,COLUMN()-COLUMN($J$5)-$G16<0,FALSE,MOD(COLUMN()-COLUMN($J$5)-$G16,$I16)=0,TRUE,FALSE),$J16*N$2,0)} -> 0 | O16: {=IF(_xlfn.SWITCH(TRUE,COLUMN()-COLUMN($J$5)-$G16<0,FALSE,MOD(COLUMN()-COLUMN($J$5)-$G16,$I16)=0,TRUE,FALSE),$J16*O$2,0)} -> 8107234.7 | P16: {=IF(_xlfn.SWITCH(TRUE,COLUMN()-COLUMN($J$5)-$G16<0,FALSE,MOD(COLUMN()-COLUMN($J$5)-$G16,$I16)=0,TRUE,FALSE),$J16*P$2,0)} -> 0 | Q16: {=IF(_xlfn.SWITCH(TRUE,COLUMN()-COLUMN($J$5)-$G16<0,FALSE,MOD(COLUMN()-COLUMN($J$5)-$G16,$I16)=0,TRUE,FALSE),$J16*Q$2,0)} -> 0 | R16: {=IF(_xlfn.SWITCH(TRUE,COLUMN()-COLUMN($J$5)-$G16<0,FALSE,MOD(COLUMN()-COLUMN($J$5)-$G16,$I16)=0,TRUE,FALSE),$J16*R$2,0)} -> 0 | ... AD16: {=IF(_xlfn.SWITCH(TRUE,COLUMN()-COLUMN($J$5)-$G16<0,FALSE,MOD(COLUMN()-COLUMN($J$5)-$G16,$I16)=0,TRUE,FALSE),$J16*AD$2,0)} -> 0 | AE16: =SUM(K16:AD16) -> 19002680
A17: Architecture & Interiors | B17: Doors and Hardware | C17: Service Level | D17: Replacement | E17: Doors and Hardware | F17: Medium | G17: =H17-2024 -> 5 | H17: 2029 | I17: 15 | J17: =Costs!P15 -> 1215000 | K17: {=IF(_xlfn.SWITCH(TRUE,COLUMN()-COLUMN($J$5)-$G17<0,FALSE,MOD(COLUMN()-COLUMN($J$5)-$G17,$I17)=0,TRUE,FALSE),$J17*K$2,0)} -> 0 | L17: {=IF(_xlfn.SWITCH(TRUE,COLUMN()-COLUMN($J$5)-$G17<0,FALSE,MOD(COLUMN()-COLUMN($J$5)-$G17,$I17)=0,TRUE,FALSE),$J17*L$2,0)} -> 0 | M17: {=IF(_xlfn.SWITCH(TRUE,COLUMN()-COLUMN($J$5)-$G17<0,FALSE,MOD(COLUMN()-COLUMN($J$5)-$G17,$I17)=0,TRUE,FALSE),$J17*M$2,0)} -> 0 | N17: {=IF(_xlfn.SWITCH(TRUE,COLUMN()-COLUMN($J$5)-$G17<0,FALSE,MOD(COLUMN()-COLUMN($J$5)-$G17,$I17)=0,TRUE,FALSE),$J17*N$2,0)} -> 0 | O17: {=IF(_xlfn.SWITCH(TRUE,COLUMN()-COLUMN($J$5)-$G17<0,FALSE,MOD(COLUMN()-COLUMN($J$5)-$G17,$I17)=0,TRUE,FALSE),$J17*O$2,0)} -> 1415355.5 | P17: {=IF(_xlfn.SWITCH(TRUE,COLUMN()-COLUMN($J$5)-$G17<0,FALSE,MOD(COLUMN()-COLUMN($J$5)-$G17,$I17)=0,TRUE,FALSE),$J17*P$2,0)} -> 0 | Q17: {=IF(_xlfn.SWITCH(TRUE,COLUMN()-COLUMN($J$5)-$G17<0,FALSE,MOD(COLUMN()-COLUMN($J$5)-$G17,$I17)=0,TRUE,FALSE),$J17*Q$2,0)} -> 0 | R17: {=IF(_xlfn.SWITCH(TRUE,COLUMN()-COLUMN($J$5)-$G17<0,FALSE,MOD(COLUMN()-COLUMN($J$5)-$G17,$I17)=0,TRUE,FALSE),$J17*R$2,0)} -> 0 | ... AD17: {=IF(_xlfn.SWITCH(TRUE,COLUMN()-COLUMN($J$5)-$G17<0,FALSE,MOD(COLUMN()-COLUMN($J$5)-$G17,$I17)=0,TRUE,FALSE),$J17*AD$2,0)} -> 2205077.7 | AE17: =SUM(K17:AD17) -> 3620433.2
... A104: Architecture & Interiors | B104: Wayfinding | C104: Garage | D104: Refresh | E104: Replacement and improvements of wayfinding/ environmental graphics | F104: High | G104: =H104-2024 -> 2 | H104: 2026 | I104: 15 | J104: =Costs!P102 -> 270000 | K104: {=IF(_xlfn.SWITCH(TRUE,COLUMN()-COLUMN($J$5)-$G104<0,FALSE,MOD(COLUMN()-COLUMN($J$5)-$G104,$I104)=0,TRUE,FALSE),$J104*K$2,0)} -> 0 | L104: {=IF(_xlfn.SWITCH(TRUE,COLUMN()-COLUMN($J$5)-$G104<0,FALSE,MOD(COLUMN()-COLUMN($J$5)-$G104,$I104)=0,TRUE,FALSE),$J104*L$2,0)} -> 287833.5 | M104: {=IF(_xlfn.SWITCH(TRUE,COLUMN()-COLUMN($J$5)-$G104<0,FALSE,MOD(COLUMN()-COLUMN($J$5)-$G104,$I104)=0,TRUE,FALSE),$J104*M$2,0)} -> 0 | N104: {=IF(_xlfn.SWITCH(TRUE,COLUMN()-COLUMN($J$5)-$G104<0,FALSE,MOD(COLUMN()-COLUMN($J$5)-$G104,$I104)=0,TRUE,FALSE),$J104*N$2,0)} -> 0 | O104: {=IF(_xlfn.SWITCH(TRUE,COLUMN()-COLUMN($J$5)-$G104<0,FALSE,MOD(COLUMN()-COLUMN($J$5)-$G104,$I104)=0,TRUE,FALSE),$J104*O$2,0)} -> 0 | P104: {=IF(_xlfn.SWITCH(TRUE,COLUMN()-COLUMN($J$5)-$G104<0,FALSE,MOD(COLUMN()-COLUMN($J$5)-$G104,$I104)=0,TRUE,FALSE),$J104*P$2,0)} -> 0 | Q104: {=IF(_xlfn.SWITCH(TRUE,COLUMN()-COLUMN($J$5)-$G104<0,FALSE,MOD(COLUMN()-COLUMN($J$5)-$G104,$I104)=0,TRUE,FALSE),$J104*Q$2,0)} -> 0 | R104: {=IF(_xlfn.SWITCH(TRUE,COLUMN()-COLUMN($J$5)-$G104<0,FALSE,MOD(COLUMN()-COLUMN($J$5)-$G104,$I104)=0,TRUE,FALSE),$J104*R$2,0)} -> 0 | ... AD104: {=IF(_xlfn.SWITCH(TRUE,COLUMN()-COLUMN($J$5)-$G104<0,FALSE,MOD(COLUMN()-COLUMN($J$5)-$G104,$I104)=0,TRUE,FALSE),$J104*AD$2,0)} -> 0 | AE104: =SUM(K104:AD104) -> 736268.71
A105: Architecture & Interiors | G105: =H105-2024 -> -2024 | I105: 10 | J105: 0 | K105: {=IF(_xlfn.SWITCH(TRUE,COLUMN()-COLUMN($J$5)-$G105<0,FALSE,MOD(COLUMN()-COLUMN($J$5)-$G105,$I105)=0,TRUE,FALSE),$J105*K$2,0)} -> 0 | L105: {=IF(_xlfn.SWITCH(TRUE,COLUMN()-COLUMN($J$5)-$G105<0,FALSE,MOD(COLUMN()-COLUMN($J$5)-$G105,$I105)=0,TRUE,FALSE),$J105*L$2,0)} -> 0 | M105: {=IF(_xlfn.SWITCH(TRUE,COLUMN()-COLUMN($J$5)-$G105<0,FALSE,MOD(COLUMN()-COLUMN($J$5)-$G105,$I105)=0,TRUE,FALSE),$J105*M$2,0)} -> 0 | N105: {=IF(_xlfn.SWITCH(TRUE,COLUMN()-COLUMN($J$5)-$G105<0,FALSE,MOD(COLUMN()-COLUMN($J$5)-$G105,$I105)=0,TRUE,FALSE),$J105*N$2,0)} -> 0 | O105: {=IF(_xlfn.SWITCH(TRUE,COLUMN()-COLUMN($J$5)-$G105<0,FALSE,MOD(COLUMN()-COLUMN($J$5)-$G105,$I105)=0,TRUE,FALSE),$J105*O$2,0)} -> 0 | P105: {=IF(_xlfn.SWITCH(TRUE,COLUMN()-COLUMN($J$5)-$G105<0,FALSE,MOD(COLUMN()-COLUMN($J$5)-$G105,$I105)=0,TRUE,FALSE),$J105*P$2,0)} -> 0 | Q105: {=IF(_xlfn.SWITCH(TRUE,COLUMN()-COLUMN($J$5)-$G105<0,FALSE,MOD(COLUMN()-COLUMN($J$5)-$G105,$I105)=0,TRUE,FALSE),$J105*Q$2,0)} -> 0 | R105: {=IF(_xlfn.SWITCH(TRUE,COLUMN()-COLUMN($J$5)-$G105<0,FALSE,MOD(COLUMN()-COLUMN($J$5)-$G105,$I105)=0,TRUE,FALSE),$J105*R$2,0)} -> 0 | ... AD105: {=IF(_xlfn.SWITCH(TRUE,COLUMN()-COLUMN($J$5)-$G105<0,FALSE,MOD(COLUMN()-COLUMN($J$5)-$G105,$I105)=0,TRUE,FALSE),$J105*AD$2,0)} -> 0 | AE105: =SUM(K105:AD105) -> 0
A106: Architecture & Interiors | G106: =H106-2024 -> -2024 | I106: 10 | J106: 0 | K106: {=IF(_xlfn.SWITCH(TRUE,COLUMN()-COLUMN($J$5)-$G106<0,FALSE,MOD(COLUMN()-COLUMN($J$5)-$G106,$I106)=0,TRUE,FALSE),$J106*K$2,0)} -> 0 | L106: {=IF(_xlfn.SWITCH(TRUE,COLUMN()-COLUMN($J$5)-$G106<0,FALSE,MOD(COLUMN()-COLUMN($J$5)-$G106,$I106)=0,TRUE,FALSE),$J106*L$2,0)} -> 0 | M106: {=IF(_xlfn.SWITCH(TRUE,COLUMN()-COLUMN($J$5)-$G106<0,FALSE,MOD(COLUMN()-COLUMN($J$5)-$G106,$I106)=0,TRUE,FALSE),$J106*M$2,0)} -> 0 | N106: {=IF(_xlfn.SWITCH(TRUE,COLUMN()-COLUMN($J$5)-$G106<0,FALSE,MOD(COLUMN()-COLUMN($J$5)-$G106,$I106)=0,TRUE,FALSE),$J106*N$2,0)} -> 0 | O106: {=IF(_xlfn.SWITCH(TRUE,COLUMN()-COLUMN($J$5)-$G106<0,FALSE,MOD(COLUMN()-COLUMN($J$5)-$G106,$I106)=0,TRUE,FALSE),$J106*O$2,0)} -> 0 | P106: {=IF(_xlfn.SWITCH(TRUE,COLUMN()-COLUMN($J$5)-$G106<0,FALSE,MOD(COLUMN()-COLUMN($J$5)-$G106,$I106)=0,TRUE,FALSE),$J106*P$2,0)} -> 0 | Q106: {=IF(_xlfn.SWITCH(TRUE,COLUMN()-COLUMN($J$5)-$G106<0,FALSE,MOD(COLUMN()-COLUMN($J$5)-$G106,$I106)=0,TRUE,FALSE),$J106*Q$2,0)} -> 0 | R106: {=IF(_xlfn.SWITCH(TRUE,COLUMN()-COLUMN($J$5)-$G106<0,FALSE,MOD(COLUMN()-COLUMN($J$5)-$G106,$I106)=0,TRUE,FALSE),$J106*R$2,0)} -> 0 | ... AD106: {=IF(_xlfn.SWITCH(TRUE,COLUMN()-COLUMN($J$5)-$G106<0,FALSE,MOD(COLUMN()-COLUMN($J$5)-$G106,$I106)=0,TRUE,FALSE),$J106*AD$2,0)} -> 0 | AE106: =SUM(K106:AD106) -> 0
A107: Architecture & Interiors | G107: =H107-2024 -> -2024 | I107: 10 | J107: 0 | K107: {=IF(_xlfn.SWITCH(TRUE,COLUMN()-COLUMN($J$5)-$G107<0,FALSE,MOD(COLUMN()-COLUMN($J$5)-$G107,$I107)=0,TRUE,FALSE),$J107*K$2,0)} -> 0 | L107: {=IF(_xlfn.SWITCH(TRUE,COLUMN()-COLUMN($J$5)-$G107<0,FALSE,MOD(COLUMN()-COLUMN($J$5)-$G107,$I107)=0,TRUE,FALSE),$J107*L$2,0)} -> 0 | M107: {=IF(_xlfn.SWITCH(TRUE,COLUMN()-COLUMN($J$5)-$G107<0,FALSE,MOD(COLUMN()-COLUMN($J$5)-$G107,$I107)=0,TRUE,FALSE),$J107*M$2,0)} -> 0 | N107: {=IF(_xlfn.SWITCH(TRUE,COLUMN()-COLUMN($J$5)-$G107<0,FALSE,MOD(COLUMN()-COLUMN($J$5)-$G107,$I107)=0,TRUE,FALSE),$J107*N$2,0)} -> 0 | O107: {=IF(_xlfn.SWITCH(TRUE,COLUMN()-COLUMN($J$5)-$G107<0,FALSE,MOD(COLUMN()-COLUMN($J$5)-$G107,$I107)=0,TRUE,FALSE),$J107*O$2,0)} -> 0 | P107: {=IF(_xlfn.SWITCH(TRUE,COLUMN()-COLUMN($J$5)-$G107<0,FALSE,MOD(COLUMN()-COLUMN($J$5)-$G107,$I107)=0,TRUE,FALSE),$J107*P$2,0)} -> 0 | Q107: {=IF(_xlfn.SWITCH(TRUE,COLUMN()-COLUMN($J$5)-$G107<0,FALSE,MOD(COLUMN()-COLUMN($J$5)-$G107,$I107)=0,TRUE,FALSE),$J107*Q$2,0)} -> 0 | R107: {=IF(_xlfn.SWITCH(TRUE,COLUMN()-COLUMN($J$5)-$G107<0,FALSE,MOD(COLUMN()-COLUMN($J$5)-$G107,$I107)=0,TRUE,FALSE),$J107*R$2,0)} -> 0 | ... AD107: {=IF(_xlfn.SWITCH(TRUE,COLUMN()-COLUMN($J$5)-$G107<0,FALSE,MOD(COLUMN()-COLUMN($J$5)-$G107,$I107)=0,TRUE,FALSE),$J107*AD$2,0)} -> 0 | AE107: =SUM(K107:AD107) -> 0
A108: Architecture & Interiors - Total | K108: =SUM(K6:K107) -> 0 | L108: =SUM(L6:L107) -> 17137494 | M108: =SUM(M6:M107) -> 0 | N108: =SUM(N6:N107) -> 1526812.8 | O108: =SUM(O6:O107) -> 1.1695833e+08 | P108: =SUM(P6:P107) -> 0 | Q108: =SUM(Q6:Q107) -> 191864.8 | R108: =SUM(R6:R107) -> 0 | ... AE108: =SUM(AE6:AE107) -> 2.9346621e+08
A109: MEP & Fire Protection | B109: 765-Ton McQuay Centrifugal Chiller | C109: Main Concourse | D109: Mechanical | E109: Chilled Water | F109: Medium | G109: =H109-2024 -> 5 | H109: 2029 | I109: 23 | J109: =Costs!P108 -> 1444500 | K109: {=IF(_xlfn.SWITCH(TRUE,COLUMN()-COLUMN($J$5)-$G109<0,FALSE,MOD(COLUMN()-COLUMN($J$5)-$G109,$I109)=0,TRUE,FALSE),$J109*K$2,0)} -> 0 | L109: {=IF(_xlfn.SWITCH(TRUE,COLUMN()-COLUMN($J$5)-$G109<0,FALSE,MOD(COLUMN()-COLUMN($J$5)-$G109,$I109)=0,TRUE,FALSE),$J109*L$2,0)} -> 0 | M109: {=IF(_xlfn.SWITCH(TRUE,COLUMN()-COLUMN($J$5)-$G109<0,FALSE,MOD(COLUMN()-COLUMN($J$5)-$G109,$I109)=0,TRUE,FALSE),$J109*M$2,0)} -> 0 | N109: {=IF(_xlfn.SWITCH(TRUE,COLUMN()-COLUMN($J$5)-$G109<0,FALSE,MOD(COLUMN()-COLUMN($J$5)-$G109,$I109)=0,TRUE,FALSE),$J109*N$2,0)} -> 0 | O109: {=IF(_xlfn.SWITCH(TRUE,COLUMN()-COLUMN($J$5)-$G109<0,FALSE,MOD(COLUMN()-COLUMN($J$5)-$G109,$I109)=0,TRUE,FALSE),$J109*O$2,0)} -> 1682700.4 | P109: {=IF(_xlfn.SWITCH(TRUE,COLUMN()-COLUMN($J$5)-$G109<0,FALSE,MOD(COLUMN()-COLUMN($J$5)-$G109,$I109)=0,TRUE,FALSE),$J109*P$2,0)} -> 0 | Q109: {=IF(_xlfn.SWITCH(TRUE,COLUMN()-COLUMN($J$5)-$G109<0,FALSE,MOD(COLUMN()-COLUMN($J$5)-$G109,$I109)=0,TRUE,FALSE),$J109*Q$2,0)} -> 0 | R109: {=IF(_xlfn.SWITCH(TRUE,COLUMN()-COLUMN($J$5)-$G109<0,FALSE,MOD(COLUMN()-COLUMN($J$5)-$G109,$I109)=0,TRUE,FALSE),$J109*R$2,0)} -> 0 | ... AD109: {=IF(_xlfn.SWITCH(TRUE,COLUMN()-COLUMN($J$5)-$G109<0,FALSE,MOD(COLUMN()-COLUMN($J$5)-$G109,$I109)=0,TRUE,FALSE),$J109*AD$2,0)} -> 0 | AE109: =SUM(K109:AD109) -> 1682700.4
A110: MEP & Fire Protection | B110: 380-Ton Daikin Centrifugal Chiller | C110: Main Concourse | D110: Mechanical | E110: Chilled Water | F110: Low | G110: =H110-2024 -> 14 | H110: 2038 | I110: 23 | J110: =Costs!P109 -> 303750 | K110: {=IF(_xlfn.SWITCH(TRUE,COLUMN()-COLUMN($J$5)-$G110<0,FALSE,MOD(COLUMN()-COLUMN($J$5)-$G110,$I110)=0,TRUE,FALSE),$J110*K$2,0)} -> 0 | L110: {=IF(_xlfn.SWITCH(TRUE,COLUMN()-COLUMN($J$5)-$G110<0,FALSE,MOD(COLUMN()-COLUMN($J$5)-$G110,$I110)=0,TRUE,FALSE),$J110*L$2,0)} -> 0 | M110: {=IF(_xlfn.SWITCH(TRUE,COLUMN()-COLUMN($J$5)-$G110<0,FALSE,MOD(COLUMN()-COLUMN($J$5)-$G110,$I110)=0,TRUE,FALSE),$J110*M$2,0)} -> 0 | N110: {=IF(_xlfn.SWITCH(TRUE,COLUMN()-COLUMN($J$5)-$G110<0,FALSE,MOD(COLUMN()-COLUMN($J$5)-$G110,$I110)=0,TRUE,FALSE),$J110*N$2,0)} -> 0 | O110: {=IF(_xlfn.SWITCH(TRUE,COLUMN()-COLUMN($J$5)-$G110<0,FALSE,MOD(COLUMN()-COLUMN($J$5)-$G110,$I110)=0,TRUE,FALSE),$J110*O$2,0)} -> 0 | P110: {=IF(_xlfn.SWITCH(TRUE,COLUMN()-COLUMN($J$5)-$G110<0,FALSE,MOD(COLUMN()-COLUMN($J$5)-$G110,$I110)=0,TRUE,FALSE),$J110*P$2,0)} -> 0 | Q110: {=IF(_xlfn.SWITCH(TRUE,COLUMN()-COLUMN($J$5)-$G110<0,FALSE,MOD(COLUMN()-COLUMN($J$5)-$G110,$I110)=0,TRUE,FALSE),$J110*Q$2,0)} -> 0 | R110: {=IF(_xlfn.SWITCH(TRUE,COLUMN()-COLUMN($J$5)-$G110<0,FALSE,MOD(COLUMN()-COLUMN($J$5)-$G110,$I110)=0,TRUE,FALSE),$J110*R$2,0)} -> 0 | ... AD110: {=IF(_xlfn.SWITCH(TRUE,COLUMN()-COLUMN($J$5)-$G110<0,FALSE,MOD(COLUMN()-COLUMN($J$5)-$G110,$I110)=0,TRUE,FALSE),$J110*AD$2,0)} -> 0 | AE110: =SUM(K110:AD110) -> 461679.46
A111: MEP & Fire Protection | B111: 40 HP Armstrong 4300 Vertical In-Line Pump (P CHW) | C111: Main Concourse | D111: Mechanical | E111: Chilled Water | F111: Medium | G111: =H111-2024 -> 5 | H111: 2029 | I111: 20 | J111: =Costs!P110 -> 162000 | K111: {=IF(_xlfn.SWITCH(TRUE,COLUMN()-COLUMN($J$5)-$G111<0,FALSE,MOD(COLUMN()-COLUMN($J$5)-$G111,$I111)=0,TRUE,FALSE),$J111*K$2,0)} -> 0 | L111: {=IF(_xlfn.SWITCH(TRUE,COLUMN()-COLUMN($J$5)-$G111<0,FALSE,MOD(COLUMN()-COLUMN($J$5)-$G111,$I111)=0,TRUE,FALSE),$J111*L$2,0)} -> 0 | M111: {=IF(_xlfn.SWITCH(TRUE,COLUMN()-COLUMN($J$5)-$G111<0,FALSE,MOD(COLUMN()-COLUMN($J$5)-$G111,$I111)=0,TRUE,FALSE),$J111*M$2,0)} -> 0 | N111: {=IF(_xlfn.SWITCH(TRUE,COLUMN()-COLUMN($J$5)-$G111<0,FALSE,MOD(COLUMN()-COLUMN($J$5)-$G111,$I111)=0,TRUE,FALSE),$J111*N$2,0)} -> 0 | O111: {=IF(_xlfn.SWITCH(TRUE,COLUMN()-COLUMN($J$5)-$G111<0,FALSE,MOD(COLUMN()-COLUMN($J$5)-$G111,$I111)=0,TRUE,FALSE),$J111*O$2,0)} -> 188714.06 | P111: {=IF(_xlfn.SWITCH(TRUE,COLUMN()-COLUMN($J$5)-$G111<0,FALSE,MOD(COLUMN()-COLUMN($J$5)-$G111,$I111)=0,TRUE,FALSE),$J111*P$2,0)} -> 0 | Q111: {=IF(_xlfn.SWITCH(TRUE,COLUMN()-COLUMN($J$5)-$G111<0,FALSE,MOD(COLUMN()-COLUMN($J$5)-$G111,$I111)=0,TRUE,FALSE),$J111*Q$2,0)} -> 0 | R111: {=IF(_xlfn.SWITCH(TRUE,COLUMN()-COLUMN($J$5)-$G111<0,FALSE,MOD(COLUMN()-COLUMN($J$5)-$G111,$I111)=0,TRUE,FALSE),$J111*R$2,0)} -> 0 | ... AD111: {=IF(_xlfn.SWITCH(TRUE,COLUMN()-COLUMN($J$5)-$G111<0,FALSE,MOD(COLUMN()-COLUMN($J$5)-$G111,$I111)=0,TRUE,FALSE),$J111*AD$2,0)} -> 0 | AE111: =SUM(K111:AD111) -> 188714.06
A112: MEP & Fire Protection | B112: 20 HP Armstrong 4300 Vertical In-Line Pump (P CHW) | C112: Main Concourse | D112: Mechanical | E112: Chilled Water | F112: Medium | G112: =H112-2024 -> 5 | H112: 2029 | I112: 20 | J112: =Costs!P111 -> 67500 | K112: {=IF(_xlfn.SWITCH(TRUE,COLUMN()-COLUMN($J$5)-$G112<0,FALSE,MOD(COLUMN()-COLUMN($J$5)-$G112,$I112)=0,TRUE,FALSE),$J112*K$2,0)} -> 0 | L112: {=IF(_xlfn.SWITCH(TRUE,COLUMN()-COLUMN($J$5)-$G112<0,FALSE,MOD(COLUMN()-COLUMN($J$5)-$G112,$I112)=0,TRUE,FALSE),$J112*L$2,0)} -> 0 | M112: {=IF(_xlfn.SWITCH(TRUE,COLUMN()-COLUMN($J$5)-$G112<0,FALSE,MOD(COLUMN()-COLUMN($J$5)-$G112,$I112)=0,TRUE,FALSE),$J112*M$2,0)} -> 0 | N112: {=IF(_xlfn.SWITCH(TRUE,COLUMN()-COLUMN($J$5)-$G112<0,FALSE,MOD(COLUMN()-COLUMN($J$5)-$G112,$I112)=0,TRUE,FALSE),$J112*N$2,0)} -> 0 | O112: {=IF(_xlfn.SWITCH(TRUE,COLUMN()-COLUMN($J$5)-$G112<0,FALSE,MOD(COLUMN()-COLUMN($J$5)-$G112,$I112)=0,TRUE,FALSE),$J112*O$2,0)} -> 78630.859 | P112: {=IF(_xlfn.SWITCH(TRUE,COLUMN()-COLUMN($J$5)-$G112<0,FALSE,MOD(COLUMN()-COLUMN($J$5)-$G112,$I112)=0,TRUE,FALSE),$J112*P$2,0)} -> 0 | Q112: {=IF(_xlfn.SWITCH(TRUE,COLUMN()-COLUMN($J$5)-$G112<0,FALSE,MOD(COLUMN()-COLUMN($J$5)-$G112,$I112)=0,TRUE,FALSE),$J112*Q$2,0)} -> 0 | R112: {=IF(_xlfn.SWITCH(TRUE,COLUMN()-COLUMN($J$5)-$G112<0,FALSE,MOD(COLUMN()-COLUMN($J$5)-$G112,$I112)=0,TRUE,FALSE),$J112*R$2,0)} -> 0 | ... AD112: {=IF(_xlfn.SWITCH(TRUE,COLUMN()-COLUMN($J$5)-$G112<0,FALSE,MOD(COLUMN()-COLUMN($J$5)-$G112,$I112)=0,TRUE,FALSE),$J112*AD$2,0)} -> 0 | AE112: =SUM(K112:AD112) -> 78630.859
A113: MEP & Fire Protection | B113: 100 HP Armstrong 4300 Vertical In-Line Pump (S CHW) | C113: Main Concourse | D113: Mechanical | E113: Chilled Water | F113: Medium | G113: =H113-2024 -> 5 | H113: 2029 | I113: 20 | J113: =Costs!P112 -> 202500 | K113: {=IF(_xlfn.SWITCH(TRUE,COLUMN()-COLUMN($J$5)-$G113<0,FALSE,MOD(COLUMN()-COLUMN($J$5)-$G113,$I113)=0,TRUE,FALSE),$J113*K$2,0)} -> 0 | L113: {=IF(_xlfn.SWITCH(TRUE,COLUMN()-COLUMN($J$5)-$G113<0,FALSE,MOD(COLUMN()-COLUMN($J$5)-$G113,$I113)=0,TRUE,FALSE),$J113*L$2,0)} -> 0 | M113: {=IF(_xlfn.SWITCH(TRUE,COLUMN()-COLUMN($J$5)-$G113<0,FALSE,MOD(COLUMN()-COLUMN($J$5)-$G113,$I113)=0,TRUE,FALSE),$J113*M$2,0)} -> 0 | N113: {=IF(_xlfn.SWITCH(TRUE,COLUMN()-COLUMN($J$5)-$G113<0,FALSE,MOD(COLUMN()-COLUMN($J$5)-$G113,$I113)=0,TRUE,FALSE),$J113*N$2,0)} -> 0 | O113: {=IF(_xlfn.SWITCH(TRUE,COLUMN()-COLUMN($J$5)-$G113<0,FALSE,MOD(COLUMN()-COLUMN($J$5)-$G113,$I113)=0,TRUE,FALSE),$J113*O$2,0)} -> 235892.58 | P113: {=IF(_xlfn.SWITCH(TRUE,COLUMN()-COLUMN($J$5)-$G113<0,FALSE,MOD(COLUMN()-COLUMN($J$5)-$G113,$I113)=0,TRUE,FALSE),$J113*P$2,0)} -> 0 | Q113: {=IF(_xlfn.SWITCH(TRUE,COLUMN()-COLUMN($J$5)-$G113<0,FALSE,MOD(COLUMN()-COLUMN($J$5)-$G113,$I113)=0,TRUE,FALSE),$J113*Q$2,0)} -> 0 | R113: {=IF(_xlfn.SWITCH(TRUE,COLUMN()-COLUMN($J$5)-$G113<0,FALSE,MOD(COLUMN()-COLUMN($J$5)-$G113,$I113)=0,TRUE,FALSE),$J113*R$2,0)} -> 0 | ... AD113: {=IF(_xlfn.SWITCH(TRUE,COLUMN()-COLUMN($J$5)-$G113<0,FALSE,MOD(COLUMN()-COLUMN($J$5)-$G113,$I113)=0,TRUE,FALSE),$J113*AD$2,0)} -> 0 | AE113: =SUM(K113:AD113) -> 235892.58
A114: MEP & Fire Protection | B114: Secondary Chilled Water Pump 100 HP VFD - ABB | C114: Main Concourse | D114: Mechanical | E114: Chilled Water | F114: Low | G114: =H114-2024 -> 14 | H114: 2038 | I114: 20 | J114: =Costs!P113 -> 36450 | K114: {=IF(_xlfn.SWITCH(TRUE,COLUMN()-COLUMN($J$5)-$G114<0,FALSE,MOD(COLUMN()-COLUMN($J$5)-$G114,$I114)=0,TRUE,FALSE),$J114*K$2,0)} -> 0 | L114: {=IF(_xlfn.SWITCH(TRUE,COLUMN()-COLUMN($J$5)-$G114<0,FALSE,MOD(COLUMN()-COLUMN($J$5)-$G114,$I114)=0,TRUE,FALSE),$J114*L$2,0)} -> 0 | M114: {=IF(_xlfn.SWITCH(TRUE,COLUMN()-COLUMN($J$5)-$G114<0,FALSE,MOD(COLUMN()-COLUMN($J$5)-$G114,$I114)=0,TRUE,FALSE),$J114*M$2,0)} -> 0 | N114: {=IF(_xlfn.SWITCH(TRUE,COLUMN()-COLUMN($J$5)-$G114<0,FALSE,MOD(COLUMN()-COLUMN($J$5)-$G114,$I114)=0,TRUE,FALSE),$J114*N$2,0)} -> 0 | O114: {=IF(_xlfn.SWITCH(TRUE,COLUMN()-COLUMN($J$5)-$G114<0,FALSE,MOD(COLUMN()-COLUMN($J$5)-$G114,$I114)=0,TRUE,FALSE),$J114*O$2,0)} -> 0 | P114: {=IF(_xlfn.SWITCH(TRUE,COLUMN()-COLUMN($J$5)-$G114<0,FALSE,MOD(COLUMN()-COLUMN($J$5)-$G114,$I114)=0,TRUE,FALSE),$J114*P$2,0)} -> 0 | Q114: {=IF(_xlfn.SWITCH(TRUE,COLUMN()-COLUMN($J$5)-$G114<0,FALSE,MOD(COLUMN()-COLUMN($J$5)-$G114,$I114)=0,TRUE,FALSE),$J114*Q$2,0)} -> 0 | R114: {=IF(_xlfn.SWITCH(TRUE,COLUMN()-COLUMN($J$5)-$G114<0,FALSE,MOD(COLUMN()-COLUMN($J$5)-$G114,$I114)=0,TRUE,FALSE),$J114*R$2,0)} -> 0 | ... AD114: {=IF(_xlfn.SWITCH(TRUE,COLUMN()-COLUMN($J$5)-$G114<0,FALSE,MOD(COLUMN()-COLUMN($J$5)-$G114,$I114)=0,TRUE,FALSE),$J114*AD$2,0)} -> 0 | AE114: =SUM(K114:AD114) -> 55401.536
A115: MEP & Fire Protection | B115: 50 HP Armstrong 4300 Vertical In-Line Pump (CW) | C115: Lower Bowl Seating | D115: Mechanical | E115: Chilled Water | F115: Medium | G115: =H115-2024 -> 5 | H115: 2029 | I115: 20 | J115: =Costs!P114 -> 175500 | K115: {=IF(_xlfn.SWITCH(TRUE,COLUMN()-COLUMN($J$5)-$G115<0,FALSE,MOD(COLUMN()-COLUMN($J$5)-$G115,$I115)=0,TRUE,FALSE),$J115*K$2,0)} -> 0 | L115: {=IF(_xlfn.SWITCH(TRUE,COLUMN()-COLUMN($J$5)-$G115<0,FALSE,MOD(COLUMN()-COLUMN($J$5)-$G115,$I115)=0,TRUE,FALSE),$J115*L$2,0)} -> 0 | M115: {=IF(_xlfn.SWITCH(TRUE,COLUMN()-COLUMN($J$5)-$G115<0,FALSE,MOD(COLUMN()-COLUMN($J$5)-$G115,$I115)=0,TRUE,FALSE),$J115*M$2,0)} -> 0 | N115: {=IF(_xlfn.SWITCH(TRUE,COLUMN()-COLUMN($J$5)-$G115<0,FALSE,MOD(COLUMN()-COLUMN($J$5)-$G115,$I115)=0,TRUE,FALSE),$J115*N$2,0)} -> 0 | O115: {=IF(_xlfn.SWITCH(TRUE,COLUMN()-COLUMN($J$5)-$G115<0,FALSE,MOD(COLUMN()-COLUMN($J$5)-$G115,$I115)=0,TRUE,FALSE),$J115*O$2,0)} -> 204440.23 | P115: {=IF(_xlfn.SWITCH(TRUE,COLUMN()-COLUMN($J$5)-$G115<0,FALSE,MOD(COLUMN()-COLUMN($J$5)-$G115,$I115)=0,TRUE,FALSE),$J115*P$2,0)} -> 0 | Q115: {=IF(_xlfn.SWITCH(TRUE,COLUMN()-COLUMN($J$5)-$G115<0,FALSE,MOD(COLUMN()-COLUMN($J$5)-$G115,$I115)=0,TRUE,FALSE),$J115*Q$2,0)} -> 0 | R115: {=IF(_xlfn.SWITCH(TRUE,COLUMN()-COLUMN($J$5)-$G115<0,FALSE,MOD(COLUMN()-COLUMN($J$5)-$G115,$I115)=0,TRUE,FALSE),$J115*R$2,0)} -> 0 | ... AD115: {=IF(_xlfn.SWITCH(TRUE,COLUMN()-COLUMN($J$5)-$G115<0,FALSE,MOD(COLUMN()-COLUMN($J$5)-$G115,$I115)=0,TRUE,FALSE),$J115*AD$2,0)} -> 0 | AE115: =SUM(K115:AD115) -> 204440.23
A116: MEP & Fire Protection | B116: 30 HP Armstrong 4300 Vertical In-Line Pump (CW) | C116: Lower Bowl Seating | D116: Mechanical | E116: Chilled Water | F116: Medium | G116: =H116-2024 -> 5 | H116: 2029 | I116: 20 | J116: =Costs!P115 -> 74250 | K116: {=IF(_xlfn.SWITCH(TRUE,COLUMN()-COLUMN($J$5)-$G116<0,FALSE,MOD(COLUMN()-COLUMN($J$5)-$G116,$I116)=0,TRUE,FALSE),$J116*K$2,0)} -> 0 | L116: {=IF(_xlfn.SWITCH(TRUE,COLUMN()-COLUMN($J$5)-$G116<0,FALSE,MOD(COLUMN()-COLUMN($J$5)-$G116,$I116)=0,TRUE,FALSE),$J116*L$2,0)} -> 0 | M116: {=IF(_xlfn.SWITCH(TRUE,COLUMN()-COLUMN($J$5)-$G116<0,FALSE,MOD(COLUMN()-COLUMN($J$5)-$G116,$I116)=0,TRUE,FALSE),$J116*M$2,0)} -> 0 | N116: {=IF(_xlfn.SWITCH(TRUE,COLUMN()-COLUMN($J$5)-$G116<0,FALSE,MOD(COLUMN()-COLUMN($J$5)-$G116,$I116)=0,TRUE,FALSE),$J116*N$2,0)} -> 0 | O116: {=IF(_xlfn.SWITCH(TRUE,COLUMN()-COLUMN($J$5)-$G116<0,FALSE,MOD(COLUMN()-COLUMN($J$5)-$G116,$I116)=0,TRUE,FALSE),$J116*O$2,0)} -> 86493.945 | P116: {=IF(_xlfn.SWITCH(TRUE,COLUMN()-COLUMN($J$5)-$G116<0,FALSE,MOD(COLUMN()-COLUMN($J$5)-$G116,$I116)=0,TRUE,FALSE),$J116*P$2,0)} -> 0 | Q116: {=IF(_xlfn.SWITCH(TRUE,COLUMN()-COLUMN($J$5)-$G116<0,FALSE,MOD(COLUMN()-COLUMN($J$5)-$G116,$I116)=0,TRUE,FALSE),$J116*Q$2,0)} -> 0 | R116: {=IF(_xlfn.SWITCH(TRUE,COLUMN()-COLUMN($J$5)-$G116<0,FALSE,MOD(COLUMN()-COLUMN($J$5)-$G116,$I116)=0,TRUE,FALSE),$J116*R$2,0)} -> 0 | ... AD116: {=IF(_xlfn.SWITCH(TRUE,COLUMN()-COLUMN($J$5)-$G116<0,FALSE,MOD(COLUMN()-COLUMN($J$5)-$G116,$I116)=0,TRUE,FALSE),$J116*AD$2,0)} -> 0 | AE116: =SUM(K116:AD116) -> 86493.945
A117: MEP & Fire Protection | B117: 2,300 GPM, 50 HP Cooling Tower - BAC | C117: Lower Press Level | D117: Mechanical | E117: Chilled Water | F117: Low | G117: =H117-2024 -> 15 | H117: 2039 | I117: 18 | J117: =Costs!P116 -> 675000 | K117: {=IF(_xlfn.SWITCH(TRUE,COLUMN()-COLUMN($J$5)-$G117<0,FALSE,MOD(COLUMN()-COLUMN($J$5)-$G117,$I117)=0,TRUE,FALSE),$J117*K$2,0)} -> 0 | L117: {=IF(_xlfn.SWITCH(TRUE,COLUMN()-COLUMN($J$5)-$G117<0,FALSE,MOD(COLUMN()-COLUMN($J$5)-$G117,$I117)=0,TRUE,FALSE),$J117*L$2,0)} -> 0 | M117: {=IF(_xlfn.SWITCH(TRUE,COLUMN()-COLUMN($J$5)-$G117<0,FALSE,MOD(COLUMN()-COLUMN($J$5)-$G117,$I117)=0,TRUE,FALSE),$J117*M$2,0)} -> 0 | N117: {=IF(_xlfn.SWITCH(TRUE,COLUMN()-COLUMN($J$5)-$G117<0,FALSE,MOD(COLUMN()-COLUMN($J$5)-$G117,$I117)=0,TRUE,FALSE),$J117*N$2,0)} -> 0 | O117: {=IF(_xlfn.SWITCH(TRUE,COLUMN()-COLUMN($J$5)-$G117<0,FALSE,MOD(COLUMN()-COLUMN($J$5)-$G117,$I117)=0,TRUE,FALSE),$J117*O$2,0)} -> 0 | P117: {=IF(_xlfn.SWITCH(TRUE,COLUMN()-COLUMN($J$5)-$G117<0,FALSE,MOD(COLUMN()-COLUMN($J$5)-$G117,$I117)=0,TRUE,FALSE),$J117*P$2,0)} -> 0 | Q117: {=IF(_xlfn.SWITCH(TRUE,COLUMN()-COLUMN($J$5)-$G117<0,FALSE,MOD(COLUMN()-COLUMN($J$5)-$G117,$I117)=0,TRUE,FALSE),$J117*Q$2,0)} -> 0 | R117: {=IF(_xlfn.SWITCH(TRUE,COLUMN()-COLUMN($J$5)-$G117<0,FALSE,MOD(COLUMN()-COLUMN($J$5)-$G117,$I117)=0,TRUE,FALSE),$J117*R$2,0)} -> 0 | ... AD117: {=IF(_xlfn.SWITCH(TRUE,COLUMN()-COLUMN($J$5)-$G117<0,FALSE,MOD(COLUMN()-COLUMN($J$5)-$G117,$I117)=0,TRUE,FALSE),$J117*AD$2,0)} -> 0 | AE117: =SUM(K117:AD117) -> 1056733
A118: MEP & Fire Protection | B118: 1,140 GPM, 25 HP Cooling Tower - BAC | C118: Lower Press Level | D118: Mechanical | E118: Chilled Water | F118: Low | G118: =H118-2024 -> 15 | H118: 2039 | I118: 18 | J118: =Costs!P117 -> 270000 | K118: {=IF(_xlfn.SWITCH(TRUE,COLUMN()-COLUMN($J$5)-$G118<0,FALSE,MOD(COLUMN()-COLUMN($J$5)-$G118,$I118)=0,TRUE,FALSE),$J118*K$2,0)} -> 0 | L118: {=IF(_xlfn.SWITCH(TRUE,COLUMN()-COLUMN($J$5)-$G118<0,FALSE,MOD(COLUMN()-COLUMN($J$5)-$G118,$I118)=0,TRUE,FALSE),$J118*L$2,0)} -> 0 | M118: {=IF(_xlfn.SWITCH(TRUE,COLUMN()-COLUMN($J$5)-$G118<0,FALSE,MOD(COLUMN()-COLUMN($J$5)-$G118,$I118)=0,TRUE,FALSE),$J118*M$2,0)} -> 0 | N118: {=IF(_xlfn.SWITCH(TRUE,COLUMN()-COLUMN($J$5)-$G118<0,FALSE,MOD(COLUMN()-COLUMN($J$5)-$G118,$I118)=0,TRUE,FALSE),$J118*N$2,0)} -> 0 | O118: {=IF(_xlfn.SWITCH(TRUE,COLUMN()-COLUMN($J$5)-$G118<0,FALSE,MOD(COLUMN()-COLUMN($J$5)-$G118,$I118)=0,TRUE,FALSE),$J118*O$2,0)} -> 0 | P118: {=IF(_xlfn.SWITCH(TRUE,COLUMN()-COLUMN($J$5)-$G118<0,FALSE,MOD(COLUMN()-COLUMN($J$5)-$G118,$I118)=0,TRUE,FALSE),$J118*P$2,0)} -> 0 | Q118: {=IF(_xlfn.SWITCH(TRUE,COLUMN()-COLUMN($J$5)-$G118<0,FALSE,MOD(COLUMN()-COLUMN($J$5)-$G118,$I118)=0,TRUE,FALSE),$J118*Q$2,0)} -> 0 | R118: {=IF(_xlfn.SWITCH(TRUE,COLUMN()-COLUMN($J$5)-$G118<0,FALSE,MOD(COLUMN()-COLUMN($J$5)-$G118,$I118)=0,TRUE,FALSE),$J118*R$2,0)} -> 0 | ... AD118: {=IF(_xlfn.SWITCH(TRUE,COLUMN()-COLUMN($J$5)-$G118<0,FALSE,MOD(COLUMN()-COLUMN($J$5)-$G118,$I118)=0,TRUE,FALSE),$J118*AD$2,0)} -> 0 | AE118: =SUM(K118:AD118) -> 422693.2
A119: MEP & Fire Protection | B119: Cooling Tower Fan 50 HP VFD - ABB | C119: Lower Bowl Seating | D119: Mechanical | E119: Chilled Water | F119: Low | G119: =H119-2024 -> 15 | H119: 2039 | I119: 20 | J119: =Costs!P118 -> 32400 | K119: {=IF(_xlfn.SWITCH(TRUE,COLUMN()-COLUMN($J$5)-$G119<0,FALSE,MOD(COLUMN()-COLUMN($J$5)-$G119,$I119)=0,TRUE,FALSE),$J119*K$2,0)} -> 0 | L119: {=IF(_xlfn.SWITCH(TRUE,COLUMN()-COLUMN($J$5)-$G119<0,FALSE,MOD(COLUMN()-COLUMN($J$5)-$G119,$I119)=0,TRUE,FALSE),$J119*L$2,0)} -> 0 | M119: {=IF(_xlfn.SWITCH(TRUE,COLUMN()-COLUMN($J$5)-$G119<0,FALSE,MOD(COLUMN()-COLUMN($J$5)-$G119,$I119)=0,TRUE,FALSE),$J119*M$2,0)} -> 0 | N119: {=IF(_xlfn.SWITCH(TRUE,COLUMN()-COLUMN($J$5)-$G119<0,FALSE,MOD(COLUMN()-COLUMN($J$5)-$G119,$I119)=0,TRUE,FALSE),$J119*N$2,0)} -> 0 | O119: {=IF(_xlfn.SWITCH(TRUE,COLUMN()-COLUMN($J$5)-$G119<0,FALSE,MOD(COLUMN()-COLUMN($J$5)-$G119,$I119)=0,TRUE,FALSE),$J119*O$2,0)} -> 0 | P119: {=IF(_xlfn.SWITCH(TRUE,COLUMN()-COLUMN($J$5)-$G119<0,FALSE,MOD(COLUMN()-COLUMN($J$5)-$G119,$I119)=0,TRUE,FALSE),$J119*P$2,0)} -> 0 | Q119: {=IF(_xlfn.SWITCH(TRUE,COLUMN()-COLUMN($J$5)-$G119<0,FALSE,MOD(COLUMN()-COLUMN($J$5)-$G119,$I119)=0,TRUE,FALSE),$J119*Q$2,0)} -> 0 | R119: {=IF(_xlfn.SWITCH(TRUE,COLUMN()-COLUMN($J$5)-$G119<0,FALSE,MOD(COLUMN()-COLUMN($J$5)-$G119,$I119)=0,TRUE,FALSE),$J119*R$2,0)} -> 0 | ... AD119: {=IF(_xlfn.SWITCH(TRUE,COLUMN()-COLUMN($J$5)-$G119<0,FALSE,MOD(COLUMN()-COLUMN($J$5)-$G119,$I119)=0,TRUE,FALSE),$J119*AD$2,0)} -> 0 | AE119: =SUM(K119:AD119) -> 50723.184
A120: MEP & Fire Protection | B120: Cooling Tower Fan 25 HP VFD - ABB | C120: Lower Bowl Seating | D120: Mechanical | E120: Chilled Water | F120: Low | G120: =H120-2024 -> 15 | H120: 2039 | I120: 20 | J120: =Costs!P119 -> 13500 | K120: {=IF(_xlfn.SWITCH(TRUE,COLUMN()-COLUMN($J$5)-$G120<0,FALSE,MOD(COLUMN()-COLUMN($J$5)-$G120,$I120)=0,TRUE,FALSE),$J120*K$2,0)} -> 0 | L120: {=IF(_xlfn.SWITCH(TRUE,COLUMN()-COLUMN($J$5)-$G120<0,FALSE,MOD(COLUMN()-COLUMN($J$5)-$G120,$I120)=0,TRUE,FALSE),$J120*L$2,0)} -> 0 | M120: {=IF(_xlfn.SWITCH(TRUE,COLUMN()-COLUMN($J$5)-$G120<0,FALSE,MOD(COLUMN()-COLUMN($J$5)-$G120,$I120)=0,TRUE,FALSE),$J120*M$2,0)} -> 0 | N120: {=IF(_xlfn.SWITCH(TRUE,COLUMN()-COLUMN($J$5)-$G120<0,FALSE,MOD(COLUMN()-COLUMN($J$5)-$G120,$I120)=0,TRUE,FALSE),$J120*N$2,0)} -> 0 | O120: {=IF(_xlfn.SWITCH(TRUE,COLUMN()-COLUMN($J$5)-$G120<0,FALSE,MOD(COLUMN()-COLUMN($J$5)-$G120,$I120)=0,TRUE,FALSE),$J120*O$2,0)} -> 0 | P120: {=IF(_xlfn.SWITCH(TRUE,COLUMN()-COLUMN($J$5)-$G120<0,FALSE,MOD(COLUMN()-COLUMN($J$5)-$G120,$I120)=0,TRUE,FALSE),$J120*P$2,0)} -> 0 | Q120: {=IF(_xlfn.SWITCH(TRUE,COLUMN()-COLUMN($J$5)-$G120<0,FALSE,MOD(COLUMN()-COLUMN($J$5)-$G120,$I120)=0,TRUE,FALSE),$J120*Q$2,0)} -> 0 | R120: {=IF(_xlfn.SWITCH(TRUE,COLUMN()-COLUMN($J$5)-$G120<0,FALSE,MOD(COLUMN()-COLUMN($J$5)-$G120,$I120)=0,TRUE,FALSE),$J120*R$2,0)} -> 0 | ... AD120: {=IF(_xlfn.SWITCH(TRUE,COLUMN()-COLUMN($J$5)-$G120<0,FALSE,MOD(COLUMN()-COLUMN($J$5)-$G120,$I120)=0,TRUE,FALSE),$J120*AD$2,0)} -> 0 | AE120: =SUM(K120:AD120) -> 21134.66
... A132: MEP & Fire Protection | B132: Bowl Air Handling Unit - Carrier - 47,000 CFM | C132: Upper Bowl Seating | D132: Mechanical | E132: Air Distribution | F132: High | G132: =H132-2024 -> 3 | H132: 2027 | I132: 20 | J132: =Costs!P131 -> 6091200 | K132: {=IF(_xlfn.SWITCH(TRUE,COLUMN()-COLUMN($J$5)-$G132<0,FALSE,MOD(COLUMN()-COLUMN($J$5)-$G132,$I132)=0,TRUE,FALSE),$J132*K$2,0)} -> 0 | L132: {=IF(_xlfn.SWITCH(TRUE,COLUMN()-COLUMN($J$5)-$G132<0,FALSE,MOD(COLUMN()-COLUMN($J$5)-$G132,$I132)=0,TRUE,FALSE),$J132*L$2,0)} -> 0 | M132: {=IF(_xlfn.SWITCH(TRUE,COLUMN()-COLUMN($J$5)-$G132<0,FALSE,MOD(COLUMN()-COLUMN($J$5)-$G132,$I132)=0,TRUE,FALSE),$J132*M$2,0)} -> 6688329.5 | N132: {=IF(_xlfn.SWITCH(TRUE,COLUMN()-COLUMN($J$5)-$G132<0,FALSE,MOD(COLUMN()-COLUMN($J$5)-$G132,$I132)=0,TRUE,FALSE),$J132*N$2,0)} -> 0 | O132: {=IF(_xlfn.SWITCH(TRUE,COLUMN()-COLUMN($J$5)-$G132<0,FALSE,MOD(COLUMN()-COLUMN($J$5)-$G132,$I132)=0,TRUE,FALSE),$J132*O$2,0)} -> 0 | P132: {=IF(_xlfn.SWITCH(TRUE,COLUMN()-COLUMN($J$5)-$G132<0,FALSE,MOD(COLUMN()-COLUMN($J$5)-$G132,$I132)=0,TRUE,FALSE),$J132*P$2,0)} -> 0 | Q132: {=IF(_xlfn.SWITCH(TRUE,COLUMN()-COLUMN($J$5)-$G132<0,FALSE,MOD(COLUMN()-COLUMN($J$5)-$G132,$I132)=0,TRUE,FALSE),$J132*Q$2,0)} -> 0 | R132: {=IF(_xlfn.SWITCH(TRUE,COLUMN()-COLUMN($J$5)-$G132<0,FALSE,MOD(COLUMN()-COLUMN($J$5)-$G132,$I132)=0,TRUE,FALSE),$J132*R$2,0)} -> 0 | ... AD132: {=IF(_xlfn.SWITCH(TRUE,COLUMN()-COLUMN($J$5)-$G132<0,FALSE,MOD(COLUMN()-COLUMN($J$5)-$G132,$I132)=0,TRUE,FALSE),$J132*AD$2,0)} -> 0 | AE132: =SUM(K132:AD132) -> 6688329.5
A133: MEP & Fire Protection | B133: Support Air Handling Units - Carrier - Avg 16,000 CFM | D133: Mechanical | E133: Air Distribution | F133: High | G133: =H133-2024 -> 4 | H133: 2028 | I133: 22 | J133: =Costs!P132 -> 1370250 | K133: {=IF(_xlfn.SWITCH(TRUE,COLUMN()-COLUMN($J$5)-$G133<0,FALSE,MOD(COLUMN()-COLUMN($J$5)-$G133,$I133)=0,TRUE,FALSE),$J133*K$2,0)} -> 0 | L133: {=IF(_xlfn.SWITCH(TRUE,COLUMN()-COLUMN($J$5)-$G133<0,FALSE,MOD(COLUMN()-COLUMN($J$5)-$G133,$I133)=0,TRUE,FALSE),$J133*L$2,0)} -> 0 | M133: {=IF(_xlfn.SWITCH(TRUE,COLUMN()-COLUMN($J$5)-$G133<0,FALSE,MOD(COLUMN()-COLUMN($J$5)-$G133,$I133)=0,TRUE,FALSE),$J133*M$2,0)} -> 0 | N133: {=IF(_xlfn.SWITCH(TRUE,COLUMN()-COLUMN($J$5)-$G133<0,FALSE,MOD(COLUMN()-COLUMN($J$5)-$G133,$I133)=0,TRUE,FALSE),$J133*N$2,0)} -> 1549715 | O133: {=IF(_xlfn.SWITCH(TRUE,COLUMN()-COLUMN($J$5)-$G133<0,FALSE,MOD(COLUMN()-COLUMN($J$5)-$G133,$I133)=0,TRUE,FALSE),$J133*O$2,0)} -> 0 | P133: {=IF(_xlfn.SWITCH(TRUE,COLUMN()-COLUMN($J$5)-$G133<0,FALSE,MOD(COLUMN()-COLUMN($J$5)-$G133,$I133)=0,TRUE,FALSE),$J133*P$2,0)} -> 0 | Q133: {=IF(_xlfn.SWITCH(TRUE,COLUMN()-COLUMN($J$5)-$G133<0,FALSE,MOD(COLUMN()-COLUMN($J$5)-$G133,$I133)=0,TRUE,FALSE),$J133*Q$2,0)} -> 0 | R133: {=IF(_xlfn.SWITCH(TRUE,COLUMN()-COLUMN($J$5)-$G133<0,FALSE,MOD(COLUMN()-COLUMN($J$5)-$G133,$I133)=0,TRUE,FALSE),$J133*R$2,0)} -> 0 | ... AD133: {=IF(_xlfn.SWITCH(TRUE,COLUMN()-COLUMN($J$5)-$G133<0,FALSE,MOD(COLUMN()-COLUMN($J$5)-$G133,$I133)=0,TRUE,FALSE),$J133*AD$2,0)} -> 0 | AE133: =SUM(K133:AD133) -> 1549715
A134: MEP & Fire Protection | B134: Water Source Heat Pump - Avg 1,300 CFM | D134: Mechanical | E134: Air Distribution | F134: Medium | G134: =H134-2024 -> 5 | H134: 2029 | I134: 18 | J134: =Costs!P133 -> 2106000 | K134: {=IF(_xlfn.SWITCH(TRUE,COLUMN()-COLUMN($J$5)-$G134<0,FALSE,MOD(COLUMN()-COLUMN($J$5)-$G134,$I134)=0,TRUE,FALSE),$J134*K$2,0)} -> 0 | L134: {=IF(_xlfn.SWITCH(TRUE,COLUMN()-COLUMN($J$5)-$G134<0,FALSE,MOD(COLUMN()-COLUMN($J$5)-$G134,$I134)=0,TRUE,FALSE),$J134*L$2,0)} -> 0 | M134: {=IF(_xlfn.SWITCH(TRUE,COLUMN()-COLUMN($J$5)-$G134<0,FALSE,MOD(COLUMN()-COLUMN($J$5)-$G134,$I134)=0,TRUE,FALSE),$J134*M$2,0)} -> 0 | N134: {=IF(_xlfn.SWITCH(TRUE,COLUMN()-COLUMN($J$5)-$G134<0,FALSE,MOD(COLUMN()-COLUMN($J$5)-$G134,$I134)=0,TRUE,FALSE),$J134*N$2,0)} -> 0 | O134: {=IF(_xlfn.SWITCH(TRUE,COLUMN()-COLUMN($J$5)-$G134<0,FALSE,MOD(COLUMN()-COLUMN($J$5)-$G134,$I134)=0,TRUE,FALSE),$J134*O$2,0)} -> 2453282.8 | P134: {=IF(_xlfn.SWITCH(TRUE,COLUMN()-COLUMN($J$5)-$G134<0,FALSE,MOD(COLUMN()-COLUMN($J$5)-$G134,$I134)=0,TRUE,FALSE),$J134*P$2,0)} -> 0 | Q134: {=IF(_xlfn.SWITCH(TRUE,COLUMN()-COLUMN($J$5)-$G134<0,FALSE,MOD(COLUMN()-COLUMN($J$5)-$G134,$I134)=0,TRUE,FALSE),$J134*Q$2,0)} -> 0 | R134: {=IF(_xlfn.SWITCH(TRUE,COLUMN()-COLUMN($J$5)-$G134<0,FALSE,MOD(COLUMN()-COLUMN($J$5)-$G134,$I134)=0,TRUE,FALSE),$J134*R$2,0)} -> 0 | ... AD134: {=IF(_xlfn.SWITCH(TRUE,COLUMN()-COLUMN($J$5)-$G134<0,FALSE,MOD(COLUMN()-COLUMN($J$5)-$G134,$I134)=0,TRUE,FALSE),$J134*AD$2,0)} -> 0 | AE134: =SUM(K134:AD134) -> 2453282.8
A135: MEP & Fire Protection | B135: Exhaust Fans - General - Avg 10,420 CFM | D135: Mechanical | E135: Air Distribution | F135: Medium | G135: =H135-2024 -> 7 | H135: 2031 | I135: 25 | J135: =Costs!P134 -> 230850 | K135: {=IF(_xlfn.SWITCH(TRUE,COLUMN()-COLUMN($J$5)-$G135<0,FALSE,MOD(COLUMN()-COLUMN($J$5)-$G135,$I135)=0,TRUE,FALSE),$J135*K$2,0)} -> 0 | L135: {=IF(_xlfn.SWITCH(TRUE,COLUMN()-COLUMN($J$5)-$G135<0,FALSE,MOD(COLUMN()-COLUMN($J$5)-$G135,$I135)=0,TRUE,FALSE),$J135*L$2,0)} -> 0 | M135: {=IF(_xlfn.SWITCH(TRUE,COLUMN()-COLUMN($J$5)-$G135<0,FALSE,MOD(COLUMN()-COLUMN($J$5)-$G135,$I135)=0,TRUE,FALSE),$J135*M$2,0)} -> 0 | N135: {=IF(_xlfn.SWITCH(TRUE,COLUMN()-COLUMN($J$5)-$G135<0,FALSE,MOD(COLUMN()-COLUMN($J$5)-$G135,$I135)=0,TRUE,FALSE),$J135*N$2,0)} -> 0 | O135: {=IF(_xlfn.SWITCH(TRUE,COLUMN()-COLUMN($J$5)-$G135<0,FALSE,MOD(COLUMN()-COLUMN($J$5)-$G135,$I135)=0,TRUE,FALSE),$J135*O$2,0)} -> 0 | P135: {=IF(_xlfn.SWITCH(TRUE,COLUMN()-COLUMN($J$5)-$G135<0,FALSE,MOD(COLUMN()-COLUMN($J$5)-$G135,$I135)=0,TRUE,FALSE),$J135*P$2,0)} -> 0 | Q135: {=IF(_xlfn.SWITCH(TRUE,COLUMN()-COLUMN($J$5)-$G135<0,FALSE,MOD(COLUMN()-COLUMN($J$5)-$G135,$I135)=0,TRUE,FALSE),$J135*Q$2,0)} -> 285294.62 | R135: {=IF(_xlfn.SWITCH(TRUE,COLUMN()-COLUMN($J$5)-$G135<0,FALSE,MOD(COLUMN()-COLUMN($J$5)-$G135,$I135)=0,TRUE,FALSE),$J135*R$2,0)} -> 0 | ... AD135: {=IF(_xlfn.SWITCH(TRUE,COLUMN()-COLUMN($J$5)-$G135<0,FALSE,MOD(COLUMN()-COLUMN($J$5)-$G135,$I135)=0,TRUE,FALSE),$J135*AD$2,0)} -> 0 | AE135: =SUM(K135:AD135) -> 285294.62
A136: MEP & Fire Protection | B136: Exhaust Fans - Garage - Avg 125,400 CFM | D136: Mechanical | E136: Air Distribution | F136: Medium | G136: =H136-2024 -> 7 | H136: 2031 | I136: 25 | J136: =Costs!P135 -> 108000 | K136: {=IF(_xlfn.SWITCH(TRUE,COLUMN()-COLUMN($J$5)-$G136<0,FALSE,MOD(COLUMN()-COLUMN($J$5)-$G136,$I136)=0,TRUE,FALSE),$J136*K$2,0)} -> 0 | L136: {=IF(_xlfn.SWITCH(TRUE,COLUMN()-COLUMN($J$5)-$G136<0,FALSE,MOD(COLUMN()-COLUMN($J$5)-$G136,$I136)=0,TRUE,FALSE),$J136*L$2,0)} -> 0 | M136: {=IF(_xlfn.SWITCH(TRUE,COLUMN()-COLUMN($J$5)-$G136<0,FALSE,MOD(COLUMN()-COLUMN($J$5)-$G136,$I136)=0,TRUE,FALSE),$J136*M$2,0)} -> 0 | N136: {=IF(_xlfn.SWITCH(TRUE,COLUMN()-COLUMN($J$5)-$G136<0,FALSE,MOD(COLUMN()-COLUMN($J$5)-$G136,$I136)=0,TRUE,FALSE),$J136*N$2,0)} -> 0 | O136: {=IF(_xlfn.SWITCH(TRUE,COLUMN()-COLUMN($J$5)-$G136<0,FALSE,MOD(COLUMN()-COLUMN($J$5)-$G136,$I136)=0,TRUE,FALSE),$J136*O$2,0)} -> 0 | P136: {=IF(_xlfn.SWITCH(TRUE,COLUMN()-COLUMN($J$5)-$G136<0,FALSE,MOD(COLUMN()-COLUMN($J$5)-$G136,$I136)=0,TRUE,FALSE),$J136*P$2,0)} -> 0 | Q136: {=IF(_xlfn.SWITCH(TRUE,COLUMN()-COLUMN($J$5)-$G136<0,FALSE,MOD(COLUMN()-COLUMN($J$5)-$G136,$I136)=0,TRUE,FALSE),$J136*Q$2,0)} -> 133471.17 | R136: {=IF(_xlfn.SWITCH(TRUE,COLUMN()-COLUMN($J$5)-$G136<0,FALSE,MOD(COLUMN()-COLUMN($J$5)-$G136,$I136)=0,TRUE,FALSE),$J136*R$2,0)} -> 0 | ... AD136: {=IF(_xlfn.SWITCH(TRUE,COLUMN()-COLUMN($J$5)-$G136<0,FALSE,MOD(COLUMN()-COLUMN($J$5)-$G136,$I136)=0,TRUE,FALSE),$J136*AD$2,0)} -> 0 | AE136: =SUM(K136:AD136) -> 133471.17
A137: MEP & Fire Protection | B137: Exhaust Fans - Smoke - 68,000 CFM | D137: Mechanical | E137: Air Distribution | F137: Medium | G137: =H137-2024 -> 7 | H137: 2031 | I137: 25 | J137: =Costs!P136 -> 33750 | K137: {=IF(_xlfn.SWITCH(TRUE,COLUMN()-COLUMN($J$5)-$G137<0,FALSE,MOD(COLUMN()-COLUMN($J$5)-$G137,$I137)=0,TRUE,FALSE),$J137*K$2,0)} -> 0 | L137: {=IF(_xlfn.SWITCH(TRUE,COLUMN()-COLUMN($J$5)-$G137<0,FALSE,MOD(COLUMN()-COLUMN($J$5)-$G137,$I137)=0,TRUE,FALSE),$J137*L$2,0)} -> 0 | M137: {=IF(_xlfn.SWITCH(TRUE,COLUMN()-COLUMN($J$5)-$G137<0,FALSE,MOD(COLUMN()-COLUMN($J$5)-$G137,$I137)=0,TRUE,FALSE),$J137*M$2,0)} -> 0 | N137: {=IF(_xlfn.SWITCH(TRUE,COLUMN()-COLUMN($J$5)-$G137<0,FALSE,MOD(COLUMN()-COLUMN($J$5)-$G137,$I137)=0,TRUE,FALSE),$J137*N$2,0)} -> 0 | O137: {=IF(_xlfn.SWITCH(TRUE,COLUMN()-COLUMN($J$5)-$G137<0,FALSE,MOD(COLUMN()-COLUMN($J$5)-$G137,$I137)=0,TRUE,FALSE),$J137*O$2,0)} -> 0 | P137: {=IF(_xlfn.SWITCH(TRUE,COLUMN()-COLUMN($J$5)-$G137<0,FALSE,MOD(COLUMN()-COLUMN($J$5)-$G137,$I137)=0,TRUE,FALSE),$J137*P$2,0)} -> 0 | Q137: {=IF(_xlfn.SWITCH(TRUE,COLUMN()-COLUMN($J$5)-$G137<0,FALSE,MOD(COLUMN()-COLUMN($J$5)-$G137,$I137)=0,TRUE,FALSE),$J137*Q$2,0)} -> 41709.739 | R137: {=IF(_xlfn.SWITCH(TRUE,COLUMN()-COLUMN($J$5)-$G137<0,FALSE,MOD(COLUMN()-COLUMN($J$5)-$G137,$I137)=0,TRUE,FALSE),$J137*R$2,0)} -> 0 | ... AD137: {=IF(_xlfn.SWITCH(TRUE,COLUMN()-COLUMN($J$5)-$G137<0,FALSE,MOD(COLUMN()-COLUMN($J$5)-$G137,$I137)=0,TRUE,FALSE),$J137*AD$2,0)} -> 0 | AE137: =SUM(K137:AD137) -> 41709.739
A138: MEP & Fire Protection | B138: Exhaust Fans - Grease - Avg 6,500 CFM | D138: Mechanical | E138: Air Distribution | F138: Medium | G138: =H138-2024 -> 7 | H138: 2031 | I138: 25 | J138: =Costs!P137 -> 340200 | K138: {=IF(_xlfn.SWITCH(TRUE,COLUMN()-COLUMN($J$5)-$G138<0,FALSE,MOD(COLUMN()-COLUMN($J$5)-$G138,$I138)=0,TRUE,FALSE),$J138*K$2,0)} -> 0 | L138: {=IF(_xlfn.SWITCH(TRUE,COLUMN()-COLUMN($J$5)-$G138<0,FALSE,MOD(COLUMN()-COLUMN($J$5)-$G138,$I138)=0,TRUE,FALSE),$J138*L$2,0)} -> 0 | M138: {=IF(_xlfn.SWITCH(TRUE,COLUMN()-COLUMN($J$5)-$G138<0,FALSE,MOD(COLUMN()-COLUMN($J$5)-$G138,$I138)=0,TRUE,FALSE),$J138*M$2,0)} -> 0 | N138: {=IF(_xlfn.SWITCH(TRUE,COLUMN()-COLUMN($J$5)-$G138<0,FALSE,MOD(COLUMN()-COLUMN($J$5)-$G138,$I138)=0,TRUE,FALSE),$J138*N$2,0)} -> 0 | O138: {=IF(_xlfn.SWITCH(TRUE,COLUMN()-COLUMN($J$5)-$G138<0,FALSE,MOD(COLUMN()-COLUMN($J$5)-$G138,$I138)=0,TRUE,FALSE),$J138*O$2,0)} -> 0 | P138: {=IF(_xlfn.SWITCH(TRUE,COLUMN()-COLUMN($J$5)-$G138<0,FALSE,MOD(COLUMN()-COLUMN($J$5)-$G138,$I138)=0,TRUE,FALSE),$J138*P$2,0)} -> 0 | Q138: {=IF(_xlfn.SWITCH(TRUE,COLUMN()-COLUMN($J$5)-$G138<0,FALSE,MOD(COLUMN()-COLUMN($J$5)-$G138,$I138)=0,TRUE,FALSE),$J138*Q$2,0)} -> 420434.17 | R138: {=IF(_xlfn.SWITCH(TRUE,COLUMN()-COLUMN($J$5)-$G138<0,FALSE,MOD(COLUMN()-COLUMN($J$5)-$G138,$I138)=0,TRUE,FALSE),$J138*R$2,0)} -> 0 | ... AD138: {=IF(_xlfn.SWITCH(TRUE,COLUMN()-COLUMN($J$5)-$G138<0,FALSE,MOD(COLUMN()-COLUMN($J$5)-$G138,$I138)=0,TRUE,FALSE),$J138*AD$2,0)} -> 0 | AE138: =SUM(K138:AD138) -> 420434.17
A139: MEP & Fire Protection | B139: Air Curtains - Avg 2,500 CFM | D139: Mechanical | E139: Air Distribution | F139: Medium | G139: =H139-2024 -> 6 | H139: 2030 | I139: 20 | J139: =Costs!P138 -> 351000 | K139: {=IF(_xlfn.SWITCH(TRUE,COLUMN()-COLUMN($J$5)-$G139<0,FALSE,MOD(COLUMN()-COLUMN($J$5)-$G139,$I139)=0,TRUE,FALSE),$J139*K$2,0)} -> 0 | L139: {=IF(_xlfn.SWITCH(TRUE,COLUMN()-COLUMN($J$5)-$G139<0,FALSE,MOD(COLUMN()-COLUMN($J$5)-$G139,$I139)=0,TRUE,FALSE),$J139*L$2,0)} -> 0 | M139: {=IF(_xlfn.SWITCH(TRUE,COLUMN()-COLUMN($J$5)-$G139<0,FALSE,MOD(COLUMN()-COLUMN($J$5)-$G139,$I139)=0,TRUE,FALSE),$J139*M$2,0)} -> 0 | N139: {=IF(_xlfn.SWITCH(TRUE,COLUMN()-COLUMN($J$5)-$G139<0,FALSE,MOD(COLUMN()-COLUMN($J$5)-$G139,$I139)=0,TRUE,FALSE),$J139*N$2,0)} -> 0 | O139: {=IF(_xlfn.SWITCH(TRUE,COLUMN()-COLUMN($J$5)-$G139<0,FALSE,MOD(COLUMN()-COLUMN($J$5)-$G139,$I139)=0,TRUE,FALSE),$J139*O$2,0)} -> 0 | P139: {=IF(_xlfn.SWITCH(TRUE,COLUMN()-COLUMN($J$5)-$G139<0,FALSE,MOD(COLUMN()-COLUMN($J$5)-$G139,$I139)=0,TRUE,FALSE),$J139*P$2,0)} -> 421146.88 | Q139: {=IF(_xlfn.SWITCH(TRUE,COLUMN()-COLUMN($J$5)-$G139<0,FALSE,MOD(COLUMN()-COLUMN($J$5)-$G139,$I139)=0,TRUE,FALSE),$J139*Q$2,0)} -> 0 | R139: {=IF(_xlfn.SWITCH(TRUE,COLUMN()-COLUMN($J$5)-$G139<0,FALSE,MOD(COLUMN()-COLUMN($J$5)-$G139,$I139)=0,TRUE,FALSE),$J139*R$2,0)} -> 0 | ... AD139: {=IF(_xlfn.SWITCH(TRUE,COLUMN()-COLUMN($J$5)-$G139<0,FALSE,MOD(COLUMN()-COLUMN($J$5)-$G139,$I139)=0,TRUE,FALSE),$J139*AD$2,0)} -> 0 | AE139: =SUM(K139:AD139) -> 421146.88
A140: MEP & Fire Protection | B140: VAV Boxes, Hot Water Reheat - Avg 2,100 CFM | D140: Mechanical | E140: Air Distribution | F140: Medium | G140: =H140-2024 -> 6 | H140: 2030 | I140: 20 | J140: =Costs!P139 -> 85050 | K140: {=IF(_xlfn.SWITCH(TRUE,COLUMN()-COLUMN($J$5)-$G140<0,FALSE,MOD(COLUMN()-COLUMN($J$5)-$G140,$I140)=0,TRUE,FALSE),$J140*K$2,0)} -> 0 | L140: {=IF(_xlfn.SWITCH(TRUE,COLUMN()-COLUMN($J$5)-$G140<0,FALSE,MOD(COLUMN()-COLUMN($J$5)-$G140,$I140)=0,TRUE,FALSE),$J140*L$2,0)} -> 0 | M140: {=IF(_xlfn.SWITCH(TRUE,COLUMN()-COLUMN($J$5)-$G140<0,FALSE,MOD(COLUMN()-COLUMN($J$5)-$G140,$I140)=0,TRUE,FALSE),$J140*M$2,0)} -> 0 | N140: {=IF(_xlfn.SWITCH(TRUE,COLUMN()-COLUMN($J$5)-$G140<0,FALSE,MOD(COLUMN()-COLUMN($J$5)-$G140,$I140)=0,TRUE,FALSE),$J140*N$2,0)} -> 0 | O140: {=IF(_xlfn.SWITCH(TRUE,COLUMN()-COLUMN($J$5)-$G140<0,FALSE,MOD(COLUMN()-COLUMN($J$5)-$G140,$I140)=0,TRUE,FALSE),$J140*O$2,0)} -> 0 | P140: {=IF(_xlfn.SWITCH(TRUE,COLUMN()-COLUMN($J$5)-$G140<0,FALSE,MOD(COLUMN()-COLUMN($J$5)-$G140,$I140)=0,TRUE,FALSE),$J140*P$2,0)} -> 102047.13 | Q140: {=IF(_xlfn.SWITCH(TRUE,COLUMN()-COLUMN($J$5)-$G140<0,FALSE,MOD(COLUMN()-COLUMN($J$5)-$G140,$I140)=0,TRUE,FALSE),$J140*Q$2,0)} -> 0 | R140: {=IF(_xlfn.SWITCH(TRUE,COLUMN()-COLUMN($J$5)-$G140<0,FALSE,MOD(COLUMN()-COLUMN($J$5)-$G140,$I140)=0,TRUE,FALSE),$J140*R$2,0)} -> 0 | ... AD140: {=IF(_xlfn.SWITCH(TRUE,COLUMN()-COLUMN($J$5)-$G140<0,FALSE,MOD(COLUMN()-COLUMN($J$5)-$G140,$I140)=0,TRUE,FALSE),$J140*AD$2,0)} -> 0 | AE140: =SUM(K140:AD140) -> 102047.13
A141: MEP & Fire Protection | B141: Hydronic Hot Water Reheat Coils - Avg 1,050 CFM | D141: Mechanical | E141: Air Distribution | F141: Medium | G141: =H141-2024 -> 6 | H141: 2030 | I141: 18 | J141: =Costs!P140 -> 84375 | K141: {=IF(_xlfn.SWITCH(TRUE,COLUMN()-COLUMN($J$5)-$G141<0,FALSE,MOD(COLUMN()-COLUMN($J$5)-$G141,$I141)=0,TRUE,FALSE),$J141*K$2,0)} -> 0 | L141: {=IF(_xlfn.SWITCH(TRUE,COLUMN()-COLUMN($J$5)-$G141<0,FALSE,MOD(COLUMN()-COLUMN($J$5)-$G141,$I141)=0,TRUE,FALSE),$J141*L$2,0)} -> 0 | M141: {=IF(_xlfn.SWITCH(TRUE,COLUMN()-COLUMN($J$5)-$G141<0,FALSE,MOD(COLUMN()-COLUMN($J$5)-$G141,$I141)=0,TRUE,FALSE),$J141*M$2,0)} -> 0 | N141: {=IF(_xlfn.SWITCH(TRUE,COLUMN()-COLUMN($J$5)-$G141<0,FALSE,MOD(COLUMN()-COLUMN($J$5)-$G141,$I141)=0,TRUE,FALSE),$J141*N$2,0)} -> 0 | O141: {=IF(_xlfn.SWITCH(TRUE,COLUMN()-COLUMN($J$5)-$G141<0,FALSE,MOD(COLUMN()-COLUMN($J$5)-$G141,$I141)=0,TRUE,FALSE),$J141*O$2,0)} -> 0 | P141: {=IF(_xlfn.SWITCH(TRUE,COLUMN()-COLUMN($J$5)-$G141<0,FALSE,MOD(COLUMN()-COLUMN($J$5)-$G141,$I141)=0,TRUE,FALSE),$J141*P$2,0)} -> 101237.23 | Q141: {=IF(_xlfn.SWITCH(TRUE,COLUMN()-COLUMN($J$5)-$G141<0,FALSE,MOD(COLUMN()-COLUMN($J$5)-$G141,$I141)=0,TRUE,FALSE),$J141*Q$2,0)} -> 0 | R141: {=IF(_xlfn.SWITCH(TRUE,COLUMN()-COLUMN($J$5)-$G141<0,FALSE,MOD(COLUMN()-COLUMN($J$5)-$G141,$I141)=0,TRUE,FALSE),$J141*R$2,0)} -> 0 | ... AD141: {=IF(_xlfn.SWITCH(TRUE,COLUMN()-COLUMN($J$5)-$G141<0,FALSE,MOD(COLUMN()-COLUMN($J$5)-$G141,$I141)=0,TRUE,FALSE),$J141*AD$2,0)} -> 0 | AE141: =SUM(K141:AD141) -> 101237.23
A142: MEP & Fire Protection | B142: Building Automation System - Siemens | D142: Mechanical | E142: Controls | F142: Low | G142: =H142-2024 -> 18 | H142: 2042 | I142: 25 | J142: =Costs!P141 -> 405000 | K142: {=IF(_xlfn.SWITCH(TRUE,COLUMN()-COLUMN($J$5)-$G142<0,FALSE,MOD(COLUMN()-COLUMN($J$5)-$G142,$I142)=0,TRUE,FALSE),$J142*K$2,0)} -> 0 | L142: {=IF(_xlfn.SWITCH(TRUE,COLUMN()-COLUMN($J$5)-$G142<0,FALSE,MOD(COLUMN()-COLUMN($J$5)-$G142,$I142)=0,TRUE,FALSE),$J142*L$2,0)} -> 0 | M142: {=IF(_xlfn.SWITCH(TRUE,COLUMN()-COLUMN($J$5)-$G142<0,FALSE,MOD(COLUMN()-COLUMN($J$5)-$G142,$I142)=0,TRUE,FALSE),$J142*M$2,0)} -> 0 | N142: {=IF(_xlfn.SWITCH(TRUE,COLUMN()-COLUMN($J$5)-$G142<0,FALSE,MOD(COLUMN()-COLUMN($J$5)-$G142,$I142)=0,TRUE,FALSE),$J142*N$2,0)} -> 0 | O142: {=IF(_xlfn.SWITCH(TRUE,COLUMN()-COLUMN($J$5)-$G142<0,FALSE,MOD(COLUMN()-COLUMN($J$5)-$G142,$I142)=0,TRUE,FALSE),$J142*O$2,0)} -> 0 | P142: {=IF(_xlfn.SWITCH(TRUE,COLUMN()-COLUMN($J$5)-$G142<0,FALSE,MOD(COLUMN()-COLUMN($J$5)-$G142,$I142)=0,TRUE,FALSE),$J142*P$2,0)} -> 0 | Q142: {=IF(_xlfn.SWITCH(TRUE,COLUMN()-COLUMN($J$5)-$G142<0,FALSE,MOD(COLUMN()-COLUMN($J$5)-$G142,$I142)=0,TRUE,FALSE),$J142*Q$2,0)} -> 0 | R142: {=IF(_xlfn.SWITCH(TRUE,COLUMN()-COLUMN($J$5)-$G142<0,FALSE,MOD(COLUMN()-COLUMN($J$5)-$G142,$I142)=0,TRUE,FALSE),$J142*R$2,0)} -> 0 | ... AD142: {=IF(_xlfn.SWITCH(TRUE,COLUMN()-COLUMN($J$5)-$G142<0,FALSE,MOD(COLUMN()-COLUMN($J$5)-$G142,$I142)=0,TRUE,FALSE),$J142*AD$2,0)} -> 0 | AE142: =SUM(K142:AD142) -> 692832.41
A143: MEP & Fire Protection | B143: Generator Replacement | C143: Service Level | D143: Electrical | E143: Emergency Power | F143: Medium | G143: =H143-2024 -> 6 | H143: 2030 | I143: 35 | J143: =Costs!P142 -> 1080000 | K143: {=IF(_xlfn.SWITCH(TRUE,COLUMN()-COLUMN($J$5)-$G143<0,FALSE,MOD(COLUMN()-COLUMN($J$5)-$G143,$I143)=0,TRUE,FALSE),$J143*K$2,0)} -> 0 | L143: {=IF(_xlfn.SWITCH(TRUE,COLUMN()-COLUMN($J$5)-$G143<0,FALSE,MOD(COLUMN()-COLUMN($J$5)-$G143,$I143)=0,TRUE,FALSE),$J143*L$2,0)} -> 0 | M143: {=IF(_xlfn.SWITCH(TRUE,COLUMN()-COLUMN($J$5)-$G143<0,FALSE,MOD(COLUMN()-COLUMN($J$5)-$G143,$I143)=0,TRUE,FALSE),$J143*M$2,0)} -> 0 | N143: {=IF(_xlfn.SWITCH(TRUE,COLUMN()-COLUMN($J$5)-$G143<0,FALSE,MOD(COLUMN()-COLUMN($J$5)-$G143,$I143)=0,TRUE,FALSE),$J143*N$2,0)} -> 0 | O143: {=IF(_xlfn.SWITCH(TRUE,COLUMN()-COLUMN($J$5)-$G143<0,FALSE,MOD(COLUMN()-COLUMN($J$5)-$G143,$I143)=0,TRUE,FALSE),$J143*O$2,0)} -> 0 | P143: {=IF(_xlfn.SWITCH(TRUE,COLUMN()-COLUMN($J$5)-$G143<0,FALSE,MOD(COLUMN()-COLUMN($J$5)-$G143,$I143)=0,TRUE,FALSE),$J143*P$2,0)} -> 1295836.6 | Q143: {=IF(_xlfn.SWITCH(TRUE,COLUMN()-COLUMN($J$5)-$G143<0,FALSE,MOD(COLUMN()-COLUMN($J$5)-$G143,$I143)=0,TRUE,FALSE),$J143*Q$2,0)} -> 0 | R143: {=IF(_xlfn.SWITCH(TRUE,COLUMN()-COLUMN($J$5)-$G143<0,FALSE,MOD(COLUMN()-COLUMN($J$5)-$G143,$I143)=0,TRUE,FALSE),$J143*R$2,0)} -> 0 | ... AD143: {=IF(_xlfn.SWITCH(TRUE,COLUMN()-COLUMN($J$5)-$G143<0,FALSE,MOD(COLUMN()-COLUMN($J$5)-$G143,$I143)=0,TRUE,FALSE),$J143*AD$2,0)} -> 0 | AE143: =SUM(K143:AD143) -> 1295836.6
A144: MEP & Fire Protection | B144: ATS Replacements (2500A) | C144: Service Level | D144: Electrical | E144: Emergency Power | F144: Medium | G144: =H144-2024 -> 6 | H144: 2030 | I144: 25 | J144: =Costs!P143 -> 101250 | K144: {=IF(_xlfn.SWITCH(TRUE,COLUMN()-COLUMN($J$5)-$G144<0,FALSE,MOD(COLUMN()-COLUMN($J$5)-$G144,$I144)=0,TRUE,FALSE),$J144*K$2,0)} -> 0 | L144: {=IF(_xlfn.SWITCH(TRUE,COLUMN()-COLUMN($J$5)-$G144<0,FALSE,MOD(COLUMN()-COLUMN($J$5)-$G144,$I144)=0,TRUE,FALSE),$J144*L$2,0)} -> 0 | M144: {=IF(_xlfn.SWITCH(TRUE,COLUMN()-COLUMN($J$5)-$G144<0,FALSE,MOD(COLUMN()-COLUMN($J$5)-$G144,$I144)=0,TRUE,FALSE),$J144*M$2,0)} -> 0 | N144: {=IF(_xlfn.SWITCH(TRUE,COLUMN()-COLUMN($J$5)-$G144<0,FALSE,MOD(COLUMN()-COLUMN($J$5)-$G144,$I144)=0,TRUE,FALSE),$J144*N$2,0)} -> 0 | O144: {=IF(_xlfn.SWITCH(TRUE,COLUMN()-COLUMN($J$5)-$G144<0,FALSE,MOD(COLUMN()-COLUMN($J$5)-$G144,$I144)=0,TRUE,FALSE),$J144*O$2,0)} -> 0 | P144: {=IF(_xlfn.SWITCH(TRUE,COLUMN()-COLUMN($J$5)-$G144<0,FALSE,MOD(COLUMN()-COLUMN($J$5)-$G144,$I144)=0,TRUE,FALSE),$J144*P$2,0)} -> 121484.68 | Q144: {=IF(_xlfn.SWITCH(TRUE,COLUMN()-COLUMN($J$5)-$G144<0,FALSE,MOD(COLUMN()-COLUMN($J$5)-$G144,$I144)=0,TRUE,FALSE),$J144*Q$2,0)} -> 0 | R144: {=IF(_xlfn.SWITCH(TRUE,COLUMN()-COLUMN($J$5)-$G144<0,FALSE,MOD(COLUMN()-COLUMN($J$5)-$G144,$I144)=0,TRUE,FALSE),$J144*R$2,0)} -> 0 | ... AD144: {=IF(_xlfn.SWITCH(TRUE,COLUMN()-COLUMN($J$5)-$G144<0,FALSE,MOD(COLUMN()-COLUMN($J$5)-$G144,$I144)=0,TRUE,FALSE),$J144*AD$2,0)} -> 0 | AE144: =SUM(K144:AD144) -> 121484.68
A145: MEP & Fire Protection | B145: ATS Replacements (400A) | C145: Service Level | D145: Electrical | E145: Emergency Power | F145: Medium | G145: =H145-2024 -> 6 | H145: 2030 | I145: 25 | J145: =Costs!P144 -> 27000 | K145: {=IF(_xlfn.SWITCH(TRUE,COLUMN()-COLUMN($J$5)-$G145<0,FALSE,MOD(COLUMN()-COLUMN($J$5)-$G145,$I145)=0,TRUE,FALSE),$J145*K$2,0)} -> 0 | L145: {=IF(_xlfn.SWITCH(TRUE,COLUMN()-COLUMN($J$5)-$G145<0,FALSE,MOD(COLUMN()-COLUMN($J$5)-$G145,$I145)=0,TRUE,FALSE),$J145*L$2,0)} -> 0 | M145: {=IF(_xlfn.SWITCH(TRUE,COLUMN()-COLUMN($J$5)-$G145<0,FALSE,MOD(COLUMN()-COLUMN($J$5)-$G145,$I145)=0,TRUE,FALSE),$J145*M$2,0)} -> 0 | N145: {=IF(_xlfn.SWITCH(TRUE,COLUMN()-COLUMN($J$5)-$G145<0,FALSE,MOD(COLUMN()-COLUMN($J$5)-$G145,$I145)=0,TRUE,FALSE),$J145*N$2,0)} -> 0 | O145: {=IF(_xlfn.SWITCH(TRUE,COLUMN()-COLUMN($J$5)-$G145<0,FALSE,MOD(COLUMN()-COLUMN($J$5)-$G145,$I145)=0,TRUE,FALSE),$J145*O$2,0)} -> 0 | P145: {=IF(_xlfn.SWITCH(TRUE,COLUMN()-COLUMN($J$5)-$G145<0,FALSE,MOD(COLUMN()-COLUMN($J$5)-$G145,$I145)=0,TRUE,FALSE),$J145*P$2,0)} -> 32395.914 | Q145: {=IF(_xlfn.SWITCH(TRUE,COLUMN()-COLUMN($J$5)-$G145<0,FALSE,MOD(COLUMN()-COLUMN($J$5)-$G145,$I145)=0,TRUE,FALSE),$J145*Q$2,0)} -> 0 | R145: {=IF(_xlfn.SWITCH(TRUE,COLUMN()-COLUMN($J$5)-$G145<0,FALSE,MOD(COLUMN()-COLUMN($J$5)-$G145,$I145)=0,TRUE,FALSE),$J145*R$2,0)} -> 0 | ... AD145: {=IF(_xlfn.SWITCH(TRUE,COLUMN()-COLUMN($J$5)-$G145<0,FALSE,MOD(COLUMN()-COLUMN($J$5)-$G145,$I145)=0,TRUE,FALSE),$J145*AD$2,0)} -> 0 | AE145: =SUM(K145:AD145) -> 32395.914
A146: MEP & Fire Protection | B146: UPS/Inverter battery replacement/maintained | D146: Electrical | E146: Emergency Power | F146: High | G146: =H146-2024 -> 2 | H146: 2026 | I146: 5 | J146: =Costs!P145 -> 67500 | K146: {=IF(_xlfn.SWITCH(TRUE,COLUMN()-COLUMN($J$5)-$G146<0,FALSE,MOD(COLUMN()-COLUMN($J$5)-$G146,$I146)=0,TRUE,FALSE),$J146*K$2,0)} -> 0 | L146: {=IF(_xlfn.SWITCH(TRUE,COLUMN()-COLUMN($J$5)-$G146<0,FALSE,MOD(COLUMN()-COLUMN($J$5)-$G146,$I146)=0,TRUE,FALSE),$J146*L$2,0)} -> 71958.375 | M146: {=IF(_xlfn.SWITCH(TRUE,COLUMN()-COLUMN($J$5)-$G146<0,FALSE,MOD(COLUMN()-COLUMN($J$5)-$G146,$I146)=0,TRUE,FALSE),$J146*M$2,0)} -> 0 | N146: {=IF(_xlfn.SWITCH(TRUE,COLUMN()-COLUMN($J$5)-$G146<0,FALSE,MOD(COLUMN()-COLUMN($J$5)-$G146,$I146)=0,TRUE,FALSE),$J146*N$2,0)} -> 0 | O146: {=IF(_xlfn.SWITCH(TRUE,COLUMN()-COLUMN($J$5)-$G146<0,FALSE,MOD(COLUMN()-COLUMN($J$5)-$G146,$I146)=0,TRUE,FALSE),$J146*O$2,0)} -> 0 | P146: {=IF(_xlfn.SWITCH(TRUE,COLUMN()-COLUMN($J$5)-$G146<0,FALSE,MOD(COLUMN()-COLUMN($J$5)-$G146,$I146)=0,TRUE,FALSE),$J146*P$2,0)} -> 0 | Q146: {=IF(_xlfn.SWITCH(TRUE,COLUMN()-COLUMN($J$5)-$G146<0,FALSE,MOD(COLUMN()-COLUMN($J$5)-$G146,$I146)=0,TRUE,FALSE),$J146*Q$2,0)} -> 83419.479 | R146: {=IF(_xlfn.SWITCH(TRUE,COLUMN()-COLUMN($J$5)-$G146<0,FALSE,MOD(COLUMN()-COLUMN($J$5)-$G146,$I146)=0,TRUE,FALSE),$J146*R$2,0)} -> 0 | ... AD146: {=IF(_xlfn.SWITCH(TRUE,COLUMN()-COLUMN($J$5)-$G146<0,FALSE,MOD(COLUMN()-COLUMN($J$5)-$G146,$I146)=0,TRUE,FALSE),$J146*AD$2,0)} -> 0 | AE146: =SUM(K146:AD146) -> 364192.7
A147: MEP & Fire Protection | B147: Electrical Main Switchgear | C147: Service Level | D147: Electrical | E147: Power | F147: Low | G147: =H147-2024 -> 16 | H147: 2040 | I147: 40 | J147: =Costs!P146 -> 1080000 | K147: {=IF(_xlfn.SWITCH(TRUE,COLUMN()-COLUMN($J$5)-$G147<0,FALSE,MOD(COLUMN()-COLUMN($J$5)-$G147,$I147)=0,TRUE,FALSE),$J147*K$2,0)} -> 0 | L147: {=IF(_xlfn.SWITCH(TRUE,COLUMN()-COLUMN($J$5)-$G147<0,FALSE,MOD(COLUMN()-COLUMN($J$5)-$G147,$I147)=0,TRUE,FALSE),$J147*L$2,0)} -> 0 | M147: {=IF(_xlfn.SWITCH(TRUE,COLUMN()-COLUMN($J$5)-$G147<0,FALSE,MOD(COLUMN()-COLUMN($J$5)-$G147,$I147)=0,TRUE,FALSE),$J147*M$2,0)} -> 0 | N147: {=IF(_xlfn.SWITCH(TRUE,COLUMN()-COLUMN($J$5)-$G147<0,FALSE,MOD(COLUMN()-COLUMN($J$5)-$G147,$I147)=0,TRUE,FALSE),$J147*N$2,0)} -> 0 | O147: {=IF(_xlfn.SWITCH(TRUE,COLUMN()-COLUMN($J$5)-$G147<0,FALSE,MOD(COLUMN()-COLUMN($J$5)-$G147,$I147)=0,TRUE,FALSE),$J147*O$2,0)} -> 0 | P147: {=IF(_xlfn.SWITCH(TRUE,COLUMN()-COLUMN($J$5)-$G147<0,FALSE,MOD(COLUMN()-COLUMN($J$5)-$G147,$I147)=0,TRUE,FALSE),$J147*P$2,0)} -> 0 | Q147: {=IF(_xlfn.SWITCH(TRUE,COLUMN()-COLUMN($J$5)-$G147<0,FALSE,MOD(COLUMN()-COLUMN($J$5)-$G147,$I147)=0,TRUE,FALSE),$J147*Q$2,0)} -> 0 | R147: {=IF(_xlfn.SWITCH(TRUE,COLUMN()-COLUMN($J$5)-$G147<0,FALSE,MOD(COLUMN()-COLUMN($J$5)-$G147,$I147)=0,TRUE,FALSE),$J147*R$2,0)} -> 0 | ... AD147: {=IF(_xlfn.SWITCH(TRUE,COLUMN()-COLUMN($J$5)-$G147<0,FALSE,MOD(COLUMN()-COLUMN($J$5)-$G147,$I147)=0,TRUE,FALSE),$J147*AD$2,0)} -> 0 | AE147: =SUM(K147:AD147) -> 1741496
A148: MEP & Fire Protection | B148: Main Switchgear Spare Breakers | C148: Service Level | D148: Electrical | E148: Power | F148: High | G148: =H148-2024 -> 3 | H148: 2027 | I148: 25 | J148: =Costs!P147 -> 168750 | K148: {=IF(_xlfn.SWITCH(TRUE,COLUMN()-COLUMN($J$5)-$G148<0,FALSE,MOD(COLUMN()-COLUMN($J$5)-$G148,$I148)=0,TRUE,FALSE),$J148*K$2,0)} -> 0 | L148: {=IF(_xlfn.SWITCH(TRUE,COLUMN()-COLUMN($J$5)-$G148<0,FALSE,MOD(COLUMN()-COLUMN($J$5)-$G148,$I148)=0,TRUE,FALSE),$J148*L$2,0)} -> 0 | M148: {=IF(_xlfn.SWITCH(TRUE,COLUMN()-COLUMN($J$5)-$G148<0,FALSE,MOD(COLUMN()-COLUMN($J$5)-$G148,$I148)=0,TRUE,FALSE),$J148*M$2,0)} -> 185292.82 | N148: {=IF(_xlfn.SWITCH(TRUE,COLUMN()-COLUMN($J$5)-$G148<0,FALSE,MOD(COLUMN()-COLUMN($J$5)-$G148,$I148)=0,TRUE,FALSE),$J148*N$2,0)} -> 0 | O148: {=IF(_xlfn.SWITCH(TRUE,COLUMN()-COLUMN($J$5)-$G148<0,FALSE,MOD(COLUMN()-COLUMN($J$5)-$G148,$I148)=0,TRUE,FALSE),$J148*O$2,0)} -> 0 | P148: {=IF(_xlfn.SWITCH(TRUE,COLUMN()-COLUMN($J$5)-$G148<0,FALSE,MOD(COLUMN()-COLUMN($J$5)-$G148,$I148)=0,TRUE,FALSE),$J148*P$2,0)} -> 0 | Q148: {=IF(_xlfn.SWITCH(TRUE,COLUMN()-COLUMN($J$5)-$G148<0,FALSE,MOD(COLUMN()-COLUMN($J$5)-$G148,$I148)=0,TRUE,FALSE),$J148*Q$2,0)} -> 0 | R148: {=IF(_xlfn.SWITCH(TRUE,COLUMN()-COLUMN($J$5)-$G148<0,FALSE,MOD(COLUMN()-COLUMN($J$5)-$G148,$I148)=0,TRUE,FALSE),$J148*R$2,0)} -> 0 | ... AD148: {=IF(_xlfn.SWITCH(TRUE,COLUMN()-COLUMN($J$5)-$G148<0,FALSE,MOD(COLUMN()-COLUMN($J$5)-$G148,$I148)=0,TRUE,FALSE),$J148*AD$2,0)} -> 0 | AE148: =SUM(K148:AD148) -> 185292.82
A149: MEP & Fire Protection | B149: Electrical Branch Distribution Replacement (During Renovations) | D149: Electrical | E149: Power | F149: High | G149: =H149-2024 -> 3 | H149: 2027 | I149: 40 | J149: =Costs!P148 -> 6750000 | K149: {=IF(_xlfn.SWITCH(TRUE,COLUMN()-COLUMN($J$5)-$G149<0,FALSE,MOD(COLUMN()-COLUMN($J$5)-$G149,$I149)=0,TRUE,FALSE),$J149*K$2,0)} -> 0 | L149: {=IF(_xlfn.SWITCH(TRUE,COLUMN()-COLUMN($J$5)-$G149<0,FALSE,MOD(COLUMN()-COLUMN($J$5)-$G149,$I149)=0,TRUE,FALSE),$J149*L$2,0)} -> 0 | M149: {=IF(_xlfn.SWITCH(TRUE,COLUMN()-COLUMN($J$5)-$G149<0,FALSE,MOD(COLUMN()-COLUMN($J$5)-$G149,$I149)=0,TRUE,FALSE),$J149*M$2,0)} -> 7411712.6 | N149: {=IF(_xlfn.SWITCH(TRUE,COLUMN()-COLUMN($J$5)-$G149<0,FALSE,MOD(COLUMN()-COLUMN($J$5)-$G149,$I149)=0,TRUE,FALSE),$J149*N$2,0)} -> 0 | O149: {=IF(_xlfn.SWITCH(TRUE,COLUMN()-COLUMN($J$5)-$G149<0,FALSE,MOD(COLUMN()-COLUMN($J$5)-$G149,$I149)=0,TRUE,FALSE),$J149*O$2,0)} -> 0 | P149: {=IF(_xlfn.SWITCH(TRUE,COLUMN()-COLUMN($J$5)-$G149<0,FALSE,MOD(COLUMN()-COLUMN($J$5)-$G149,$I149)=0,TRUE,FALSE),$J149*P$2,0)} -> 0 | Q149: {=IF(_xlfn.SWITCH(TRUE,COLUMN()-COLUMN($J$5)-$G149<0,FALSE,MOD(COLUMN()-COLUMN($J$5)-$G149,$I149)=0,TRUE,FALSE),$J149*Q$2,0)} -> 0 | R149: {=IF(_xlfn.SWITCH(TRUE,COLUMN()-COLUMN($J$5)-$G149<0,FALSE,MOD(COLUMN()-COLUMN($J$5)-$G149,$I149)=0,TRUE,FALSE),$J149*R$2,0)} -> 0 | ... AD149: {=IF(_xlfn.SWITCH(TRUE,COLUMN()-COLUMN($J$5)-$G149<0,FALSE,MOD(COLUMN()-COLUMN($J$5)-$G149,$I149)=0,TRUE,FALSE),$J149*AD$2,0)} -> 0 | AE149: =SUM(K149:AD149) -> 7411712.6
A150: MEP & Fire Protection | B150: Bus Duct Maintained | D150: Electrical | E150: Power | F150: Medium | G150: =H150-2024 -> 3 | H150: 2027 | I150: 5 | J150: =Costs!P149 -> 13500 | K150: {=IF(_xlfn.SWITCH(TRUE,COLUMN()-COLUMN($J$5)-$G150<0,FALSE,MOD(COLUMN()-COLUMN($J$5)-$G150,$I150)=0,TRUE,FALSE),$J150*K$2,0)} -> 0 | L150: {=IF(_xlfn.SWITCH(TRUE,COLUMN()-COLUMN($J$5)-$G150<0,FALSE,MOD(COLUMN()-COLUMN($J$5)-$G150,$I150)=0,TRUE,FALSE),$J150*L$2,0)} -> 0 | M150: {=IF(_xlfn.SWITCH(TRUE,COLUMN()-COLUMN($J$5)-$G150<0,FALSE,MOD(COLUMN()-COLUMN($J$5)-$G150,$I150)=0,TRUE,FALSE),$J150*M$2,0)} -> 14823.425 | N150: {=IF(_xlfn.SWITCH(TRUE,COLUMN()-COLUMN($J$5)-$G150<0,FALSE,MOD(COLUMN()-COLUMN($J$5)-$G150,$I150)=0,TRUE,FALSE),$J150*N$2,0)} -> 0 | O150: {=IF(_xlfn.SWITCH(TRUE,COLUMN()-COLUMN($J$5)-$G150<0,FALSE,MOD(COLUMN()-COLUMN($J$5)-$G150,$I150)=0,TRUE,FALSE),$J150*O$2,0)} -> 0 | P150: {=IF(_xlfn.SWITCH(TRUE,COLUMN()-COLUMN($J$5)-$G150<0,FALSE,MOD(COLUMN()-COLUMN($J$5)-$G150,$I150)=0,TRUE,FALSE),$J150*P$2,0)} -> 0 | Q150: {=IF(_xlfn.SWITCH(TRUE,COLUMN()-COLUMN($J$5)-$G150<0,FALSE,MOD(COLUMN()-COLUMN($J$5)-$G150,$I150)=0,TRUE,FALSE),$J150*Q$2,0)} -> 0 | R150: {=IF(_xlfn.SWITCH(TRUE,COLUMN()-COLUMN($J$5)-$G150<0,FALSE,MOD(COLUMN()-COLUMN($J$5)-$G150,$I150)=0,TRUE,FALSE),$J150*R$2,0)} -> 17184.413 | ... AD150: {=IF(_xlfn.SWITCH(TRUE,COLUMN()-COLUMN($J$5)-$G150<0,FALSE,MOD(COLUMN()-COLUMN($J$5)-$G150,$I150)=0,TRUE,FALSE),$J150*AD$2,0)} -> 0 | AE150: =SUM(K150:AD150) -> 75023.695
A151: MEP & Fire Protection | B151: Infrared Scanning | D151: Electrical | E151: Power | F151: High | G151: =H151-2024 -> 1 | H151: 2025 | I151: 3 | J151: =Costs!P150 -> 13500 | K151: {=IF(_xlfn.SWITCH(TRUE,COLUMN()-COLUMN($J$5)-$G151<0,FALSE,MOD(COLUMN()-COLUMN($J$5)-$G151,$I151)=0,TRUE,FALSE),$J151*K$2,0)} -> 13972.5 | L151: {=IF(_xlfn.SWITCH(TRUE,COLUMN()-COLUMN($J$5)-$G151<0,FALSE,MOD(COLUMN()-COLUMN($J$5)-$G151,$I151)=0,TRUE,FALSE),$J151*L$2,0)} -> 0 | M151: {=IF(_xlfn.SWITCH(TRUE,COLUMN()-COLUMN($J$5)-$G151<0,FALSE,MOD(COLUMN()-COLUMN($J$5)-$G151,$I151)=0,TRUE,FALSE),$J151*M$2,0)} -> 0 | N151: {=IF(_xlfn.SWITCH(TRUE,COLUMN()-COLUMN($J$5)-$G151<0,FALSE,MOD(COLUMN()-COLUMN($J$5)-$G151,$I151)=0,TRUE,FALSE),$J151*N$2,0)} -> 15268.128 | O151: {=IF(_xlfn.SWITCH(TRUE,COLUMN()-COLUMN($J$5)-$G151<0,FALSE,MOD(COLUMN()-COLUMN($J$5)-$G151,$I151)=0,TRUE,FALSE),$J151*O$2,0)} -> 0 | P151: {=IF(_xlfn.SWITCH(TRUE,COLUMN()-COLUMN($J$5)-$G151<0,FALSE,MOD(COLUMN()-COLUMN($J$5)-$G151,$I151)=0,TRUE,FALSE),$J151*P$2,0)} -> 0 | Q151: {=IF(_xlfn.SWITCH(TRUE,COLUMN()-COLUMN($J$5)-$G151<0,FALSE,MOD(COLUMN()-COLUMN($J$5)-$G151,$I151)=0,TRUE,FALSE),$J151*Q$2,0)} -> 16683.896 | R151: {=IF(_xlfn.SWITCH(TRUE,COLUMN()-COLUMN($J$5)-$G151<0,FALSE,MOD(COLUMN()-COLUMN($J$5)-$G151,$I151)=0,TRUE,FALSE),$J151*R$2,0)} -> 0 | ... AD151: {=IF(_xlfn.SWITCH(TRUE,COLUMN()-COLUMN($J$5)-$G151<0,FALSE,MOD(COLUMN()-COLUMN($J$5)-$G151,$I151)=0,TRUE,FALSE),$J151*AD$2,0)} -> 0 | AE151: =SUM(K151:AD151) -> 129632.86
A152: MEP & Fire Protection | B152: Arc Flash Analysis for all Electrical Distribution Equipment | D152: Electrical | E152: Power | F152: Medium | G152: =H152-2024 -> 4 | H152: 2028 | I152: 5 | J152: =Costs!P151 -> 202500 | K152: {=IF(_xlfn.SWITCH(TRUE,COLUMN()-COLUMN($J$5)-$G152<0,FALSE,MOD(COLUMN()-COLUMN($J$5)-$G152,$I152)=0,TRUE,FALSE),$J152*K$2,0)} -> 0 | L152: {=IF(_xlfn.SWITCH(TRUE,COLUMN()-COLUMN($J$5)-$G152<0,FALSE,MOD(COLUMN()-COLUMN($J$5)-$G152,$I152)=0,TRUE,FALSE),$J152*L$2,0)} -> 0 | M152: {=IF(_xlfn.SWITCH(TRUE,COLUMN()-COLUMN($J$5)-$G152<0,FALSE,MOD(COLUMN()-COLUMN($J$5)-$G152,$I152)=0,TRUE,FALSE),$J152*M$2,0)} -> 0 | N152: {=IF(_xlfn.SWITCH(TRUE,COLUMN()-COLUMN($J$5)-$G152<0,FALSE,MOD(COLUMN()-COLUMN($J$5)-$G152,$I152)=0,TRUE,FALSE),$J152*N$2,0)} -> 229021.92 | O152: {=IF(_xlfn.SWITCH(TRUE,COLUMN()-COLUMN($J$5)-$G152<0,FALSE,MOD(COLUMN()-COLUMN($J$5)-$G152,$I152)=0,TRUE,FALSE),$J152*O$2,0)} -> 0 | P152: {=IF(_xlfn.SWITCH(TRUE,COLUMN()-COLUMN($J$5)-$G152<0,FALSE,MOD(COLUMN()-COLUMN($J$5)-$G152,$I152)=0,TRUE,FALSE),$J152*P$2,0)} -> 0 | Q152: {=IF(_xlfn.SWITCH(TRUE,COLUMN()-COLUMN($J$5)-$G152<0,FALSE,MOD(COLUMN()-COLUMN($J$5)-$G152,$I152)=0,TRUE,FALSE),$J152*Q$2,0)} -> 0 | R152: {=IF(_xlfn.SWITCH(TRUE,COLUMN()-COLUMN($J$5)-$G152<0,FALSE,MOD(COLUMN()-COLUMN($J$5)-$G152,$I152)=0,TRUE,FALSE),$J152*R$2,0)} -> 0 | ... AD152: {=IF(_xlfn.SWITCH(TRUE,COLUMN()-COLUMN($J$5)-$G152<0,FALSE,MOD(COLUMN()-COLUMN($J$5)-$G152,$I152)=0,TRUE,FALSE),$J152*AD$2,0)} -> 0 | AE152: =SUM(K152:AD152) -> 1159116.1
A153: MEP & Fire Protection | B153: Broadcast/Show Power Equipment Replacement | D153: Electrical | E153: Power | F153: Low | G153: =H153-2024 -> 8 | H153: 2032 | I153: 25 | J153: =Costs!P152 -> 459000 | K153: {=IF(_xlfn.SWITCH(TRUE,COLUMN()-COLUMN($J$5)-$G153<0,FALSE,MOD(COLUMN()-COLUMN($J$5)-$G153,$I153)=0,TRUE,FALSE),$J153*K$2,0)} -> 0 | L153: {=IF(_xlfn.SWITCH(TRUE,COLUMN()-COLUMN($J$5)-$G153<0,FALSE,MOD(COLUMN()-COLUMN($J$5)-$G153,$I153)=0,TRUE,FALSE),$J153*L$2,0)} -> 0 | M153: {=IF(_xlfn.SWITCH(TRUE,COLUMN()-COLUMN($J$5)-$G153<0,FALSE,MOD(COLUMN()-COLUMN($J$5)-$G153,$I153)=0,TRUE,FALSE),$J153*M$2,0)} -> 0 | N153: {=IF(_xlfn.SWITCH(TRUE,COLUMN()-COLUMN($J$5)-$G153<0,FALSE,MOD(COLUMN()-COLUMN($J$5)-$G153,$I153)=0,TRUE,FALSE),$J153*N$2,0)} -> 0 | O153: {=IF(_xlfn.SWITCH(TRUE,COLUMN()-COLUMN($J$5)-$G153<0,FALSE,MOD(COLUMN()-COLUMN($J$5)-$G153,$I153)=0,TRUE,FALSE),$J153*O$2,0)} -> 0 | P153: {=IF(_xlfn.SWITCH(TRUE,COLUMN()-COLUMN($J$5)-$G153<0,FALSE,MOD(COLUMN()-COLUMN($J$5)-$G153,$I153)=0,TRUE,FALSE),$J153*P$2,0)} -> 0 | Q153: {=IF(_xlfn.SWITCH(TRUE,COLUMN()-COLUMN($J$5)-$G153<0,FALSE,MOD(COLUMN()-COLUMN($J$5)-$G153,$I153)=0,TRUE,FALSE),$J153*Q$2,0)} -> 0 | R153: {=IF(_xlfn.SWITCH(TRUE,COLUMN()-COLUMN($J$5)-$G153<0,FALSE,MOD(COLUMN()-COLUMN($J$5)-$G153,$I153)=0,TRUE,FALSE),$J153*R$2,0)} -> 584270.03 | ... AD153: {=IF(_xlfn.SWITCH(TRUE,COLUMN()-COLUMN($J$5)-$G153<0,FALSE,MOD(COLUMN()-COLUMN($J$5)-$G153,$I153)=0,TRUE,FALSE),$J153*AD$2,0)} -> 0 | AE153: =SUM(K153:AD153) -> 584270.03
A154: MEP & Fire Protection | B154: Network Lighting Control System | D154: Electrical | E154: Lighting Controls | F154: High | G154: =H154-2024 -> 3 | H154: 2027 | I154: 15 | J154: =Costs!P153 -> 2025000 | K154: {=IF(_xlfn.SWITCH(TRUE,COLUMN()-COLUMN($J$5)-$G154<0,FALSE,MOD(COLUMN()-COLUMN($J$5)-$G154,$I154)=0,TRUE,FALSE),$J154*K$2,0)} -> 0 | L154: {=IF(_xlfn.SWITCH(TRUE,COLUMN()-COLUMN($J$5)-$G154<0,FALSE,MOD(COLUMN()-COLUMN($J$5)-$G154,$I154)=0,TRUE,FALSE),$J154*L$2,0)} -> 0 | M154: {=IF(_xlfn.SWITCH(TRUE,COLUMN()-COLUMN($J$5)-$G154<0,FALSE,MOD(COLUMN()-COLUMN($J$5)-$G154,$I154)=0,TRUE,FALSE),$J154*M$2,0)} -> 2223513.8 | N154: {=IF(_xlfn.SWITCH(TRUE,COLUMN()-COLUMN($J$5)-$G154<0,FALSE,MOD(COLUMN()-COLUMN($J$5)-$G154,$I154)=0,TRUE,FALSE),$J154*N$2,0)} -> 0 | O154: {=IF(_xlfn.SWITCH(TRUE,COLUMN()-COLUMN($J$5)-$G154<0,FALSE,MOD(COLUMN()-COLUMN($J$5)-$G154,$I154)=0,TRUE,FALSE),$J154*O$2,0)} -> 0 | P154: {=IF(_xlfn.SWITCH(TRUE,COLUMN()-COLUMN($J$5)-$G154<0,FALSE,MOD(COLUMN()-COLUMN($J$5)-$G154,$I154)=0,TRUE,FALSE),$J154*P$2,0)} -> 0 | Q154: {=IF(_xlfn.SWITCH(TRUE,COLUMN()-COLUMN($J$5)-$G154<0,FALSE,MOD(COLUMN()-COLUMN($J$5)-$G154,$I154)=0,TRUE,FALSE),$J154*Q$2,0)} -> 0 | R154: {=IF(_xlfn.SWITCH(TRUE,COLUMN()-COLUMN($J$5)-$G154<0,FALSE,MOD(COLUMN()-COLUMN($J$5)-$G154,$I154)=0,TRUE,FALSE),$J154*R$2,0)} -> 0 | ... AD154: {=IF(_xlfn.SWITCH(TRUE,COLUMN()-COLUMN($J$5)-$G154<0,FALSE,MOD(COLUMN()-COLUMN($J$5)-$G154,$I154)=0,TRUE,FALSE),$J154*AD$2,0)} -> 0 | AE154: =SUM(K154:AD154) -> 5687675.8
A155: MEP & Fire Protection | B155: Sports Lighting and Controls | D155: Electrical | E155: Lighting | F155: Low | G155: =H155-2024 -> 19 | H155: 2043 | I155: 25 | J155: =Costs!P154 -> 2160000 | K155: {=IF(_xlfn.SWITCH(TRUE,COLUMN()-COLUMN($J$5)-$G155<0,FALSE,MOD(COLUMN()-COLUMN($J$5)-$G155,$I155)=0,TRUE,FALSE),$J155*K$2,0)} -> 0 | L155: {=IF(_xlfn.SWITCH(TRUE,COLUMN()-COLUMN($J$5)-$G155<0,FALSE,MOD(COLUMN()-COLUMN($J$5)-$G155,$I155)=0,TRUE,FALSE),$J155*L$2,0)} -> 0 | M155: {=IF(_xlfn.SWITCH(TRUE,COLUMN()-COLUMN($J$5)-$G155<0,FALSE,MOD(COLUMN()-COLUMN($J$5)-$G155,$I155)=0,TRUE,FALSE),$J155*M$2,0)} -> 0 | N155: {=IF(_xlfn.SWITCH(TRUE,COLUMN()-COLUMN($J$5)-$G155<0,FALSE,MOD(COLUMN()-COLUMN($J$5)-$G155,$I155)=0,TRUE,FALSE),$J155*N$2,0)} -> 0 | O155: {=IF(_xlfn.SWITCH(TRUE,COLUMN()-COLUMN($J$5)-$G155<0,FALSE,MOD(COLUMN()-COLUMN($J$5)-$G155,$I155)=0,TRUE,FALSE),$J155*O$2,0)} -> 0 | P155: {=IF(_xlfn.SWITCH(TRUE,COLUMN()-COLUMN($J$5)-$G155<0,FALSE,MOD(COLUMN()-COLUMN($J$5)-$G155,$I155)=0,TRUE,FALSE),$J155*P$2,0)} -> 0 | Q155: {=IF(_xlfn.SWITCH(TRUE,COLUMN()-COLUMN($J$5)-$G155<0,FALSE,MOD(COLUMN()-COLUMN($J$5)-$G155,$I155)=0,TRUE,FALSE),$J155*Q$2,0)} -> 0 | R155: {=IF(_xlfn.SWITCH(TRUE,COLUMN()-COLUMN($J$5)-$G155<0,FALSE,MOD(COLUMN()-COLUMN($J$5)-$G155,$I155)=0,TRUE,FALSE),$J155*R$2,0)} -> 0 | ... AD155: {=IF(_xlfn.SWITCH(TRUE,COLUMN()-COLUMN($J$5)-$G155<0,FALSE,MOD(COLUMN()-COLUMN($J$5)-$G155,$I155)=0,TRUE,FALSE),$J155*AD$2,0)} -> 0 | AE155: =SUM(K155:AD155) -> 3805959.4
A156: MEP & Fire Protection | B156: Lighting LED Upgrades (Front of House) | D156: Electrical | E156: Lighting | F156: High | G156: =H156-2024 -> 3 | H156: 2027 | I156: 20 | J156: =Costs!P155 -> 6750000 | K156: {=IF(_xlfn.SWITCH(TRUE,COLUMN()-COLUMN($J$5)-$G156<0,FALSE,MOD(COLUMN()-COLUMN($J$5)-$G156,$I156)=0,TRUE,FALSE),$J156*K$2,0)} -> 0 | L156: {=IF(_xlfn.SWITCH(TRUE,COLUMN()-COLUMN($J$5)-$G156<0,FALSE,MOD(COLUMN()-COLUMN($J$5)-$G156,$I156)=0,TRUE,FALSE),$J156*L$2,0)} -> 0 | M156: {=IF(_xlfn.SWITCH(TRUE,COLUMN()-COLUMN($J$5)-$G156<0,FALSE,MOD(COLUMN()-COLUMN($J$5)-$G156,$I156)=0,TRUE,FALSE),$J156*M$2,0)} -> 7411712.6 | N156: {=IF(_xlfn.SWITCH(TRUE,COLUMN()-COLUMN($J$5)-$G156<0,FALSE,MOD(COLUMN()-COLUMN($J$5)-$G156,$I156)=0,TRUE,FALSE),$J156*N$2,0)} -> 0 | O156: {=IF(_xlfn.SWITCH(TRUE,COLUMN()-COLUMN($J$5)-$G156<0,FALSE,MOD(COLUMN()-COLUMN($J$5)-$G156,$I156)=0,TRUE,FALSE),$J156*O$2,0)} -> 0 | P156: {=IF(_xlfn.SWITCH(TRUE,COLUMN()-COLUMN($J$5)-$G156<0,FALSE,MOD(COLUMN()-COLUMN($J$5)-$G156,$I156)=0,TRUE,FALSE),$J156*P$2,0)} -> 0 | Q156: {=IF(_xlfn.SWITCH(TRUE,COLUMN()-COLUMN($J$5)-$G156<0,FALSE,MOD(COLUMN()-COLUMN($J$5)-$G156,$I156)=0,TRUE,FALSE),$J156*Q$2,0)} -> 0 | R156: {=IF(_xlfn.SWITCH(TRUE,COLUMN()-COLUMN($J$5)-$G156<0,FALSE,MOD(COLUMN()-COLUMN($J$5)-$G156,$I156)=0,TRUE,FALSE),$J156*R$2,0)} -> 0 | ... AD156: {=IF(_xlfn.SWITCH(TRUE,COLUMN()-COLUMN($J$5)-$G156<0,FALSE,MOD(COLUMN()-COLUMN($J$5)-$G156,$I156)=0,TRUE,FALSE),$J156*AD$2,0)} -> 0 | AE156: =SUM(K156:AD156) -> 7411712.6
A157: MEP & Fire Protection | B157: Lighting LED Upgrades (Back of House) | D157: Electrical | E157: Lighting | F157: High | G157: =H157-2024 -> 3 | H157: 2027 | I157: 20 | J157: =Costs!P156 -> 2025000 | K157: {=IF(_xlfn.SWITCH(TRUE,COLUMN()-COLUMN($J$5)-$G157<0,FALSE,MOD(COLUMN()-COLUMN($J$5)-$G157,$I157)=0,TRUE,FALSE),$J157*K$2,0)} -> 0 | L157: {=IF(_xlfn.SWITCH(TRUE,COLUMN()-COLUMN($J$5)-$G157<0,FALSE,MOD(COLUMN()-COLUMN($J$5)-$G157,$I157)=0,TRUE,FALSE),$J157*L$2,0)} -> 0 | M157: {=IF(_xlfn.SWITCH(TRUE,COLUMN()-COLUMN($J$5)-$G157<0,FALSE,MOD(COLUMN()-COLUMN($J$5)-$G157,$I157)=0,TRUE,FALSE),$J157*M$2,0)} -> 2223513.8 | N157: {=IF(_xlfn.SWITCH(TRUE,COLUMN()-COLUMN($J$5)-$G157<0,FALSE,MOD(COLUMN()-COLUMN($J$5)-$G157,$I157)=0,TRUE,FALSE),$J157*N$2,0)} -> 0 | O157: {=IF(_xlfn.SWITCH(TRUE,COLUMN()-COLUMN($J$5)-$G157<0,FALSE,MOD(COLUMN()-COLUMN($J$5)-$G157,$I157)=0,TRUE,FALSE),$J157*O$2,0)} -> 0 | P157: {=IF(_xlfn.SWITCH(TRUE,COLUMN()-COLUMN($J$5)-$G157<0,FALSE,MOD(COLUMN()-COLUMN($J$5)-$G157,$I157)=0,TRUE,FALSE),$J157*P$2,0)} -> 0 | Q157: {=IF(_xlfn.SWITCH(TRUE,COLUMN()-COLUMN($J$5)-$G157<0,FALSE,MOD(COLUMN()-COLUMN($J$5)-$G157,$I157)=0,TRUE,FALSE),$J157*Q$2,0)} -> 0 | R157: {=IF(_xlfn.SWITCH(TRUE,COLUMN()-COLUMN($J$5)-$G157<0,FALSE,MOD(COLUMN()-COLUMN($J$5)-$G157,$I157)=0,TRUE,FALSE),$J157*R$2,0)} -> 0 | ... AD157: {=IF(_xlfn.SWITCH(TRUE,COLUMN()-COLUMN($J$5)-$G157<0,FALSE,MOD(COLUMN()-COLUMN($J$5)-$G157,$I157)=0,TRUE,FALSE),$J157*AD$2,0)} -> 0 | AE157: =SUM(K157:AD157) -> 2223513.8
A158: MEP & Fire Protection | B158: Premium Fixture Drivers | D158: Electrical | E158: Lighting | F158: High | G158: =H158-2024 -> 3 | H158: 2027 | I158: 15 | J158: =Costs!P157 -> 13500 | K158: {=IF(_xlfn.SWITCH(TRUE,COLUMN()-COLUMN($J$5)-$G158<0,FALSE,MOD(COLUMN()-COLUMN($J$5)-$G158,$I158)=0,TRUE,FALSE),$J158*K$2,0)} -> 0 | L158: {=IF(_xlfn.SWITCH(TRUE,COLUMN()-COLUMN($J$5)-$G158<0,FALSE,MOD(COLUMN()-COLUMN($J$5)-$G158,$I158)=0,TRUE,FALSE),$J158*L$2,0)} -> 0 | M158: {=IF(_xlfn.SWITCH(TRUE,COLUMN()-COLUMN($J$5)-$G158<0,FALSE,MOD(COLUMN()-COLUMN($J$5)-$G158,$I158)=0,TRUE,FALSE),$J158*M$2,0)} -> 14823.425 | N158: {=IF(_xlfn.SWITCH(TRUE,COLUMN()-COLUMN($J$5)-$G158<0,FALSE,MOD(COLUMN()-COLUMN($J$5)-$G158,$I158)=0,TRUE,FALSE),$J158*N$2,0)} -> 0 | O158: {=IF(_xlfn.SWITCH(TRUE,COLUMN()-COLUMN($J$5)-$G158<0,FALSE,MOD(COLUMN()-COLUMN($J$5)-$G158,$I158)=0,TRUE,FALSE),$J158*O$2,0)} -> 0 | P158: {=IF(_xlfn.SWITCH(TRUE,COLUMN()-COLUMN($J$5)-$G158<0,FALSE,MOD(COLUMN()-COLUMN($J$5)-$G158,$I158)=0,TRUE,FALSE),$J158*P$2,0)} -> 0 | Q158: {=IF(_xlfn.SWITCH(TRUE,COLUMN()-COLUMN($J$5)-$G158<0,FALSE,MOD(COLUMN()-COLUMN($J$5)-$G158,$I158)=0,TRUE,FALSE),$J158*Q$2,0)} -> 0 | R158: {=IF(_xlfn.SWITCH(TRUE,COLUMN()-COLUMN($J$5)-$G158<0,FALSE,MOD(COLUMN()-COLUMN($J$5)-$G158,$I158)=0,TRUE,FALSE),$J158*R$2,0)} -> 0 | ... AD158: {=IF(_xlfn.SWITCH(TRUE,COLUMN()-COLUMN($J$5)-$G158<0,FALSE,MOD(COLUMN()-COLUMN($J$5)-$G158,$I158)=0,TRUE,FALSE),$J158*AD$2,0)} -> 0 | AE158: =SUM(K158:AD158) -> 37917.839
A159: MEP & Fire Protection | B159: Exterior Fixture Replacement | D159: Electrical | E159: Lighting | F159: High | G159: =H159-2024 -> 3 | H159: 2027 | I159: 15 | J159: =Costs!P158 -> 675000 | K159: {=IF(_xlfn.SWITCH(TRUE,COLUMN()-COLUMN($J$5)-$G159<0,FALSE,MOD(COLUMN()-COLUMN($J$5)-$G159,$I159)=0,TRUE,FALSE),$J159*K$2,0)} -> 0 | L159: {=IF(_xlfn.SWITCH(TRUE,COLUMN()-COLUMN($J$5)-$G159<0,FALSE,MOD(COLUMN()-COLUMN($J$5)-$G159,$I159)=0,TRUE,FALSE),$J159*L$2,0)} -> 0 | M159: {=IF(_xlfn.SWITCH(TRUE,COLUMN()-COLUMN($J$5)-$G159<0,FALSE,MOD(COLUMN()-COLUMN($J$5)-$G159,$I159)=0,TRUE,FALSE),$J159*M$2,0)} -> 741171.26 | N159: {=IF(_xlfn.SWITCH(TRUE,COLUMN()-COLUMN($J$5)-$G159<0,FALSE,MOD(COLUMN()-COLUMN($J$5)-$G159,$I159)=0,TRUE,FALSE),$J159*N$2,0)} -> 0 | O159: {=IF(_xlfn.SWITCH(TRUE,COLUMN()-COLUMN($J$5)-$G159<0,FALSE,MOD(COLUMN()-COLUMN($J$5)-$G159,$I159)=0,TRUE,FALSE),$J159*O$2,0)} -> 0 | P159: {=IF(_xlfn.SWITCH(TRUE,COLUMN()-COLUMN($J$5)-$G159<0,FALSE,MOD(COLUMN()-COLUMN($J$5)-$G159,$I159)=0,TRUE,FALSE),$J159*P$2,0)} -> 0 | Q159: {=IF(_xlfn.SWITCH(TRUE,COLUMN()-COLUMN($J$5)-$G159<0,FALSE,MOD(COLUMN()-COLUMN($J$5)-$G159,$I159)=0,TRUE,FALSE),$J159*Q$2,0)} -> 0 | R159: {=IF(_xlfn.SWITCH(TRUE,COLUMN()-COLUMN($J$5)-$G159<0,FALSE,MOD(COLUMN()-COLUMN($J$5)-$G159,$I159)=0,TRUE,FALSE),$J159*R$2,0)} -> 0 | ... AD159: {=IF(_xlfn.SWITCH(TRUE,COLUMN()-COLUMN($J$5)-$G159<0,FALSE,MOD(COLUMN()-COLUMN($J$5)-$G159,$I159)=0,TRUE,FALSE),$J159*AD$2,0)} -> 0 | AE159: =SUM(K159:AD159) -> 1895891.9
A160: MEP & Fire Protection | B160: Fire Alarm Testing/Maintained | D160: Electrical | E160: Fire Alarm | F160: High | G160: =H160-2024 -> 1 | H160: 2025 | I160: 1 | J160: =Costs!P159 -> 33750 | K160: {=IF(_xlfn.SWITCH(TRUE,COLUMN()-COLUMN($J$5)-$G160<0,FALSE,MOD(COLUMN()-COLUMN($J$5)-$G160,$I160)=0,TRUE,FALSE),$J160*K$2,0)} -> 34931.25 | L160: {=IF(_xlfn.SWITCH(TRUE,COLUMN()-COLUMN($J$5)-$G160<0,FALSE,MOD(COLUMN()-COLUMN($J$5)-$G160,$I160)=0,TRUE,FALSE),$J160*L$2,0)} -> 35979.188 | M160: {=IF(_xlfn.SWITCH(TRUE,COLUMN()-COLUMN($J$5)-$G160<0,FALSE,MOD(COLUMN()-COLUMN($J$5)-$G160,$I160)=0,TRUE,FALSE),$J160*M$2,0)} -> 37058.563 | N160: {=IF(_xlfn.SWITCH(TRUE,COLUMN()-COLUMN($J$5)-$G160<0,FALSE,MOD(COLUMN()-COLUMN($J$5)-$G160,$I160)=0,TRUE,FALSE),$J160*N$2,0)} -> 38170.32 | O160: {=IF(_xlfn.SWITCH(TRUE,COLUMN()-COLUMN($J$5)-$G160<0,FALSE,MOD(COLUMN()-COLUMN($J$5)-$G160,$I160)=0,TRUE,FALSE),$J160*O$2,0)} -> 39315.43 | P160: {=IF(_xlfn.SWITCH(TRUE,COLUMN()-COLUMN($J$5)-$G160<0,FALSE,MOD(COLUMN()-COLUMN($J$5)-$G160,$I160)=0,TRUE,FALSE),$J160*P$2,0)} -> 40494.893 | Q160: {=IF(_xlfn.SWITCH(TRUE,COLUMN()-COLUMN($J$5)-$G160<0,FALSE,MOD(COLUMN()-COLUMN($J$5)-$G160,$I160)=0,TRUE,FALSE),$J160*Q$2,0)} -> 41709.739 | R160: {=IF(_xlfn.SWITCH(TRUE,COLUMN()-COLUMN($J$5)-$G160<0,FALSE,MOD(COLUMN()-COLUMN($J$5)-$G160,$I160)=0,TRUE,FALSE),$J160*R$2,0)} -> 42961.031 | ... AD160: {=IF(_xlfn.SWITCH(TRUE,COLUMN()-COLUMN($J$5)-$G160<0,FALSE,MOD(COLUMN()-COLUMN($J$5)-$G160,$I160)=0,TRUE,FALSE),$J160*AD$2,0)} -> 61252.158 | AE160: =SUM(K160:AD160) -> 938615.77
... A164: MEP & Fire Protection | B164: Domestic Hot Water Recirculation Pumps | D164: Plumbing | E164: Domestic Hot Water | F164: Low | G164: =H164-2024 -> 11 | H164: 2035 | I164: 25 | J164: =Costs!P163 -> 18900 | K164: {=IF(_xlfn.SWITCH(TRUE,COLUMN()-COLUMN($J$5)-$G164<0,FALSE,MOD(COLUMN()-COLUMN($J$5)-$G164,$I164)=0,TRUE,FALSE),$J164*K$2,0)} -> 0 | L164: {=IF(_xlfn.SWITCH(TRUE,COLUMN()-COLUMN($J$5)-$G164<0,FALSE,MOD(COLUMN()-COLUMN($J$5)-$G164,$I164)=0,TRUE,FALSE),$J164*L$2,0)} -> 0 | M164: {=IF(_xlfn.SWITCH(TRUE,COLUMN()-COLUMN($J$5)-$G164<0,FALSE,MOD(COLUMN()-COLUMN($J$5)-$G164,$I164)=0,TRUE,FALSE),$J164*M$2,0)} -> 0 | N164: {=IF(_xlfn.SWITCH(TRUE,COLUMN()-COLUMN($J$5)-$G164<0,FALSE,MOD(COLUMN()-COLUMN($J$5)-$G164,$I164)=0,TRUE,FALSE),$J164*N$2,0)} -> 0 | O164: {=IF(_xlfn.SWITCH(TRUE,COLUMN()-COLUMN($J$5)-$G164<0,FALSE,MOD(COLUMN()-COLUMN($J$5)-$G164,$I164)=0,TRUE,FALSE),$J164*O$2,0)} -> 0 | P164: {=IF(_xlfn.SWITCH(TRUE,COLUMN()-COLUMN($J$5)-$G164<0,FALSE,MOD(COLUMN()-COLUMN($J$5)-$G164,$I164)=0,TRUE,FALSE),$J164*P$2,0)} -> 0 | Q164: {=IF(_xlfn.SWITCH(TRUE,COLUMN()-COLUMN($J$5)-$G164<0,FALSE,MOD(COLUMN()-COLUMN($J$5)-$G164,$I164)=0,TRUE,FALSE),$J164*Q$2,0)} -> 0 | R164: {=IF(_xlfn.SWITCH(TRUE,COLUMN()-COLUMN($J$5)-$G164<0,FALSE,MOD(COLUMN()-COLUMN($J$5)-$G164,$I164)=0,TRUE,FALSE),$J164*R$2,0)} -> 0 | ... AD164: {=IF(_xlfn.SWITCH(TRUE,COLUMN()-COLUMN($J$5)-$G164<0,FALSE,MOD(COLUMN()-COLUMN($J$5)-$G164,$I164)=0,TRUE,FALSE),$J164*AD$2,0)} -> 0 | AE164: =SUM(K164:AD164) -> 26289.02
A165: MEP & Fire Protection | B165: Domestic Booster Pump Packaged Skid | C165: Service Level | D165: Plumbing | E165: Domestic Water | F165: Low | G165: =H165-2024 -> 16 | H165: 2040 | I165: 25 | J165: =Costs!P164 -> 81000 | K165: {=IF(_xlfn.SWITCH(TRUE,COLUMN()-COLUMN($J$5)-$G165<0,FALSE,MOD(COLUMN()-COLUMN($J$5)-$G165,$I165)=0,TRUE,FALSE),$J165*K$2,0)} -> 0 | L165: {=IF(_xlfn.SWITCH(TRUE,COLUMN()-COLUMN($J$5)-$G165<0,FALSE,MOD(COLUMN()-COLUMN($J$5)-$G165,$I165)=0,TRUE,FALSE),$J165*L$2,0)} -> 0 | M165: {=IF(_xlfn.SWITCH(TRUE,COLUMN()-COLUMN($J$5)-$G165<0,FALSE,MOD(COLUMN()-COLUMN($J$5)-$G165,$I165)=0,TRUE,FALSE),$J165*M$2,0)} -> 0 | N165: {=IF(_xlfn.SWITCH(TRUE,COLUMN()-COLUMN($J$5)-$G165<0,FALSE,MOD(COLUMN()-COLUMN($J$5)-$G165,$I165)=0,TRUE,FALSE),$J165*N$2,0)} -> 0 | O165: {=IF(_xlfn.SWITCH(TRUE,COLUMN()-COLUMN($J$5)-$G165<0,FALSE,MOD(COLUMN()-COLUMN($J$5)-$G165,$I165)=0,TRUE,FALSE),$J165*O$2,0)} -> 0 | P165: {=IF(_xlfn.SWITCH(TRUE,COLUMN()-COLUMN($J$5)-$G165<0,FALSE,MOD(COLUMN()-COLUMN($J$5)-$G165,$I165)=0,TRUE,FALSE),$J165*P$2,0)} -> 0 | Q165: {=IF(_xlfn.SWITCH(TRUE,COLUMN()-COLUMN($J$5)-$G165<0,FALSE,MOD(COLUMN()-COLUMN($J$5)-$G165,$I165)=0,TRUE,FALSE),$J165*Q$2,0)} -> 0 | R165: {=IF(_xlfn.SWITCH(TRUE,COLUMN()-COLUMN($J$5)-$G165<0,FALSE,MOD(COLUMN()-COLUMN($J$5)-$G165,$I165)=0,TRUE,FALSE),$J165*R$2,0)} -> 0 | ... AD165: {=IF(_xlfn.SWITCH(TRUE,COLUMN()-COLUMN($J$5)-$G165<0,FALSE,MOD(COLUMN()-COLUMN($J$5)-$G165,$I165)=0,TRUE,FALSE),$J165*AD$2,0)} -> 0 | AE165: =SUM(K165:AD165) -> 130612.2
A166: MEP & Fire Protection | B166: Sewage Ejector Pumps | C166: Service Level | D166: Plumbing | E166: Sanitary Sewer | F166: Low | G166: =H166-2024 -> 11 | H166: 2035 | I166: 15 | J166: =Costs!P165 -> 27000 | K166: {=IF(_xlfn.SWITCH(TRUE,COLUMN()-COLUMN($J$5)-$G166<0,FALSE,MOD(COLUMN()-COLUMN($J$5)-$G166,$I166)=0,TRUE,FALSE),$J166*K$2,0)} -> 0 | L166: {=IF(_xlfn.SWITCH(TRUE,COLUMN()-COLUMN($J$5)-$G166<0,FALSE,MOD(COLUMN()-COLUMN($J$5)-$G166,$I166)=0,TRUE,FALSE),$J166*L$2,0)} -> 0 | M166: {=IF(_xlfn.SWITCH(TRUE,COLUMN()-COLUMN($J$5)-$G166<0,FALSE,MOD(COLUMN()-COLUMN($J$5)-$G166,$I166)=0,TRUE,FALSE),$J166*M$2,0)} -> 0 | N166: {=IF(_xlfn.SWITCH(TRUE,COLUMN()-COLUMN($J$5)-$G166<0,FALSE,MOD(COLUMN()-COLUMN($J$5)-$G166,$I166)=0,TRUE,FALSE),$J166*N$2,0)} -> 0 | O166: {=IF(_xlfn.SWITCH(TRUE,COLUMN()-COLUMN($J$5)-$G166<0,FALSE,MOD(COLUMN()-COLUMN($J$5)-$G166,$I166)=0,TRUE,FALSE),$J166*O$2,0)} -> 0 | P166: {=IF(_xlfn.SWITCH(TRUE,COLUMN()-COLUMN($J$5)-$G166<0,FALSE,MOD(COLUMN()-COLUMN($J$5)-$G166,$I166)=0,TRUE,FALSE),$J166*P$2,0)} -> 0 | Q166: {=IF(_xlfn.SWITCH(TRUE,COLUMN()-COLUMN($J$5)-$G166<0,FALSE,MOD(COLUMN()-COLUMN($J$5)-$G166,$I166)=0,TRUE,FALSE),$J166*Q$2,0)} -> 0 | R166: {=IF(_xlfn.SWITCH(TRUE,COLUMN()-COLUMN($J$5)-$G166<0,FALSE,MOD(COLUMN()-COLUMN($J$5)-$G166,$I166)=0,TRUE,FALSE),$J166*R$2,0)} -> 0 | ... AD166: {=IF(_xlfn.SWITCH(TRUE,COLUMN()-COLUMN($J$5)-$G166<0,FALSE,MOD(COLUMN()-COLUMN($J$5)-$G166,$I166)=0,TRUE,FALSE),$J166*AD$2,0)} -> 0 | AE166: =SUM(K166:AD166) -> 37555.743
A167: MEP & Fire Protection | B167: Plumbing Fixtures - Flush Valves | D167: Plumbing | E167: Plumbing Fixtures | F167: Low | G167: =H167-2024 -> 16 | H167: 2040 | I167: 20 | J167: =Costs!P166 -> 896400 | K167: {=IF(_xlfn.SWITCH(TRUE,COLUMN()-COLUMN($J$5)-$G167<0,FALSE,MOD(COLUMN()-COLUMN($J$5)-$G167,$I167)=0,TRUE,FALSE),$J167*K$2,0)} -> 0 | L167: {=IF(_xlfn.SWITCH(TRUE,COLUMN()-COLUMN($J$5)-$G167<0,FALSE,MOD(COLUMN()-COLUMN($J$5)-$G167,$I167)=0,TRUE,FALSE),$J167*L$2,0)} -> 0 | M167: {=IF(_xlfn.SWITCH(TRUE,COLUMN()-COLUMN($J$5)-$G167<0,FALSE,MOD(COLUMN()-COLUMN($J$5)-$G167,$I167)=0,TRUE,FALSE),$J167*M$2,0)} -> 0 | N167: {=IF(_xlfn.SWITCH(TRUE,COLUMN()-COLUMN($J$5)-$G167<0,FALSE,MOD(COLUMN()-COLUMN($J$5)-$G167,$I167)=0,TRUE,FALSE),$J167*N$2,0)} -> 0 | O167: {=IF(_xlfn.SWITCH(TRUE,COLUMN()-COLUMN($J$5)-$G167<0,FALSE,MOD(COLUMN()-COLUMN($J$5)-$G167,$I167)=0,TRUE,FALSE),$J167*O$2,0)} -> 0 | P167: {=IF(_xlfn.SWITCH(TRUE,COLUMN()-COLUMN($J$5)-$G167<0,FALSE,MOD(COLUMN()-COLUMN($J$5)-$G167,$I167)=0,TRUE,FALSE),$J167*P$2,0)} -> 0 | Q167: {=IF(_xlfn.SWITCH(TRUE,COLUMN()-COLUMN($J$5)-$G167<0,FALSE,MOD(COLUMN()-COLUMN($J$5)-$G167,$I167)=0,TRUE,FALSE),$J167*Q$2,0)} -> 0 | R167: {=IF(_xlfn.SWITCH(TRUE,COLUMN()-COLUMN($J$5)-$G167<0,FALSE,MOD(COLUMN()-COLUMN($J$5)-$G167,$I167)=0,TRUE,FALSE),$J167*R$2,0)} -> 0 | ... AD167: {=IF(_xlfn.SWITCH(TRUE,COLUMN()-COLUMN($J$5)-$G167<0,FALSE,MOD(COLUMN()-COLUMN($J$5)-$G167,$I167)=0,TRUE,FALSE),$J167*AD$2,0)} -> 0 | AE167: =SUM(K167:AD167) -> 1445441.7
A168: MEP & Fire Protection | B168: Plumbing Fixtures - Showers | D168: Plumbing | E168: Plumbing Fixtures | F168: High | G168: =H168-2024 -> 2 | H168: 2026 | I168: 20 | J168: =Costs!P167 -> 40500 | K168: {=IF(_xlfn.SWITCH(TRUE,COLUMN()-COLUMN($J$5)-$G168<0,FALSE,MOD(COLUMN()-COLUMN($J$5)-$G168,$I168)=0,TRUE,FALSE),$J168*K$2,0)} -> 0 | L168: {=IF(_xlfn.SWITCH(TRUE,COLUMN()-COLUMN($J$5)-$G168<0,FALSE,MOD(COLUMN()-COLUMN($J$5)-$G168,$I168)=0,TRUE,FALSE),$J168*L$2,0)} -> 43175.025 | M168: {=IF(_xlfn.SWITCH(TRUE,COLUMN()-COLUMN($J$5)-$G168<0,FALSE,MOD(COLUMN()-COLUMN($J$5)-$G168,$I168)=0,TRUE,FALSE),$J168*M$2,0)} -> 0 | N168: {=IF(_xlfn.SWITCH(TRUE,COLUMN()-COLUMN($J$5)-$G168<0,FALSE,MOD(COLUMN()-COLUMN($J$5)-$G168,$I168)=0,TRUE,FALSE),$J168*N$2,0)} -> 0 | O168: {=IF(_xlfn.SWITCH(TRUE,COLUMN()-COLUMN($J$5)-$G168<0,FALSE,MOD(COLUMN()-COLUMN($J$5)-$G168,$I168)=0,TRUE,FALSE),$J168*O$2,0)} -> 0 | P168: {=IF(_xlfn.SWITCH(TRUE,COLUMN()-COLUMN($J$5)-$G168<0,FALSE,MOD(COLUMN()-COLUMN($J$5)-$G168,$I168)=0,TRUE,FALSE),$J168*P$2,0)} -> 0 | Q168: {=IF(_xlfn.SWITCH(TRUE,COLUMN()-COLUMN($J$5)-$G168<0,FALSE,MOD(COLUMN()-COLUMN($J$5)-$G168,$I168)=0,TRUE,FALSE),$J168*Q$2,0)} -> 0 | R168: {=IF(_xlfn.SWITCH(TRUE,COLUMN()-COLUMN($J$5)-$G168<0,FALSE,MOD(COLUMN()-COLUMN($J$5)-$G168,$I168)=0,TRUE,FALSE),$J168*R$2,0)} -> 0 | ... AD168: {=IF(_xlfn.SWITCH(TRUE,COLUMN()-COLUMN($J$5)-$G168<0,FALSE,MOD(COLUMN()-COLUMN($J$5)-$G168,$I168)=0,TRUE,FALSE),$J168*AD$2,0)} -> 0 | AE168: =SUM(K168:AD168) -> 43175.025
A169: MEP & Fire Protection | B169: Plumbing Fixtures - Faucets | D169: Plumbing | E169: Plumbing Fixtures | F169: Low | G169: =H169-2024 -> 16 | H169: 2040 | I169: 20 | J169: =Costs!P168 -> 183600 | K169: {=IF(_xlfn.SWITCH(TRUE,COLUMN()-COLUMN($J$5)-$G169<0,FALSE,MOD(COLUMN()-COLUMN($J$5)-$G169,$I169)=0,TRUE,FALSE),$J169*K$2,0)} -> 0 | L169: {=IF(_xlfn.SWITCH(TRUE,COLUMN()-COLUMN($J$5)-$G169<0,FALSE,MOD(COLUMN()-COLUMN($J$5)-$G169,$I169)=0,TRUE,FALSE),$J169*L$2,0)} -> 0 | M169: {=IF(_xlfn.SWITCH(TRUE,COLUMN()-COLUMN($J$5)-$G169<0,FALSE,MOD(COLUMN()-COLUMN($J$5)-$G169,$I169)=0,TRUE,FALSE),$J169*M$2,0)} -> 0 | N169: {=IF(_xlfn.SWITCH(TRUE,COLUMN()-COLUMN($J$5)-$G169<0,FALSE,MOD(COLUMN()-COLUMN($J$5)-$G169,$I169)=0,TRUE,FALSE),$J169*N$2,0)} -> 0 | O169: {=IF(_xlfn.SWITCH(TRUE,COLUMN()-COLUMN($J$5)-$G169<0,FALSE,MOD(COLUMN()-COLUMN($J$5)-$G169,$I169)=0,TRUE,FALSE),$J169*O$2,0)} -> 0 | P169: {=IF(_xlfn.SWITCH(TRUE,COLUMN()-COLUMN($J$5)-$G169<0,FALSE,MOD(COLUMN()-COLUMN($J$5)-$G169,$I169)=0,TRUE,FALSE),$J169*P$2,0)} -> 0 | Q169: {=IF(_xlfn.SWITCH(TRUE,COLUMN()-COLUMN($J$5)-$G169<0,FALSE,MOD(COLUMN()-COLUMN($J$5)-$G169,$I169)=0,TRUE,FALSE),$J169*Q$2,0)} -> 0 | R169: {=IF(_xlfn.SWITCH(TRUE,COLUMN()-COLUMN($J$5)-$G169<0,FALSE,MOD(COLUMN()-COLUMN($J$5)-$G169,$I169)=0,TRUE,FALSE),$J169*R$2,0)} -> 0 | ... AD169: {=IF(_xlfn.SWITCH(TRUE,COLUMN()-COLUMN($J$5)-$G169<0,FALSE,MOD(COLUMN()-COLUMN($J$5)-$G169,$I169)=0,TRUE,FALSE),$J169*AD$2,0)} -> 0 | AE169: =SUM(K169:AD169) -> 296054.32
A170: MEP & Fire Protection | B170: Submersible Pumps - Parking Deck | D170: Plumbing | E170: Sanitary Sewer | F170: Low | G170: =H170-2024 -> 6 | H170: 2030 | I170: 15 | J170: =Costs!P169 -> 18900 | K170: {=IF(_xlfn.SWITCH(TRUE,COLUMN()-COLUMN($J$5)-$G170<0,FALSE,MOD(COLUMN()-COLUMN($J$5)-$G170,$I170)=0,TRUE,FALSE),$J170*K$2,0)} -> 0 | L170: {=IF(_xlfn.SWITCH(TRUE,COLUMN()-COLUMN($J$5)-$G170<0,FALSE,MOD(COLUMN()-COLUMN($J$5)-$G170,$I170)=0,TRUE,FALSE),$J170*L$2,0)} -> 0 | M170: {=IF(_xlfn.SWITCH(TRUE,COLUMN()-COLUMN($J$5)-$G170<0,FALSE,MOD(COLUMN()-COLUMN($J$5)-$G170,$I170)=0,TRUE,FALSE),$J170*M$2,0)} -> 0 | N170: {=IF(_xlfn.SWITCH(TRUE,COLUMN()-COLUMN($J$5)-$G170<0,FALSE,MOD(COLUMN()-COLUMN($J$5)-$G170,$I170)=0,TRUE,FALSE),$J170*N$2,0)} -> 0 | O170: {=IF(_xlfn.SWITCH(TRUE,COLUMN()-COLUMN($J$5)-$G170<0,FALSE,MOD(COLUMN()-COLUMN($J$5)-$G170,$I170)=0,TRUE,FALSE),$J170*O$2,0)} -> 0 | P170: {=IF(_xlfn.SWITCH(TRUE,COLUMN()-COLUMN($J$5)-$G170<0,FALSE,MOD(COLUMN()-COLUMN($J$5)-$G170,$I170)=0,TRUE,FALSE),$J170*P$2,0)} -> 22677.14 | Q170: {=IF(_xlfn.SWITCH(TRUE,COLUMN()-COLUMN($J$5)-$G170<0,FALSE,MOD(COLUMN()-COLUMN($J$5)-$G170,$I170)=0,TRUE,FALSE),$J170*Q$2,0)} -> 0 | R170: {=IF(_xlfn.SWITCH(TRUE,COLUMN()-COLUMN($J$5)-$G170<0,FALSE,MOD(COLUMN()-COLUMN($J$5)-$G170,$I170)=0,TRUE,FALSE),$J170*R$2,0)} -> 0 | ... AD170: {=IF(_xlfn.SWITCH(TRUE,COLUMN()-COLUMN($J$5)-$G170<0,FALSE,MOD(COLUMN()-COLUMN($J$5)-$G170,$I170)=0,TRUE,FALSE),$J170*AD$2,0)} -> 0 | AE170: =SUM(K170:AD170) -> 22677.14
A171: MEP & Fire Protection | B171: Cast Iron Waste Piping | C171: Service Level | D171: Plumbing | E171: Sanitary Sewer | F171: Low | G171: =H171-2024 -> 6 | H171: 2030 | I171: 50 | J171: =Costs!P170 -> 270000 | K171: {=IF(_xlfn.SWITCH(TRUE,COLUMN()-COLUMN($J$5)-$G171<0,FALSE,MOD(COLUMN()-COLUMN($J$5)-$G171,$I171)=0,TRUE,FALSE),$J171*K$2,0)} -> 0 | L171: {=IF(_xlfn.SWITCH(TRUE,COLUMN()-COLUMN($J$5)-$G171<0,FALSE,MOD(COLUMN()-COLUMN($J$5)-$G171,$I171)=0,TRUE,FALSE),$J171*L$2,0)} -> 0 | M171: {=IF(_xlfn.SWITCH(TRUE,COLUMN()-COLUMN($J$5)-$G171<0,FALSE,MOD(COLUMN()-COLUMN($J$5)-$G171,$I171)=0,TRUE,FALSE),$J171*M$2,0)} -> 0 | N171: {=IF(_xlfn.SWITCH(TRUE,COLUMN()-COLUMN($J$5)-$G171<0,FALSE,MOD(COLUMN()-COLUMN($J$5)-$G171,$I171)=0,TRUE,FALSE),$J171*N$2,0)} -> 0 | O171: {=IF(_xlfn.SWITCH(TRUE,COLUMN()-COLUMN($J$5)-$G171<0,FALSE,MOD(COLUMN()-COLUMN($J$5)-$G171,$I171)=0,TRUE,FALSE),$J171*O$2,0)} -> 0 | P171: {=IF(_xlfn.SWITCH(TRUE,COLUMN()-COLUMN($J$5)-$G171<0,FALSE,MOD(COLUMN()-COLUMN($J$5)-$G171,$I171)=0,TRUE,FALSE),$J171*P$2,0)} -> 323959.14 | Q171: {=IF(_xlfn.SWITCH(TRUE,COLUMN()-COLUMN($J$5)-$G171<0,FALSE,MOD(COLUMN()-COLUMN($J$5)-$G171,$I171)=0,TRUE,FALSE),$J171*Q$2,0)} -> 0 | R171: {=IF(_xlfn.SWITCH(TRUE,COLUMN()-COLUMN($J$5)-$G171<0,FALSE,MOD(COLUMN()-COLUMN($J$5)-$G171,$I171)=0,TRUE,FALSE),$J171*R$2,0)} -> 0 | ... AD171: {=IF(_xlfn.SWITCH(TRUE,COLUMN()-COLUMN($J$5)-$G171<0,FALSE,MOD(COLUMN()-COLUMN($J$5)-$G171,$I171)=0,TRUE,FALSE),$J171*AD$2,0)} -> 0 | AE171: =SUM(K171:AD171) -> 323959.14
A172: MEP & Fire Protection | B172: Fire Pump - 150 HP - 2500 GPM | C172: Service Level | D172: Fire Protection | E172: Fire Protection Equipment | F172: High | G172: =H172-2024 -> 3 | H172: 2027 | I172: 30 | J172: =Costs!P171 -> 135000 | K172: {=IF(_xlfn.SWITCH(TRUE,COLUMN()-COLUMN($J$5)-$G172<0,FALSE,MOD(COLUMN()-COLUMN($J$5)-$G172,$I172)=0,TRUE,FALSE),$J172*K$2,0)} -> 0 | L172: {=IF(_xlfn.SWITCH(TRUE,COLUMN()-COLUMN($J$5)-$G172<0,FALSE,MOD(COLUMN()-COLUMN($J$5)-$G172,$I172)=0,TRUE,FALSE),$J172*L$2,0)} -> 0 | M172: {=IF(_xlfn.SWITCH(TRUE,COLUMN()-COLUMN($J$5)-$G172<0,FALSE,MOD(COLUMN()-COLUMN($J$5)-$G172,$I172)=0,TRUE,FALSE),$J172*M$2,0)} -> 148234.25 | N172: {=IF(_xlfn.SWITCH(TRUE,COLUMN()-COLUMN($J$5)-$G172<0,FALSE,MOD(COLUMN()-COLUMN($J$5)-$G172,$I172)=0,TRUE,FALSE),$J172*N$2,0)} -> 0 | O172: {=IF(_xlfn.SWITCH(TRUE,COLUMN()-COLUMN($J$5)-$G172<0,FALSE,MOD(COLUMN()-COLUMN($J$5)-$G172,$I172)=0,TRUE,FALSE),$J172*O$2,0)} -> 0 | P172: {=IF(_xlfn.SWITCH(TRUE,COLUMN()-COLUMN($J$5)-$G172<0,FALSE,MOD(COLUMN()-COLUMN($J$5)-$G172,$I172)=0,TRUE,FALSE),$J172*P$2,0)} -> 0 | Q172: {=IF(_xlfn.SWITCH(TRUE,COLUMN()-COLUMN($J$5)-$G172<0,FALSE,MOD(COLUMN()-COLUMN($J$5)-$G172,$I172)=0,TRUE,FALSE),$J172*Q$2,0)} -> 0 | R172: {=IF(_xlfn.SWITCH(TRUE,COLUMN()-COLUMN($J$5)-$G172<0,FALSE,MOD(COLUMN()-COLUMN($J$5)-$G172,$I172)=0,TRUE,FALSE),$J172*R$2,0)} -> 0 | ... AD172: {=IF(_xlfn.SWITCH(TRUE,COLUMN()-COLUMN($J$5)-$G172<0,FALSE,MOD(COLUMN()-COLUMN($J$5)-$G172,$I172)=0,TRUE,FALSE),$J172*AD$2,0)} -> 0 | AE172: =SUM(K172:AD172) -> 148234.25
A173: MEP & Fire Protection | B173: Jockey Pump | C173: Service Level | D173: Fire Protection | E173: Fire Protection Equipment | F173: High | G173: =H173-2024 -> 3 | H173: 2027 | I173: 30 | J173: =Costs!P172 -> 6750 | K173: {=IF(_xlfn.SWITCH(TRUE,COLUMN()-COLUMN($J$5)-$G173<0,FALSE,MOD(COLUMN()-COLUMN($J$5)-$G173,$I173)=0,TRUE,FALSE),$J173*K$2,0)} -> 0 | L173: {=IF(_xlfn.SWITCH(TRUE,COLUMN()-COLUMN($J$5)-$G173<0,FALSE,MOD(COLUMN()-COLUMN($J$5)-$G173,$I173)=0,TRUE,FALSE),$J173*L$2,0)} -> 0 | M173: {=IF(_xlfn.SWITCH(TRUE,COLUMN()-COLUMN($J$5)-$G173<0,FALSE,MOD(COLUMN()-COLUMN($J$5)-$G173,$I173)=0,TRUE,FALSE),$J173*M$2,0)} -> 7411.7126 | N173: {=IF(_xlfn.SWITCH(TRUE,COLUMN()-COLUMN($J$5)-$G173<0,FALSE,MOD(COLUMN()-COLUMN($J$5)-$G173,$I173)=0,TRUE,FALSE),$J173*N$2,0)} -> 0 | O173: {=IF(_xlfn.SWITCH(TRUE,COLUMN()-COLUMN($J$5)-$G173<0,FALSE,MOD(COLUMN()-COLUMN($J$5)-$G173,$I173)=0,TRUE,FALSE),$J173*O$2,0)} -> 0 | P173: {=IF(_xlfn.SWITCH(TRUE,COLUMN()-COLUMN($J$5)-$G173<0,FALSE,MOD(COLUMN()-COLUMN($J$5)-$G173,$I173)=0,TRUE,FALSE),$J173*P$2,0)} -> 0 | Q173: {=IF(_xlfn.SWITCH(TRUE,COLUMN()-COLUMN($J$5)-$G173<0,FALSE,MOD(COLUMN()-COLUMN($J$5)-$G173,$I173)=0,TRUE,FALSE),$J173*Q$2,0)} -> 0 | R173: {=IF(_xlfn.SWITCH(TRUE,COLUMN()-COLUMN($J$5)-$G173<0,FALSE,MOD(COLUMN()-COLUMN($J$5)-$G173,$I173)=0,TRUE,FALSE),$J173*R$2,0)} -> 0 | ... AD173: {=IF(_xlfn.SWITCH(TRUE,COLUMN()-COLUMN($J$5)-$G173<0,FALSE,MOD(COLUMN()-COLUMN($J$5)-$G173,$I173)=0,TRUE,FALSE),$J173*AD$2,0)} -> 0 | AE173: =SUM(K173:AD173) -> 7411.7126
A174: MEP & Fire Protection | B174: Sprinkler Piping | C174: Service Level | D174: Fire Protection | E174: Sprinkler System | F174: Low | G174: =H174-2024 -> 6 | H174: 2030 | I174: 30 | J174: =Costs!P173 -> 2700000 | K174: {=IF(_xlfn.SWITCH(TRUE,COLUMN()-COLUMN($J$5)-$G174<0,FALSE,MOD(COLUMN()-COLUMN($J$5)-$G174,$I174)=0,TRUE,FALSE),$J174*K$2,0)} -> 0 | L174: {=IF(_xlfn.SWITCH(TRUE,COLUMN()-COLUMN($J$5)-$G174<0,FALSE,MOD(COLUMN()-COLUMN($J$5)-$G174,$I174)=0,TRUE,FALSE),$J174*L$2,0)} -> 0 | M174: {=IF(_xlfn.SWITCH(TRUE,COLUMN()-COLUMN($J$5)-$G174<0,FALSE,MOD(COLUMN()-COLUMN($J$5)-$G174,$I174)=0,TRUE,FALSE),$J174*M$2,0)} -> 0 | N174: {=IF(_xlfn.SWITCH(TRUE,COLUMN()-COLUMN($J$5)-$G174<0,FALSE,MOD(COLUMN()-COLUMN($J$5)-$G174,$I174)=0,TRUE,FALSE),$J174*N$2,0)} -> 0 | O174: {=IF(_xlfn.SWITCH(TRUE,COLUMN()-COLUMN($J$5)-$G174<0,FALSE,MOD(COLUMN()-COLUMN($J$5)-$G174,$I174)=0,TRUE,FALSE),$J174*O$2,0)} -> 0 | P174: {=IF(_xlfn.SWITCH(TRUE,COLUMN()-COLUMN($J$5)-$G174<0,FALSE,MOD(COLUMN()-COLUMN($J$5)-$G174,$I174)=0,TRUE,FALSE),$J174*P$2,0)} -> 3239591.4 | Q174: {=IF(_xlfn.SWITCH(TRUE,COLUMN()-COLUMN($J$5)-$G174<0,FALSE,MOD(COLUMN()-COLUMN($J$5)-$G174,$I174)=0,TRUE,FALSE),$J174*Q$2,0)} -> 0 | R174: {=IF(_xlfn.SWITCH(TRUE,COLUMN()-COLUMN($J$5)-$G174<0,FALSE,MOD(COLUMN()-COLUMN($J$5)-$G174,$I174)=0,TRUE,FALSE),$J174*R$2,0)} -> 0 | ... AD174: {=IF(_xlfn.SWITCH(TRUE,COLUMN()-COLUMN($J$5)-$G174<0,FALSE,MOD(COLUMN()-COLUMN($J$5)-$G174,$I174)=0,TRUE,FALSE),$J174*AD$2,0)} -> 0 | AE174: =SUM(K174:AD174) -> 3239591.4
A175: MEP & Fire Protection | B175: Ice Plant & Ice Floor Rebuild | C175: Service Level | D175: Ice Making | F175: Medium | G175: =H175-2024 -> 6 | H175: 2030 | I175: 30 | J175: =Costs!P174 -> 7627500 | K175: {=IF(_xlfn.SWITCH(TRUE,COLUMN()-COLUMN($J$5)-$G175<0,FALSE,MOD(COLUMN()-COLUMN($J$5)-$G175,$I175)=0,TRUE,FALSE),$J175*K$2,0)} -> 0 | L175: {=IF(_xlfn.SWITCH(TRUE,COLUMN()-COLUMN($J$5)-$G175<0,FALSE,MOD(COLUMN()-COLUMN($J$5)-$G175,$I175)=0,TRUE,FALSE),$J175*L$2,0)} -> 0 | M175: {=IF(_xlfn.SWITCH(TRUE,COLUMN()-COLUMN($J$5)-$G175<0,FALSE,MOD(COLUMN()-COLUMN($J$5)-$G175,$I175)=0,TRUE,FALSE),$J175*M$2,0)} -> 0 | N175: {=IF(_xlfn.SWITCH(TRUE,COLUMN()-COLUMN($J$5)-$G175<0,FALSE,MOD(COLUMN()-COLUMN($J$5)-$G175,$I175)=0,TRUE,FALSE),$J175*N$2,0)} -> 0 | O175: {=IF(_xlfn.SWITCH(TRUE,COLUMN()-COLUMN($J$5)-$G175<0,FALSE,MOD(COLUMN()-COLUMN($J$5)-$G175,$I175)=0,TRUE,FALSE),$J175*O$2,0)} -> 0 | P175: {=IF(_xlfn.SWITCH(TRUE,COLUMN()-COLUMN($J$5)-$G175<0,FALSE,MOD(COLUMN()-COLUMN($J$5)-$G175,$I175)=0,TRUE,FALSE),$J175*P$2,0)} -> 9151845.7 | Q175: {=IF(_xlfn.SWITCH(TRUE,COLUMN()-COLUMN($J$5)-$G175<0,FALSE,MOD(COLUMN()-COLUMN($J$5)-$G175,$I175)=0,TRUE,FALSE),$J175*Q$2,0)} -> 0 | R175: {=IF(_xlfn.SWITCH(TRUE,COLUMN()-COLUMN($J$5)-$G175<0,FALSE,MOD(COLUMN()-COLUMN($J$5)-$G175,$I175)=0,TRUE,FALSE),$J175*R$2,0)} -> 0 | ... AD175: {=IF(_xlfn.SWITCH(TRUE,COLUMN()-COLUMN($J$5)-$G175<0,FALSE,MOD(COLUMN()-COLUMN($J$5)-$G175,$I175)=0,TRUE,FALSE),$J175*AD$2,0)} -> 0 | AE175: =SUM(K175:AD175) -> 9151845.7
A176: MEP & Fire Protection | G176: =H176-2024 -> -2024 | H176: =[1]Costs!H188 -> 0 | I176: 1 | J176: =[1]Costs!P186 -> 0 | K176: {=IF(_xlfn.SWITCH(TRUE,COLUMN()-COLUMN($J$5)-$G176<0,FALSE,MOD(COLUMN()-COLUMN($J$5)-$G176,$I176)=0,TRUE,FALSE),$J176*K$2,0)} -> 0 | L176: {=IF(_xlfn.SWITCH(TRUE,COLUMN()-COLUMN($J$5)-$G176<0,FALSE,MOD(COLUMN()-COLUMN($J$5)-$G176,$I176)=0,TRUE,FALSE),$J176*L$2,0)} -> 0 | M176: {=IF(_xlfn.SWITCH(TRUE,COLUMN()-COLUMN($J$5)-$G176<0,FALSE,MOD(COLUMN()-COLUMN($J$5)-$G176,$I176)=0,TRUE,FALSE),$J176*M$2,0)} -> 0 | N176: {=IF(_xlfn.SWITCH(TRUE,COLUMN()-COLUMN($J$5)-$G176<0,FALSE,MOD(COLUMN()-COLUMN($J$5)-$G176,$I176)=0,TRUE,FALSE),$J176*N$2,0)} -> 0 | O176: {=IF(_xlfn.SWITCH(TRUE,COLUMN()-COLUMN($J$5)-$G176<0,FALSE,MOD(COLUMN()-COLUMN($J$5)-$G176,$I176)=0,TRUE,FALSE),$J176*O$2,0)} -> 0 | P176: {=IF(_xlfn.SWITCH(TRUE,COLUMN()-COLUMN($J$5)-$G176<0,FALSE,MOD(COLUMN()-COLUMN($J$5)-$G176,$I176)=0,TRUE,FALSE),$J176*P$2,0)} -> 0 | Q176: {=IF(_xlfn.SWITCH(TRUE,COLUMN()-COLUMN($J$5)-$G176<0,FALSE,MOD(COLUMN()-COLUMN($J$5)-$G176,$I176)=0,TRUE,FALSE),$J176*Q$2,0)} -> 0 | R176: {=IF(_xlfn.SWITCH(TRUE,COLUMN()-COLUMN($J$5)-$G176<0,FALSE,MOD(COLUMN()-COLUMN($J$5)-$G176,$I176)=0,TRUE,FALSE),$J176*R$2,0)} -> 0 | ... AD176: {=IF(_xlfn.SWITCH(TRUE,COLUMN()-COLUMN($J$5)-$G176<0,FALSE,MOD(COLUMN()-COLUMN($J$5)-$G176,$I176)=0,TRUE,FALSE),$J176*AD$2,0)} -> 0 | AE176: =SUM(K176:AD176) -> 0
A177: MEP & Fire Protection - Total | K177: =SUM(K109:K176) -> 48903.75 | L177: =SUM(L109:L176) -> 151112.59 | M177: =SUM(M109:M176) -> 27107598 | N177: =SUM(N109:N176) -> 1832175.4 | O177: =SUM(O109:O176) -> 5567064.8 | P177: =SUM(P109:P176) -> 15160478 | Q177: =SUM(Q109:Q176) -> 1022722.8 | R177: =SUM(R109:R176) -> 644415.47 | ... AD177: =SUM(AD109:AD176) -> 61252.158 | AE177: =SUM(K177:AD177) -> 74757511
A178: Structure | B178: Replace Joint Sealant (joint and cove) | C178: Upper Bowl Seating | F178: High | G178: =H178-2024 -> 1 | H178: 2025 | I178: 10 | J178: =Costs!P183 -> 102060 | K178: {=IF(_xlfn.SWITCH(TRUE,COLUMN()-COLUMN($J$5)-$G178<0,FALSE,MOD(COLUMN()-COLUMN($J$5)-$G178,$I178)=0,TRUE,FALSE),$J178*K$2,0)} -> 105632.1 | L178: {=IF(_xlfn.SWITCH(TRUE,COLUMN()-COLUMN($J$5)-$G178<0,FALSE,MOD(COLUMN()-COLUMN($J$5)-$G178,$I178)=0,TRUE,FALSE),$J178*L$2,0)} -> 0 | M178: {=IF(_xlfn.SWITCH(TRUE,COLUMN()-COLUMN($J$5)-$G178<0,FALSE,MOD(COLUMN()-COLUMN($J$5)-$G178,$I178)=0,TRUE,FALSE),$J178*M$2,0)} -> 0 | N178: {=IF(_xlfn.SWITCH(TRUE,COLUMN()-COLUMN($J$5)-$G178<0,FALSE,MOD(COLUMN()-COLUMN($J$5)-$G178,$I178)=0,TRUE,FALSE),$J178*N$2,0)} -> 0 | O178: {=IF(_xlfn.SWITCH(TRUE,COLUMN()-COLUMN($J$5)-$G178<0,FALSE,MOD(COLUMN()-COLUMN($J$5)-$G178,$I178)=0,TRUE,FALSE),$J178*O$2,0)} -> 0 | P178: {=IF(_xlfn.SWITCH(TRUE,COLUMN()-COLUMN($J$5)-$G178<0,FALSE,MOD(COLUMN()-COLUMN($J$5)-$G178,$I178)=0,TRUE,FALSE),$J178*P$2,0)} -> 0 | Q178: {=IF(_xlfn.SWITCH(TRUE,COLUMN()-COLUMN($J$5)-$G178<0,FALSE,MOD(COLUMN()-COLUMN($J$5)-$G178,$I178)=0,TRUE,FALSE),$J178*Q$2,0)} -> 0 | R178: {=IF(_xlfn.SWITCH(TRUE,COLUMN()-COLUMN($J$5)-$G178<0,FALSE,MOD(COLUMN()-COLUMN($J$5)-$G178,$I178)=0,TRUE,FALSE),$J178*R$2,0)} -> 0 | ... AD178: {=IF(_xlfn.SWITCH(TRUE,COLUMN()-COLUMN($J$5)-$G178<0,FALSE,MOD(COLUMN()-COLUMN($J$5)-$G178,$I178)=0,TRUE,FALSE),$J178*AD$2,0)} -> 0 | AE178: =SUM(K178:AD178) -> 247592.81
A179: Structure | B179: Install Joint Sealant Covers | C179: Upper Bowl Seating | F179: High | G179: =H179-2024 -> 1 | H179: 2025 | I179: 20 | J179: =Costs!P184 -> 182250 | K179: {=IF(_xlfn.SWITCH(TRUE,COLUMN()-COLUMN($J$5)-$G179<0,FALSE,MOD(COLUMN()-COLUMN($J$5)-$G179,$I179)=0,TRUE,FALSE),$J179*K$2,0)} -> 188628.75 | L179: {=IF(_xlfn.SWITCH(TRUE,COLUMN()-COLUMN($J$5)-$G179<0,FALSE,MOD(COLUMN()-COLUMN($J$5)-$G179,$I179)=0,TRUE,FALSE),$J179*L$2,0)} -> 0 | M179: {=IF(_xlfn.SWITCH(TRUE,COLUMN()-COLUMN($J$5)-$G179<0,FALSE,MOD(COLUMN()-COLUMN($J$5)-$G179,$I179)=0,TRUE,FALSE),$J179*M$2,0)} -> 0 | N179: {=IF(_xlfn.SWITCH(TRUE,COLUMN()-COLUMN($J$5)-$G179<0,FALSE,MOD(COLUMN()-COLUMN($J$5)-$G179,$I179)=0,TRUE,FALSE),$J179*N$2,0)} -> 0 | O179: {=IF(_xlfn.SWITCH(TRUE,COLUMN()-COLUMN($J$5)-$G179<0,FALSE,MOD(COLUMN()-COLUMN($J$5)-$G179,$I179)=0,TRUE,FALSE),$J179*O$2,0)} -> 0 | P179: {=IF(_xlfn.SWITCH(TRUE,COLUMN()-COLUMN($J$5)-$G179<0,FALSE,MOD(COLUMN()-COLUMN($J$5)-$G179,$I179)=0,TRUE,FALSE),$J179*P$2,0)} -> 0 | Q179: {=IF(_xlfn.SWITCH(TRUE,COLUMN()-COLUMN($J$5)-$G179<0,FALSE,MOD(COLUMN()-COLUMN($J$5)-$G179,$I179)=0,TRUE,FALSE),$J179*Q$2,0)} -> 0 | R179: {=IF(_xlfn.SWITCH(TRUE,COLUMN()-COLUMN($J$5)-$G179<0,FALSE,MOD(COLUMN()-COLUMN($J$5)-$G179,$I179)=0,TRUE,FALSE),$J179*R$2,0)} -> 0 | ... AD179: {=IF(_xlfn.SWITCH(TRUE,COLUMN()-COLUMN($J$5)-$G179<0,FALSE,MOD(COLUMN()-COLUMN($J$5)-$G179,$I179)=0,TRUE,FALSE),$J179*AD$2,0)} -> 0 | AE179: =SUM(K179:AD179) -> 188628.75
A180: Structure | B180: Replace Traffic Coating | C180: Upper Bowl Seating | F180: Medium | G180: =H180-2024 -> 4 | H180: 2028 | I180: 20 | J180: =Costs!P185 -> 2065500 | K180: {=IF(_xlfn.SWITCH(TRUE,COLUMN()-COLUMN($J$5)-$G180<0,FALSE,MOD(COLUMN()-COLUMN($J$5)-$G180,$I180)=0,TRUE,FALSE),$J180*K$2,0)} -> 0 | L180: {=IF(_xlfn.SWITCH(TRUE,COLUMN()-COLUMN($J$5)-$G180<0,FALSE,MOD(COLUMN()-COLUMN($J$5)-$G180,$I180)=0,TRUE,FALSE),$J180*L$2,0)} -> 0 | M180: {=IF(_xlfn.SWITCH(TRUE,COLUMN()-COLUMN($J$5)-$G180<0,FALSE,MOD(COLUMN()-COLUMN($J$5)-$G180,$I180)=0,TRUE,FALSE),$J180*M$2,0)} -> 0 | N180: {=IF(_xlfn.SWITCH(TRUE,COLUMN()-COLUMN($J$5)-$G180<0,FALSE,MOD(COLUMN()-COLUMN($J$5)-$G180,$I180)=0,TRUE,FALSE),$J180*N$2,0)} -> 2336023.6 | O180: {=IF(_xlfn.SWITCH(TRUE,COLUMN()-COLUMN($J$5)-$G180<0,FALSE,MOD(COLUMN()-COLUMN($J$5)-$G180,$I180)=0,TRUE,FALSE),$J180*O$2,0)} -> 0 | P180: {=IF(_xlfn.SWITCH(TRUE,COLUMN()-COLUMN($J$5)-$G180<0,FALSE,MOD(COLUMN()-COLUMN($J$5)-$G180,$I180)=0,TRUE,FALSE),$J180*P$2,0)} -> 0 | Q180: {=IF(_xlfn.SWITCH(TRUE,COLUMN()-COLUMN($J$5)-$G180<0,FALSE,MOD(COLUMN()-COLUMN($J$5)-$G180,$I180)=0,TRUE,FALSE),$J180*Q$2,0)} -> 0 | R180: {=IF(_xlfn.SWITCH(TRUE,COLUMN()-COLUMN($J$5)-$G180<0,FALSE,MOD(COLUMN()-COLUMN($J$5)-$G180,$I180)=0,TRUE,FALSE),$J180*R$2,0)} -> 0 | ... AD180: {=IF(_xlfn.SWITCH(TRUE,COLUMN()-COLUMN($J$5)-$G180<0,FALSE,MOD(COLUMN()-COLUMN($J$5)-$G180,$I180)=0,TRUE,FALSE),$J180*AD$2,0)} -> 0 | AE180: =SUM(K180:AD180) -> 2336023.6
A181: Structure | B181: Replace Joint Sealant (joint and cove) | C181: Lower Bowl Seating | F181: High | G181: =H181-2024 -> 1 | H181: 2025 | I181: 10 | J181: =Costs!P186 -> 132300 | K181: {=IF(_xlfn.SWITCH(TRUE,COLUMN()-COLUMN($J$5)-$G181<0,FALSE,MOD(COLUMN()-COLUMN($J$5)-$G181,$I181)=0,TRUE,FALSE),$J181*K$2,0)} -> 136930.5 | L181: {=IF(_xlfn.SWITCH(TRUE,COLUMN()-COLUMN($J$5)-$G181<0,FALSE,MOD(COLUMN()-COLUMN($J$5)-$G181,$I181)=0,TRUE,FALSE),$J181*L$2,0)} -> 0 | M181: {=IF(_xlfn.SWITCH(TRUE,COLUMN()-COLUMN($J$5)-$G181<0,FALSE,MOD(COLUMN()-COLUMN($J$5)-$G181,$I181)=0,TRUE,FALSE),$J181*M$2,0)} -> 0 | N181: {=IF(_xlfn.SWITCH(TRUE,COLUMN()-COLUMN($J$5)-$G181<0,FALSE,MOD(COLUMN()-COLUMN($J$5)-$G181,$I181)=0,TRUE,FALSE),$J181*N$2,0)} -> 0 | O181: {=IF(_xlfn.SWITCH(TRUE,COLUMN()-COLUMN($J$5)-$G181<0,FALSE,MOD(COLUMN()-COLUMN($J$5)-$G181,$I181)=0,TRUE,FALSE),$J181*O$2,0)} -> 0 | P181: {=IF(_xlfn.SWITCH(TRUE,COLUMN()-COLUMN($J$5)-$G181<0,FALSE,MOD(COLUMN()-COLUMN($J$5)-$G181,$I181)=0,TRUE,FALSE),$J181*P$2,0)} -> 0 | Q181: {=IF(_xlfn.SWITCH(TRUE,COLUMN()-COLUMN($J$5)-$G181<0,FALSE,MOD(COLUMN()-COLUMN($J$5)-$G181,$I181)=0,TRUE,FALSE),$J181*Q$2,0)} -> 0 | R181: {=IF(_xlfn.SWITCH(TRUE,COLUMN()-COLUMN($J$5)-$G181<0,FALSE,MOD(COLUMN()-COLUMN($J$5)-$G181,$I181)=0,TRUE,FALSE),$J181*R$2,0)} -> 0 | ... AD181: {=IF(_xlfn.SWITCH(TRUE,COLUMN()-COLUMN($J$5)-$G181<0,FALSE,MOD(COLUMN()-COLUMN($J$5)-$G181,$I181)=0,TRUE,FALSE),$J181*AD$2,0)} -> 0 | AE181: =SUM(K181:AD181) -> 320953.64
A182: Structure | B182: Install Joint Sealant Covers | C182: Lower Bowl Seating | F182: High | G182: =H182-2024 -> 1 | H182: 2025 | I182: 20 | J182: =Costs!P187 -> 243000 | K182: {=IF(_xlfn.SWITCH(TRUE,COLUMN()-COLUMN($J$5)-$G182<0,FALSE,MOD(COLUMN()-COLUMN($J$5)-$G182,$I182)=0,TRUE,FALSE),$J182*K$2,0)} -> 251505 | L182: {=IF(_xlfn.SWITCH(TRUE,COLUMN()-COLUMN($J$5)-$G182<0,FALSE,MOD(COLUMN()-COLUMN($J$5)-$G182,$I182)=0,TRUE,FALSE),$J182*L$2,0)} -> 0 | M182: {=IF(_xlfn.SWITCH(TRUE,COLUMN()-COLUMN($J$5)-$G182<0,FALSE,MOD(COLUMN()-COLUMN($J$5)-$G182,$I182)=0,TRUE,FALSE),$J182*M$2,0)} -> 0 | N182: {=IF(_xlfn.SWITCH(TRUE,COLUMN()-COLUMN($J$5)-$G182<0,FALSE,MOD(COLUMN()-COLUMN($J$5)-$G182,$I182)=0,TRUE,FALSE),$J182*N$2,0)} -> 0 | O182: {=IF(_xlfn.SWITCH(TRUE,COLUMN()-COLUMN($J$5)-$G182<0,FALSE,MOD(COLUMN()-COLUMN($J$5)-$G182,$I182)=0,TRUE,FALSE),$J182*O$2,0)} -> 0 | P182: {=IF(_xlfn.SWITCH(TRUE,COLUMN()-COLUMN($J$5)-$G182<0,FALSE,MOD(COLUMN()-COLUMN($J$5)-$G182,$I182)=0,TRUE,FALSE),$J182*P$2,0)} -> 0 | Q182: {=IF(_xlfn.SWITCH(TRUE,COLUMN()-COLUMN($J$5)-$G182<0,FALSE,MOD(COLUMN()-COLUMN($J$5)-$G182,$I182)=0,TRUE,FALSE),$J182*Q$2,0)} -> 0 | R182: {=IF(_xlfn.SWITCH(TRUE,COLUMN()-COLUMN($J$5)-$G182<0,FALSE,MOD(COLUMN()-COLUMN($J$5)-$G182,$I182)=0,TRUE,FALSE),$J182*R$2,0)} -> 0 | ... AD182: {=IF(_xlfn.SWITCH(TRUE,COLUMN()-COLUMN($J$5)-$G182<0,FALSE,MOD(COLUMN()-COLUMN($J$5)-$G182,$I182)=0,TRUE,FALSE),$J182*AD$2,0)} -> 0 | AE182: =SUM(K182:AD182) -> 251505
A183: Structure | B183: Replace Traffic Coating | C183: Lower Bowl Seating | F183: Medium | G183: =H183-2024 -> 4 | H183: 2028 | I183: 20 | J183: =Costs!P188 -> 1984500 | K183: {=IF(_xlfn.SWITCH(TRUE,COLUMN()-COLUMN($J$5)-$G183<0,FALSE,MOD(COLUMN()-COLUMN($J$5)-$G183,$I183)=0,TRUE,FALSE),$J183*K$2,0)} -> 0 | L183: {=IF(_xlfn.SWITCH(TRUE,COLUMN()-COLUMN($J$5)-$G183<0,FALSE,MOD(COLUMN()-COLUMN($J$5)-$G183,$I183)=0,TRUE,FALSE),$J183*L$2,0)} -> 0 | M183: {=IF(_xlfn.SWITCH(TRUE,COLUMN()-COLUMN($J$5)-$G183<0,FALSE,MOD(COLUMN()-COLUMN($J$5)-$G183,$I183)=0,TRUE,FALSE),$J183*M$2,0)} -> 0 | N183: {=IF(_xlfn.SWITCH(TRUE,COLUMN()-COLUMN($J$5)-$G183<0,FALSE,MOD(COLUMN()-COLUMN($J$5)-$G183,$I183)=0,TRUE,FALSE),$J183*N$2,0)} -> 2244414.8 | O183: {=IF(_xlfn.SWITCH(TRUE,COLUMN()-COLUMN($J$5)-$G183<0,FALSE,MOD(COLUMN()-COLUMN($J$5)-$G183,$I183)=0,TRUE,FALSE),$J183*O$2,0)} -> 0 | P183: {=IF(_xlfn.SWITCH(TRUE,COLUMN()-COLUMN($J$5)-$G183<0,FALSE,MOD(COLUMN()-COLUMN($J$5)-$G183,$I183)=0,TRUE,FALSE),$J183*P$2,0)} -> 0 | Q183: {=IF(_xlfn.SWITCH(TRUE,COLUMN()-COLUMN($J$5)-$G183<0,FALSE,MOD(COLUMN()-COLUMN($J$5)-$G183,$I183)=0,TRUE,FALSE),$J183*Q$2,0)} -> 0 | R183: {=IF(_xlfn.SWITCH(TRUE,COLUMN()-COLUMN($J$5)-$G183<0,FALSE,MOD(COLUMN()-COLUMN($J$5)-$G183,$I183)=0,TRUE,FALSE),$J183*R$2,0)} -> 0 | ... AD183: {=IF(_xlfn.SWITCH(TRUE,COLUMN()-COLUMN($J$5)-$G183<0,FALSE,MOD(COLUMN()-COLUMN($J$5)-$G183,$I183)=0,TRUE,FALSE),$J183*AD$2,0)} -> 0 | AE183: =SUM(K183:AD183) -> 2244414.8
A184: Structure | B184: Clean and Coat Catwalk Framing -Isolated Locations | C184: Canopy | D184: Catwalk Level | F184: Low | G184: =H184-2024 -> 5 | H184: 2029 | I184: 4 | J184: =Costs!P189 -> 6750 | K184: {=IF(_xlfn.SWITCH(TRUE,COLUMN()-COLUMN($J$5)-$G184<0,FALSE,MOD(COLUMN()-COLUMN($J$5)-$G184,$I184)=0,TRUE,FALSE),$J184*K$2,0)} -> 0 | L184: {=IF(_xlfn.SWITCH(TRUE,COLUMN()-COLUMN($J$5)-$G184<0,FALSE,MOD(COLUMN()-COLUMN($J$5)-$G184,$I184)=0,TRUE,FALSE),$J184*L$2,0)} -> 0 | M184: {=IF(_xlfn.SWITCH(TRUE,COLUMN()-COLUMN($J$5)-$G184<0,FALSE,MOD(COLUMN()-COLUMN($J$5)-$G184,$I184)=0,TRUE,FALSE),$J184*M$2,0)} -> 0 | N184: {=IF(_xlfn.SWITCH(TRUE,COLUMN()-COLUMN($J$5)-$G184<0,FALSE,MOD(COLUMN()-COLUMN($J$5)-$G184,$I184)=0,TRUE,FALSE),$J184*N$2,0)} -> 0 | O184: {=IF(_xlfn.SWITCH(TRUE,COLUMN()-COLUMN($J$5)-$G184<0,FALSE,MOD(COLUMN()-COLUMN($J$5)-$G184,$I184)=0,TRUE,FALSE),$J184*O$2,0)} -> 7863.0859 | P184: {=IF(_xlfn.SWITCH(TRUE,COLUMN()-COLUMN($J$5)-$G184<0,FALSE,MOD(COLUMN()-COLUMN($J$5)-$G184,$I184)=0,TRUE,FALSE),$J184*P$2,0)} -> 0 | Q184: {=IF(_xlfn.SWITCH(TRUE,COLUMN()-COLUMN($J$5)-$G184<0,FALSE,MOD(COLUMN()-COLUMN($J$5)-$G184,$I184)=0,TRUE,FALSE),$J184*Q$2,0)} -> 0 | R184: {=IF(_xlfn.SWITCH(TRUE,COLUMN()-COLUMN($J$5)-$G184<0,FALSE,MOD(COLUMN()-COLUMN($J$5)-$G184,$I184)=0,TRUE,FALSE),$J184*R$2,0)} -> 0 | ... AD184: {=IF(_xlfn.SWITCH(TRUE,COLUMN()-COLUMN($J$5)-$G184<0,FALSE,MOD(COLUMN()-COLUMN($J$5)-$G184,$I184)=0,TRUE,FALSE),$J184*AD$2,0)} -> 0 | AE184: =SUM(K184:AD184) -> 37884.661
A185: Structure | B185: Clean and Coat MEP Framing | C185: Upper Concourse | D185: MEP Roof Area | F185: High | G185: =H185-2024 -> 1 | H185: 2025 | I185: 10 | J185: =Costs!P190 -> 3375 | K185: {=IF(_xlfn.SWITCH(TRUE,COLUMN()-COLUMN($J$5)-$G185<0,FALSE,MOD(COLUMN()-COLUMN($J$5)-$G185,$I185)=0,TRUE,FALSE),$J185*K$2,0)} -> 3493.125 | L185: {=IF(_xlfn.SWITCH(TRUE,COLUMN()-COLUMN($J$5)-$G185<0,FALSE,MOD(COLUMN()-COLUMN($J$5)-$G185,$I185)=0,TRUE,FALSE),$J185*L$2,0)} -> 0 | M185: {=IF(_xlfn.SWITCH(TRUE,COLUMN()-COLUMN($J$5)-$G185<0,FALSE,MOD(COLUMN()-COLUMN($J$5)-$G185,$I185)=0,TRUE,FALSE),$J185*M$2,0)} -> 0 | N185: {=IF(_xlfn.SWITCH(TRUE,COLUMN()-COLUMN($J$5)-$G185<0,FALSE,MOD(COLUMN()-COLUMN($J$5)-$G185,$I185)=0,TRUE,FALSE),$J185*N$2,0)} -> 0 | O185: {=IF(_xlfn.SWITCH(TRUE,COLUMN()-COLUMN($J$5)-$G185<0,FALSE,MOD(COLUMN()-COLUMN($J$5)-$G185,$I185)=0,TRUE,FALSE),$J185*O$2,0)} -> 0 | P185: {=IF(_xlfn.SWITCH(TRUE,COLUMN()-COLUMN($J$5)-$G185<0,FALSE,MOD(COLUMN()-COLUMN($J$5)-$G185,$I185)=0,TRUE,FALSE),$J185*P$2,0)} -> 0 | Q185: {=IF(_xlfn.SWITCH(TRUE,COLUMN()-COLUMN($J$5)-$G185<0,FALSE,MOD(COLUMN()-COLUMN($J$5)-$G185,$I185)=0,TRUE,FALSE),$J185*Q$2,0)} -> 0 | R185: {=IF(_xlfn.SWITCH(TRUE,COLUMN()-COLUMN($J$5)-$G185<0,FALSE,MOD(COLUMN()-COLUMN($J$5)-$G185,$I185)=0,TRUE,FALSE),$J185*R$2,0)} -> 0 | ... AD185: {=IF(_xlfn.SWITCH(TRUE,COLUMN()-COLUMN($J$5)-$G185<0,FALSE,MOD(COLUMN()-COLUMN($J$5)-$G185,$I185)=0,TRUE,FALSE),$J185*AD$2,0)} -> 0 | AE185: =SUM(K185:AD185) -> 8187.5929
A186: Structure | B186: Clean and Coat MEP Metal Screen | C186: Upper Concourse | D186: MEP Roof Area | F186: High | G186: =H186-2024 -> 1 | H186: 2025 | I186: 10 | J186: =Costs!P191 -> 13500 | K186: {=IF(_xlfn.SWITCH(TRUE,COLUMN()-COLUMN($J$5)-$G186<0,FALSE,MOD(COLUMN()-COLUMN($J$5)-$G186,$I186)=0,TRUE,FALSE),$J186*K$2,0)} -> 13972.5 | L186: {=IF(_xlfn.SWITCH(TRUE,COLUMN()-COLUMN($J$5)-$G186<0,FALSE,MOD(COLUMN()-COLUMN($J$5)-$G186,$I186)=0,TRUE,FALSE),$J186*L$2,0)} -> 0 | M186: {=IF(_xlfn.SWITCH(TRUE,COLUMN()-COLUMN($J$5)-$G186<0,FALSE,MOD(COLUMN()-COLUMN($J$5)-$G186,$I186)=0,TRUE,FALSE),$J186*M$2,0)} -> 0 | N186: {=IF(_xlfn.SWITCH(TRUE,COLUMN()-COLUMN($J$5)-$G186<0,FALSE,MOD(COLUMN()-COLUMN($J$5)-$G186,$I186)=0,TRUE,FALSE),$J186*N$2,0)} -> 0 | O186: {=IF(_xlfn.SWITCH(TRUE,COLUMN()-COLUMN($J$5)-$G186<0,FALSE,MOD(COLUMN()-COLUMN($J$5)-$G186,$I186)=0,TRUE,FALSE),$J186*O$2,0)} -> 0 | P186: {=IF(_xlfn.SWITCH(TRUE,COLUMN()-COLUMN($J$5)-$G186<0,FALSE,MOD(COLUMN()-COLUMN($J$5)-$G186,$I186)=0,TRUE,FALSE),$J186*P$2,0)} -> 0 | Q186: {=IF(_xlfn.SWITCH(TRUE,COLUMN()-COLUMN($J$5)-$G186<0,FALSE,MOD(COLUMN()-COLUMN($J$5)-$G186,$I186)=0,TRUE,FALSE),$J186*Q$2,0)} -> 0 | R186: {=IF(_xlfn.SWITCH(TRUE,COLUMN()-COLUMN($J$5)-$G186<0,FALSE,MOD(COLUMN()-COLUMN($J$5)-$G186,$I186)=0,TRUE,FALSE),$J186*R$2,0)} -> 0 | ... AD186: {=IF(_xlfn.SWITCH(TRUE,COLUMN()-COLUMN($J$5)-$G186<0,FALSE,MOD(COLUMN()-COLUMN($J$5)-$G186,$I186)=0,TRUE,FALSE),$J186*AD$2,0)} -> 0 | AE186: =SUM(K186:AD186) -> 32750.372
A187: Structure | B187: Replace Traffic Coating | C187: Suite Level | D187: Plaza Annex Areas | F187: Medium | G187: =H187-2024 -> 4 | H187: 2028 | I187: 20 | J187: =Costs!P192 -> 121500 | K187: {=IF(_xlfn.SWITCH(TRUE,COLUMN()-COLUMN($J$5)-$G187<0,FALSE,MOD(COLUMN()-COLUMN($J$5)-$G187,$I187)=0,TRUE,FALSE),$J187*K$2,0)} -> 0 | L187: {=IF(_xlfn.SWITCH(TRUE,COLUMN()-COLUMN($J$5)-$G187<0,FALSE,MOD(COLUMN()-COLUMN($J$5)-$G187,$I187)=0,TRUE,FALSE),$J187*L$2,0)} -> 0 | M187: {=IF(_xlfn.SWITCH(TRUE,COLUMN()-COLUMN($J$5)-$G187<0,FALSE,MOD(COLUMN()-COLUMN($J$5)-$G187,$I187)=0,TRUE,FALSE),$J187*M$2,0)} -> 0 | N187: {=IF(_xlfn.SWITCH(TRUE,COLUMN()-COLUMN($J$5)-$G187<0,FALSE,MOD(COLUMN()-COLUMN($J$5)-$G187,$I187)=0,TRUE,FALSE),$J187*N$2,0)} -> 137413.15 | O187: {=IF(_xlfn.SWITCH(TRUE,COLUMN()-COLUMN($J$5)-$G187<0,FALSE,MOD(COLUMN()-COLUMN($J$5)-$G187,$I187)=0,TRUE,FALSE),$J187*O$2,0)} -> 0 | P187: {=IF(_xlfn.SWITCH(TRUE,COLUMN()-COLUMN($J$5)-$G187<0,FALSE,MOD(COLUMN()-COLUMN($J$5)-$G187,$I187)=0,TRUE,FALSE),$J187*P$2,0)} -> 0 | Q187: {=IF(_xlfn.SWITCH(TRUE,COLUMN()-COLUMN($J$5)-$G187<0,FALSE,MOD(COLUMN()-COLUMN($J$5)-$G187,$I187)=0,TRUE,FALSE),$J187*Q$2,0)} -> 0 | R187: {=IF(_xlfn.SWITCH(TRUE,COLUMN()-COLUMN($J$5)-$G187<0,FALSE,MOD(COLUMN()-COLUMN($J$5)-$G187,$I187)=0,TRUE,FALSE),$J187*R$2,0)} -> 0 | ... AD187: {=IF(_xlfn.SWITCH(TRUE,COLUMN()-COLUMN($J$5)-$G187<0,FALSE,MOD(COLUMN()-COLUMN($J$5)-$G187,$I187)=0,TRUE,FALSE),$J187*AD$2,0)} -> 0 | AE187: =SUM(K187:AD187) -> 137413.15
A188: Structure | B188: Replace Traffic Coating | C188: Upper Press Level | D188: Plaza Annex Areas | F188: Medium | G188: =H188-2024 -> 4 | H188: 2028 | I188: 20 | J188: =Costs!P193 -> 121500 | K188: {=IF(_xlfn.SWITCH(TRUE,COLUMN()-COLUMN($J$5)-$G188<0,FALSE,MOD(COLUMN()-COLUMN($J$5)-$G188,$I188)=0,TRUE,FALSE),$J188*K$2,0)} -> 0 | L188: {=IF(_xlfn.SWITCH(TRUE,COLUMN()-COLUMN($J$5)-$G188<0,FALSE,MOD(COLUMN()-COLUMN($J$5)-$G188,$I188)=0,TRUE,FALSE),$J188*L$2,0)} -> 0 | M188: {=IF(_xlfn.SWITCH(TRUE,COLUMN()-COLUMN($J$5)-$G188<0,FALSE,MOD(COLUMN()-COLUMN($J$5)-$G188,$I188)=0,TRUE,FALSE),$J188*M$2,0)} -> 0 | N188: {=IF(_xlfn.SWITCH(TRUE,COLUMN()-COLUMN($J$5)-$G188<0,FALSE,MOD(COLUMN()-COLUMN($J$5)-$G188,$I188)=0,TRUE,FALSE),$J188*N$2,0)} -> 137413.15 | O188: {=IF(_xlfn.SWITCH(TRUE,COLUMN()-COLUMN($J$5)-$G188<0,FALSE,MOD(COLUMN()-COLUMN($J$5)-$G188,$I188)=0,TRUE,FALSE),$J188*O$2,0)} -> 0 | P188: {=IF(_xlfn.SWITCH(TRUE,COLUMN()-COLUMN($J$5)-$G188<0,FALSE,MOD(COLUMN()-COLUMN($J$5)-$G188,$I188)=0,TRUE,FALSE),$J188*P$2,0)} -> 0 | Q188: {=IF(_xlfn.SWITCH(TRUE,COLUMN()-COLUMN($J$5)-$G188<0,FALSE,MOD(COLUMN()-COLUMN($J$5)-$G188,$I188)=0,TRUE,FALSE),$J188*Q$2,0)} -> 0 | R188: {=IF(_xlfn.SWITCH(TRUE,COLUMN()-COLUMN($J$5)-$G188<0,FALSE,MOD(COLUMN()-COLUMN($J$5)-$G188,$I188)=0,TRUE,FALSE),$J188*R$2,0)} -> 0 | ... AD188: {=IF(_xlfn.SWITCH(TRUE,COLUMN()-COLUMN($J$5)-$G188<0,FALSE,MOD(COLUMN()-COLUMN($J$5)-$G188,$I188)=0,TRUE,FALSE),$J188*AD$2,0)} -> 0 | AE188: =SUM(K188:AD188) -> 137413.15
A189: Structure | B189: Repair Granite Façade Panel Spall | C189: Main Concourse | D189: Southeast Façade | F189: High | G189: =H189-2024 -> 1 | H189: 2025 | I189: 25 | J189: =Costs!P194 -> 2700 | K189: {=IF(_xlfn.SWITCH(TRUE,COLUMN()-COLUMN($J$5)-$G189<0,FALSE,MOD(COLUMN()-COLUMN($J$5)-$G189,$I189)=0,TRUE,FALSE),$J189*K$2,0)} -> 2794.5 | L189: {=IF(_xlfn.SWITCH(TRUE,COLUMN()-COLUMN($J$5)-$G189<0,FALSE,MOD(COLUMN()-COLUMN($J$5)-$G189,$I189)=0,TRUE,FALSE),$J189*L$2,0)} -> 0 | M189: {=IF(_xlfn.SWITCH(TRUE,COLUMN()-COLUMN($J$5)-$G189<0,FALSE,MOD(COLUMN()-COLUMN($J$5)-$G189,$I189)=0,TRUE,FALSE),$J189*M$2,0)} -> 0 | N189: {=IF(_xlfn.SWITCH(TRUE,COLUMN()-COLUMN($J$5)-$G189<0,FALSE,MOD(COLUMN()-COLUMN($J$5)-$G189,$I189)=0,TRUE,FALSE),$J189*N$2,0)} -> 0 | O189: {=IF(_xlfn.SWITCH(TRUE,COLUMN()-COLUMN($J$5)-$G189<0,FALSE,MOD(COLUMN()-COLUMN($J$5)-$G189,$I189)=0,TRUE,FALSE),$J189*O$2,0)} -> 0 | P189: {=IF(_xlfn.SWITCH(TRUE,COLUMN()-COLUMN($J$5)-$G189<0,FALSE,MOD(COLUMN()-COLUMN($J$5)-$G189,$I189)=0,TRUE,FALSE),$J189*P$2,0)} -> 0 | Q189: {=IF(_xlfn.SWITCH(TRUE,COLUMN()-COLUMN($J$5)-$G189<0,FALSE,MOD(COLUMN()-COLUMN($J$5)-$G189,$I189)=0,TRUE,FALSE),$J189*Q$2,0)} -> 0 | R189: {=IF(_xlfn.SWITCH(TRUE,COLUMN()-COLUMN($J$5)-$G189<0,FALSE,MOD(COLUMN()-COLUMN($J$5)-$G189,$I189)=0,TRUE,FALSE),$J189*R$2,0)} -> 0 | ... AD189: {=IF(_xlfn.SWITCH(TRUE,COLUMN()-COLUMN($J$5)-$G189<0,FALSE,MOD(COLUMN()-COLUMN($J$5)-$G189,$I189)=0,TRUE,FALSE),$J189*AD$2,0)} -> 0 | AE189: =SUM(K189:AD189) -> 2794.5
A190: Structure | B190: Repair Overhead Concrete | C190: Main Concourse | F190: High | G190: =H190-2024 -> 2 | H190: 2026 | I190: 10 | J190: =Costs!P195 -> 16875 | K190: {=IF(_xlfn.SWITCH(TRUE,COLUMN()-COLUMN($J$5)-$G190<0,FALSE,MOD(COLUMN()-COLUMN($J$5)-$G190,$I190)=0,TRUE,FALSE),$J190*K$2,0)} -> 0 | L190: {=IF(_xlfn.SWITCH(TRUE,COLUMN()-COLUMN($J$5)-$G190<0,FALSE,MOD(COLUMN()-COLUMN($J$5)-$G190,$I190)=0,TRUE,FALSE),$J190*L$2,0)} -> 17989.594 | M190: {=IF(_xlfn.SWITCH(TRUE,COLUMN()-COLUMN($J$5)-$G190<0,FALSE,MOD(COLUMN()-COLUMN($J$5)-$G190,$I190)=0,TRUE,FALSE),$J190*M$2,0)} -> 0 | N190: {=IF(_xlfn.SWITCH(TRUE,COLUMN()-COLUMN($J$5)-$G190<0,FALSE,MOD(COLUMN()-COLUMN($J$5)-$G190,$I190)=0,TRUE,FALSE),$J190*N$2,0)} -> 0 | O190: {=IF(_xlfn.SWITCH(TRUE,COLUMN()-COLUMN($J$5)-$G190<0,FALSE,MOD(COLUMN()-COLUMN($J$5)-$G190,$I190)=0,TRUE,FALSE),$J190*O$2,0)} -> 0 | P190: {=IF(_xlfn.SWITCH(TRUE,COLUMN()-COLUMN($J$5)-$G190<0,FALSE,MOD(COLUMN()-COLUMN($J$5)-$G190,$I190)=0,TRUE,FALSE),$J190*P$2,0)} -> 0 | Q190: {=IF(_xlfn.SWITCH(TRUE,COLUMN()-COLUMN($J$5)-$G190<0,FALSE,MOD(COLUMN()-COLUMN($J$5)-$G190,$I190)=0,TRUE,FALSE),$J190*Q$2,0)} -> 0 | R190: {=IF(_xlfn.SWITCH(TRUE,COLUMN()-COLUMN($J$5)-$G190<0,FALSE,MOD(COLUMN()-COLUMN($J$5)-$G190,$I190)=0,TRUE,FALSE),$J190*R$2,0)} -> 0 | ... AD190: {=IF(_xlfn.SWITCH(TRUE,COLUMN()-COLUMN($J$5)-$G190<0,FALSE,MOD(COLUMN()-COLUMN($J$5)-$G190,$I190)=0,TRUE,FALSE),$J190*AD$2,0)} -> 0 | AE190: =SUM(K190:AD190) -> 42166.103
A191: Structure | B191: Clean and Coat Steel Elements | C191: Throughout Garden Garage | D191: Garage | E191: Structural | F191: High | G191: =H191-2024 -> 1 | H191: 2025 | I191: 3 | J191: =Costs!P196 -> 60750 | K191: {=IF(_xlfn.SWITCH(TRUE,COLUMN()-COLUMN($J$5)-$G191<0,FALSE,MOD(COLUMN()-COLUMN($J$5)-$G191,$I191)=0,TRUE,FALSE),$J191*K$2,0)} -> 62876.25 | L191: {=IF(_xlfn.SWITCH(TRUE,COLUMN()-COLUMN($J$5)-$G191<0,FALSE,MOD(COLUMN()-COLUMN($J$5)-$G191,$I191)=0,TRUE,FALSE),$J191*L$2,0)} -> 0 | M191: {=IF(_xlfn.SWITCH(TRUE,COLUMN()-COLUMN($J$5)-$G191<0,FALSE,MOD(COLUMN()-COLUMN($J$5)-$G191,$I191)=0,TRUE,FALSE),$J191*M$2,0)} -> 0 | N191: {=IF(_xlfn.SWITCH(TRUE,COLUMN()-COLUMN($J$5)-$G191<0,FALSE,MOD(COLUMN()-COLUMN($J$5)-$G191,$I191)=0,TRUE,FALSE),$J191*N$2,0)} -> 68706.576 | O191: {=IF(_xlfn.SWITCH(TRUE,COLUMN()-COLUMN($J$5)-$G191<0,FALSE,MOD(COLUMN()-COLUMN($J$5)-$G191,$I191)=0,TRUE,FALSE),$J191*O$2,0)} -> 0 | P191: {=IF(_xlfn.SWITCH(TRUE,COLUMN()-COLUMN($J$5)-$G191<0,FALSE,MOD(COLUMN()-COLUMN($J$5)-$G191,$I191)=0,TRUE,FALSE),$J191*P$2,0)} -> 0 | Q191: {=IF(_xlfn.SWITCH(TRUE,COLUMN()-COLUMN($J$5)-$G191<0,FALSE,MOD(COLUMN()-COLUMN($J$5)-$G191,$I191)=0,TRUE,FALSE),$J191*Q$2,0)} -> 75077.531 | R191: {=IF(_xlfn.SWITCH(TRUE,COLUMN()-COLUMN($J$5)-$G191<0,FALSE,MOD(COLUMN()-COLUMN($J$5)-$G191,$I191)=0,TRUE,FALSE),$J191*R$2,0)} -> 0 | ... AD191: {=IF(_xlfn.SWITCH(TRUE,COLUMN()-COLUMN($J$5)-$G191<0,FALSE,MOD(COLUMN()-COLUMN($J$5)-$G191,$I191)=0,TRUE,FALSE),$J191*AD$2,0)} -> 0 | AE191: =SUM(K191:AD191) -> 583347.86
A192: Structure | B192: Repair Cracked, Spalled, and Delaminated Concrete Tripping Hazards | C192: Throughout Garden Garage | D192: Garage | E192: Structural | F192: High | G192: =H192-2024 -> 2 | H192: 2026 | I192: 3 | J192: =Costs!P197 -> 8100 | K192: {=IF(_xlfn.SWITCH(TRUE,COLUMN()-COLUMN($J$5)-$G192<0,FALSE,MOD(COLUMN()-COLUMN($J$5)-$G192,$I192)=0,TRUE,FALSE),$J192*K$2,0)} -> 0 | L192: {=IF(_xlfn.SWITCH(TRUE,COLUMN()-COLUMN($J$5)-$G192<0,FALSE,MOD(COLUMN()-COLUMN($J$5)-$G192,$I192)=0,TRUE,FALSE),$J192*L$2,0)} -> 8635.005 | M192: {=IF(_xlfn.SWITCH(TRUE,COLUMN()-COLUMN($J$5)-$G192<0,FALSE,MOD(COLUMN()-COLUMN($J$5)-$G192,$I192)=0,TRUE,FALSE),$J192*M$2,0)} -> 0 | N192: {=IF(_xlfn.SWITCH(TRUE,COLUMN()-COLUMN($J$5)-$G192<0,FALSE,MOD(COLUMN()-COLUMN($J$5)-$G192,$I192)=0,TRUE,FALSE),$J192*N$2,0)} -> 0 | O192: {=IF(_xlfn.SWITCH(TRUE,COLUMN()-COLUMN($J$5)-$G192<0,FALSE,MOD(COLUMN()-COLUMN($J$5)-$G192,$I192)=0,TRUE,FALSE),$J192*O$2,0)} -> 9435.7031 | P192: {=IF(_xlfn.SWITCH(TRUE,COLUMN()-COLUMN($J$5)-$G192<0,FALSE,MOD(COLUMN()-COLUMN($J$5)-$G192,$I192)=0,TRUE,FALSE),$J192*P$2,0)} -> 0 | Q192: {=IF(_xlfn.SWITCH(TRUE,COLUMN()-COLUMN($J$5)-$G192<0,FALSE,MOD(COLUMN()-COLUMN($J$5)-$G192,$I192)=0,TRUE,FALSE),$J192*Q$2,0)} -> 0 | R192: {=IF(_xlfn.SWITCH(TRUE,COLUMN()-COLUMN($J$5)-$G192<0,FALSE,MOD(COLUMN()-COLUMN($J$5)-$G192,$I192)=0,TRUE,FALSE),$J192*R$2,0)} -> 10310.648 | ... AD192: {=IF(_xlfn.SWITCH(TRUE,COLUMN()-COLUMN($J$5)-$G192<0,FALSE,MOD(COLUMN()-COLUMN($J$5)-$G192,$I192)=0,TRUE,FALSE),$J192*AD$2,0)} -> 14700.518 | AE192: =SUM(K192:AD192) -> 80113.105
A193: Structure | B193: Replace Above Grade Expansion Joint | C193: Level P7 | D193: Garage | E193: Waterproofing | F193: Medium | G193: =H193-2024 -> 3 | H193: 2027 | I193: 15 | J193: =Costs!P198 -> 57375 | K193: {=IF(_xlfn.SWITCH(TRUE,COLUMN()-COLUMN($J$5)-$G193<0,FALSE,MOD(COLUMN()-COLUMN($J$5)-$G193,$I193)=0,TRUE,FALSE),$J193*K$2,0)} -> 0 | L193: {=IF(_xlfn.SWITCH(TRUE,COLUMN()-COLUMN($J$5)-$G193<0,FALSE,MOD(COLUMN()-COLUMN($J$5)-$G193,$I193)=0,TRUE,FALSE),$J193*L$2,0)} -> 0 | M193: {=IF(_xlfn.SWITCH(TRUE,COLUMN()-COLUMN($J$5)-$G193<0,FALSE,MOD(COLUMN()-COLUMN($J$5)-$G193,$I193)=0,TRUE,FALSE),$J193*M$2,0)} -> 62999.557 | N193: {=IF(_xlfn.SWITCH(TRUE,COLUMN()-COLUMN($J$5)-$G193<0,FALSE,MOD(COLUMN()-COLUMN($J$5)-$G193,$I193)=0,TRUE,FALSE),$J193*N$2,0)} -> 0 | O193: {=IF(_xlfn.SWITCH(TRUE,COLUMN()-COLUMN($J$5)-$G193<0,FALSE,MOD(COLUMN()-COLUMN($J$5)-$G193,$I193)=0,TRUE,FALSE),$J193*O$2,0)} -> 0 | P193: {=IF(_xlfn.SWITCH(TRUE,COLUMN()-COLUMN($J$5)-$G193<0,FALSE,MOD(COLUMN()-COLUMN($J$5)-$G193,$I193)=0,TRUE,FALSE),$J193*P$2,0)} -> 0 | Q193: {=IF(_xlfn.SWITCH(TRUE,COLUMN()-COLUMN($J$5)-$G193<0,FALSE,MOD(COLUMN()-COLUMN($J$5)-$G193,$I193)=0,TRUE,FALSE),$J193*Q$2,0)} -> 0 | R193: {=IF(_xlfn.SWITCH(TRUE,COLUMN()-COLUMN($J$5)-$G193<0,FALSE,MOD(COLUMN()-COLUMN($J$5)-$G193,$I193)=0,TRUE,FALSE),$J193*R$2,0)} -> 0 | ... AD193: {=IF(_xlfn.SWITCH(TRUE,COLUMN()-COLUMN($J$5)-$G193<0,FALSE,MOD(COLUMN()-COLUMN($J$5)-$G193,$I193)=0,TRUE,FALSE),$J193*AD$2,0)} -> 0 | AE193: =SUM(K193:AD193) -> 161150.81
A194: Structure | B194: Replace Above Grade Expansion Joint | C194: Levels P5 through P6 | D194: Garage | E194: Waterproofing | F194: Medium | G194: =H194-2024 -> 4 | H194: 2028 | I194: 10 | J194: =Costs!P199 -> 114750 | K194: {=IF(_xlfn.SWITCH(TRUE,COLUMN()-COLUMN($J$5)-$G194<0,FALSE,MOD(COLUMN()-COLUMN($J$5)-$G194,$I194)=0,TRUE,FALSE),$J194*K$2,0)} -> 0 | L194: {=IF(_xlfn.SWITCH(TRUE,COLUMN()-COLUMN($J$5)-$G194<0,FALSE,MOD(COLUMN()-COLUMN($J$5)-$G194,$I194)=0,TRUE,FALSE),$J194*L$2,0)} -> 0 | M194: {=IF(_xlfn.SWITCH(TRUE,COLUMN()-COLUMN($J$5)-$G194<0,FALSE,MOD(COLUMN()-COLUMN($J$5)-$G194,$I194)=0,TRUE,FALSE),$J194*M$2,0)} -> 0 | N194: {=IF(_xlfn.SWITCH(TRUE,COLUMN()-COLUMN($J$5)-$G194<0,FALSE,MOD(COLUMN()-COLUMN($J$5)-$G194,$I194)=0,TRUE,FALSE),$J194*N$2,0)} -> 129779.09 | O194: {=IF(_xlfn.SWITCH(TRUE,COLUMN()-COLUMN($J$5)-$G194<0,FALSE,MOD(COLUMN()-COLUMN($J$5)-$G194,$I194)=0,TRUE,FALSE),$J194*O$2,0)} -> 0 | P194: {=IF(_xlfn.SWITCH(TRUE,COLUMN()-COLUMN($J$5)-$G194<0,FALSE,MOD(COLUMN()-COLUMN($J$5)-$G194,$I194)=0,TRUE,FALSE),$J194*P$2,0)} -> 0 | Q194: {=IF(_xlfn.SWITCH(TRUE,COLUMN()-COLUMN($J$5)-$G194<0,FALSE,MOD(COLUMN()-COLUMN($J$5)-$G194,$I194)=0,TRUE,FALSE),$J194*Q$2,0)} -> 0 | R194: {=IF(_xlfn.SWITCH(TRUE,COLUMN()-COLUMN($J$5)-$G194<0,FALSE,MOD(COLUMN()-COLUMN($J$5)-$G194,$I194)=0,TRUE,FALSE),$J194*R$2,0)} -> 0 | ... AD194: {=IF(_xlfn.SWITCH(TRUE,COLUMN()-COLUMN($J$5)-$G194<0,FALSE,MOD(COLUMN()-COLUMN($J$5)-$G194,$I194)=0,TRUE,FALSE),$J194*AD$2,0)} -> 0 | AE194: =SUM(K194:AD194) -> 304191.33
A195: Structure | B195: Repair on Grade and Below Grade Expansion Joint Headers | C195: Levels P1 through P4 | D195: Garage | E195: Waterproofing | F195: Medium | G195: =H195-2024 -> 4 | H195: 2028 | I195: 10 | J195: =Costs!P200 -> 16200 | K195: {=IF(_xlfn.SWITCH(TRUE,COLUMN()-COLUMN($J$5)-$G195<0,FALSE,MOD(COLUMN()-COLUMN($J$5)-$G195,$I195)=0,TRUE,FALSE),$J195*K$2,0)} -> 0 | L195: {=IF(_xlfn.SWITCH(TRUE,COLUMN()-COLUMN($J$5)-$G195<0,FALSE,MOD(COLUMN()-COLUMN($J$5)-$G195,$I195)=0,TRUE,FALSE),$J195*L$2,0)} -> 0 | M195: {=IF(_xlfn.SWITCH(TRUE,COLUMN()-COLUMN($J$5)-$G195<0,FALSE,MOD(COLUMN()-COLUMN($J$5)-$G195,$I195)=0,TRUE,FALSE),$J195*M$2,0)} -> 0 | N195: {=IF(_xlfn.SWITCH(TRUE,COLUMN()-COLUMN($J$5)-$G195<0,FALSE,MOD(COLUMN()-COLUMN($J$5)-$G195,$I195)=0,TRUE,FALSE),$J195*N$2,0)} -> 18321.754 | O195: {=IF(_xlfn.SWITCH(TRUE,COLUMN()-COLUMN($J$5)-$G195<0,FALSE,MOD(COLUMN()-COLUMN($J$5)-$G195,$I195)=0,TRUE,FALSE),$J195*O$2,0)} -> 0 | P195: {=IF(_xlfn.SWITCH(TRUE,COLUMN()-COLUMN($J$5)-$G195<0,FALSE,MOD(COLUMN()-COLUMN($J$5)-$G195,$I195)=0,TRUE,FALSE),$J195*P$2,0)} -> 0 | Q195: {=IF(_xlfn.SWITCH(TRUE,COLUMN()-COLUMN($J$5)-$G195<0,FALSE,MOD(COLUMN()-COLUMN($J$5)-$G195,$I195)=0,TRUE,FALSE),$J195*Q$2,0)} -> 0 | R195: {=IF(_xlfn.SWITCH(TRUE,COLUMN()-COLUMN($J$5)-$G195<0,FALSE,MOD(COLUMN()-COLUMN($J$5)-$G195,$I195)=0,TRUE,FALSE),$J195*R$2,0)} -> 0 | ... AD195: {=IF(_xlfn.SWITCH(TRUE,COLUMN()-COLUMN($J$5)-$G195<0,FALSE,MOD(COLUMN()-COLUMN($J$5)-$G195,$I195)=0,TRUE,FALSE),$J195*AD$2,0)} -> 0 | AE195: =SUM(K195:AD195) -> 42944.658
A196: Structure | B196: Install Sealant (Joint and Cove) | C196: Level P7 | D196: Garage | E196: Waterproofing | F196: High | G196: =H196-2024 -> 1 | H196: 2025 | I196: 5 | J196: =Costs!P201 -> 26352 | K196: {=IF(_xlfn.SWITCH(TRUE,COLUMN()-COLUMN($J$5)-$G196<0,FALSE,MOD(COLUMN()-COLUMN($J$5)-$G196,$I196)=0,TRUE,FALSE),$J196*K$2,0)} -> 27274.32 | L196: {=IF(_xlfn.SWITCH(TRUE,COLUMN()-COLUMN($J$5)-$G196<0,FALSE,MOD(COLUMN()-COLUMN($J$5)-$G196,$I196)=0,TRUE,FALSE),$J196*L$2,0)} -> 0 | M196: {=IF(_xlfn.SWITCH(TRUE,COLUMN()-COLUMN($J$5)-$G196<0,FALSE,MOD(COLUMN()-COLUMN($J$5)-$G196,$I196)=0,TRUE,FALSE),$J196*M$2,0)} -> 0 | N196: {=IF(_xlfn.SWITCH(TRUE,COLUMN()-COLUMN($J$5)-$G196<0,FALSE,MOD(COLUMN()-COLUMN($J$5)-$G196,$I196)=0,TRUE,FALSE),$J196*N$2,0)} -> 0 | O196: {=IF(_xlfn.SWITCH(TRUE,COLUMN()-COLUMN($J$5)-$G196<0,FALSE,MOD(COLUMN()-COLUMN($J$5)-$G196,$I196)=0,TRUE,FALSE),$J196*O$2,0)} -> 0 | P196: {=IF(_xlfn.SWITCH(TRUE,COLUMN()-COLUMN($J$5)-$G196<0,FALSE,MOD(COLUMN()-COLUMN($J$5)-$G196,$I196)=0,TRUE,FALSE),$J196*P$2,0)} -> 31618.412 | Q196: {=IF(_xlfn.SWITCH(TRUE,COLUMN()-COLUMN($J$5)-$G196<0,FALSE,MOD(COLUMN()-COLUMN($J$5)-$G196,$I196)=0,TRUE,FALSE),$J196*Q$2,0)} -> 0 | R196: {=IF(_xlfn.SWITCH(TRUE,COLUMN()-COLUMN($J$5)-$G196<0,FALSE,MOD(COLUMN()-COLUMN($J$5)-$G196,$I196)=0,TRUE,FALSE),$J196*R$2,0)} -> 0 | ... AD196: {=IF(_xlfn.SWITCH(TRUE,COLUMN()-COLUMN($J$5)-$G196<0,FALSE,MOD(COLUMN()-COLUMN($J$5)-$G196,$I196)=0,TRUE,FALSE),$J196*AD$2,0)} -> 0 | AE196: =SUM(K196:AD196) -> 138039.64
A197: Structure | B197: Install Sealant (Joint and Cove) | C197: Level P2 through P6 | D197: Garage | E197: Waterproofing | F197: High | G197: =H197-2024 -> 2 | H197: 2026 | I197: 5 | J197: =Costs!P202 -> 131760 | K197: {=IF(_xlfn.SWITCH(TRUE,COLUMN()-COLUMN($J$5)-$G197<0,FALSE,MOD(COLUMN()-COLUMN($J$5)-$G197,$I197)=0,TRUE,FALSE),$J197*K$2,0)} -> 0 | L197: {=IF(_xlfn.SWITCH(TRUE,COLUMN()-COLUMN($J$5)-$G197<0,FALSE,MOD(COLUMN()-COLUMN($J$5)-$G197,$I197)=0,TRUE,FALSE),$J197*L$2,0)} -> 140462.75 | M197: {=IF(_xlfn.SWITCH(TRUE,COLUMN()-COLUMN($J$5)-$G197<0,FALSE,MOD(COLUMN()-COLUMN($J$5)-$G197,$I197)=0,TRUE,FALSE),$J197*M$2,0)} -> 0 | N197: {=IF(_xlfn.SWITCH(TRUE,COLUMN()-COLUMN($J$5)-$G197<0,FALSE,MOD(COLUMN()-COLUMN($J$5)-$G197,$I197)=0,TRUE,FALSE),$J197*N$2,0)} -> 0 | O197: {=IF(_xlfn.SWITCH(TRUE,COLUMN()-COLUMN($J$5)-$G197<0,FALSE,MOD(COLUMN()-COLUMN($J$5)-$G197,$I197)=0,TRUE,FALSE),$J197*O$2,0)} -> 0 | P197: {=IF(_xlfn.SWITCH(TRUE,COLUMN()-COLUMN($J$5)-$G197<0,FALSE,MOD(COLUMN()-COLUMN($J$5)-$G197,$I197)=0,TRUE,FALSE),$J197*P$2,0)} -> 0 | Q197: {=IF(_xlfn.SWITCH(TRUE,COLUMN()-COLUMN($J$5)-$G197<0,FALSE,MOD(COLUMN()-COLUMN($J$5)-$G197,$I197)=0,TRUE,FALSE),$J197*Q$2,0)} -> 162834.82 | R197: {=IF(_xlfn.SWITCH(TRUE,COLUMN()-COLUMN($J$5)-$G197<0,FALSE,MOD(COLUMN()-COLUMN($J$5)-$G197,$I197)=0,TRUE,FALSE),$J197*R$2,0)} -> 0 | ... AD197: {=IF(_xlfn.SWITCH(TRUE,COLUMN()-COLUMN($J$5)-$G197<0,FALSE,MOD(COLUMN()-COLUMN($J$5)-$G197,$I197)=0,TRUE,FALSE),$J197*AD$2,0)} -> 0 | AE197: =SUM(K197:AD197) -> 710904.14
A198: Structure | B198: Seal Pipe Penetrations | C198: Throughout Garden Garage | D198: Garage | E198: Waterproofing | F198: High | G198: =H198-2024 -> 2 | H198: 2026 | I198: 10 | J198: =Costs!P203 -> 16200 | K198: {=IF(_xlfn.SWITCH(TRUE,COLUMN()-COLUMN($J$5)-$G198<0,FALSE,MOD(COLUMN()-COLUMN($J$5)-$G198,$I198)=0,TRUE,FALSE),$J198*K$2,0)} -> 0 | L198: {=IF(_xlfn.SWITCH(TRUE,COLUMN()-COLUMN($J$5)-$G198<0,FALSE,MOD(COLUMN()-COLUMN($J$5)-$G198,$I198)=0,TRUE,FALSE),$J198*L$2,0)} -> 17270.01 | M198: {=IF(_xlfn.SWITCH(TRUE,COLUMN()-COLUMN($J$5)-$G198<0,FALSE,MOD(COLUMN()-COLUMN($J$5)-$G198,$I198)=0,TRUE,FALSE),$J198*M$2,0)} -> 0 | N198: {=IF(_xlfn.SWITCH(TRUE,COLUMN()-COLUMN($J$5)-$G198<0,FALSE,MOD(COLUMN()-COLUMN($J$5)-$G198,$I198)=0,TRUE,FALSE),$J198*N$2,0)} -> 0 | O198: {=IF(_xlfn.SWITCH(TRUE,COLUMN()-COLUMN($J$5)-$G198<0,FALSE,MOD(COLUMN()-COLUMN($J$5)-$G198,$I198)=0,TRUE,FALSE),$J198*O$2,0)} -> 0 | P198: {=IF(_xlfn.SWITCH(TRUE,COLUMN()-COLUMN($J$5)-$G198<0,FALSE,MOD(COLUMN()-COLUMN($J$5)-$G198,$I198)=0,TRUE,FALSE),$J198*P$2,0)} -> 0 | Q198: {=IF(_xlfn.SWITCH(TRUE,COLUMN()-COLUMN($J$5)-$G198<0,FALSE,MOD(COLUMN()-COLUMN($J$5)-$G198,$I198)=0,TRUE,FALSE),$J198*Q$2,0)} -> 0 | R198: {=IF(_xlfn.SWITCH(TRUE,COLUMN()-COLUMN($J$5)-$G198<0,FALSE,MOD(COLUMN()-COLUMN($J$5)-$G198,$I198)=0,TRUE,FALSE),$J198*R$2,0)} -> 0 | ... AD198: {=IF(_xlfn.SWITCH(TRUE,COLUMN()-COLUMN($J$5)-$G198<0,FALSE,MOD(COLUMN()-COLUMN($J$5)-$G198,$I198)=0,TRUE,FALSE),$J198*AD$2,0)} -> 0 | AE198: =SUM(K198:AD198) -> 40479.459
A199: Structure | B199: Install Vehicle Barriers Around Stairwells | C199: Throughout Garden Garage | D199: Garage | E199: Miscellaneous | F199: High | G199: =H199-2024 -> 1 | H199: 2025 | I199: 20 | J199: =Costs!P204 -> 21600 | K199: {=IF(_xlfn.SWITCH(TRUE,COLUMN()-COLUMN($J$5)-$G199<0,FALSE,MOD(COLUMN()-COLUMN($J$5)-$G199,$I199)=0,TRUE,FALSE),$J199*K$2,0)} -> 22356 | L199: {=IF(_xlfn.SWITCH(TRUE,COLUMN()-COLUMN($J$5)-$G199<0,FALSE,MOD(COLUMN()-COLUMN($J$5)-$G199,$I199)=0,TRUE,FALSE),$J199*L$2,0)} -> 0 | M199: {=IF(_xlfn.SWITCH(TRUE,COLUMN()-COLUMN($J$5)-$G199<0,FALSE,MOD(COLUMN()-COLUMN($J$5)-$G199,$I199)=0,TRUE,FALSE),$J199*M$2,0)} -> 0 | N199: {=IF(_xlfn.SWITCH(TRUE,COLUMN()-COLUMN($J$5)-$G199<0,FALSE,MOD(COLUMN()-COLUMN($J$5)-$G199,$I199)=0,TRUE,FALSE),$J199*N$2,0)} -> 0 | O199: {=IF(_xlfn.SWITCH(TRUE,COLUMN()-COLUMN($J$5)-$G199<0,FALSE,MOD(COLUMN()-COLUMN($J$5)-$G199,$I199)=0,TRUE,FALSE),$J199*O$2,0)} -> 0 | P199: {=IF(_xlfn.SWITCH(TRUE,COLUMN()-COLUMN($J$5)-$G199<0,FALSE,MOD(COLUMN()-COLUMN($J$5)-$G199,$I199)=0,TRUE,FALSE),$J199*P$2,0)} -> 0 | Q199: {=IF(_xlfn.SWITCH(TRUE,COLUMN()-COLUMN($J$5)-$G199<0,FALSE,MOD(COLUMN()-COLUMN($J$5)-$G199,$I199)=0,TRUE,FALSE),$J199*Q$2,0)} -> 0 | R199: {=IF(_xlfn.SWITCH(TRUE,COLUMN()-COLUMN($J$5)-$G199<0,FALSE,MOD(COLUMN()-COLUMN($J$5)-$G199,$I199)=0,TRUE,FALSE),$J199*R$2,0)} -> 0 | ... AD199: {=IF(_xlfn.SWITCH(TRUE,COLUMN()-COLUMN($J$5)-$G199<0,FALSE,MOD(COLUMN()-COLUMN($J$5)-$G199,$I199)=0,TRUE,FALSE),$J199*AD$2,0)} -> 0 | AE199: =SUM(K199:AD199) -> 22356
A200: Structure | B200: Repair Damaged CMU Walls | C200: Levels P1 through P4 | D200: Garage | E200: Miscellaneous | F200: High | G200: =H200-2024 -> 2 | H200: 2026 | I200: 5 | J200: =Costs!P205 -> 2430 | K200: {=IF(_xlfn.SWITCH(TRUE,COLUMN()-COLUMN($J$5)-$G200<0,FALSE,MOD(COLUMN()-COLUMN($J$5)-$G200,$I200)=0,TRUE,FALSE),$J200*K$2,0)} -> 0 | L200: {=IF(_xlfn.SWITCH(TRUE,COLUMN()-COLUMN($J$5)-$G200<0,FALSE,MOD(COLUMN()-COLUMN($J$5)-$G200,$I200)=0,TRUE,FALSE),$J200*L$2,0)} -> 2590.5015 | M200: {=IF(_xlfn.SWITCH(TRUE,COLUMN()-COLUMN($J$5)-$G200<0,FALSE,MOD(COLUMN()-COLUMN($J$5)-$G200,$I200)=0,TRUE,FALSE),$J200*M$2,0)} -> 0 | N200: {=IF(_xlfn.SWITCH(TRUE,COLUMN()-COLUMN($J$5)-$G200<0,FALSE,MOD(COLUMN()-COLUMN($J$5)-$G200,$I200)=0,TRUE,FALSE),$J200*N$2,0)} -> 0 | O200: {=IF(_xlfn.SWITCH(TRUE,COLUMN()-COLUMN($J$5)-$G200<0,FALSE,MOD(COLUMN()-COLUMN($J$5)-$G200,$I200)=0,TRUE,FALSE),$J200*O$2,0)} -> 0 | P200: {=IF(_xlfn.SWITCH(TRUE,COLUMN()-COLUMN($J$5)-$G200<0,FALSE,MOD(COLUMN()-COLUMN($J$5)-$G200,$I200)=0,TRUE,FALSE),$J200*P$2,0)} -> 0 | Q200: {=IF(_xlfn.SWITCH(TRUE,COLUMN()-COLUMN($J$5)-$G200<0,FALSE,MOD(COLUMN()-COLUMN($J$5)-$G200,$I200)=0,TRUE,FALSE),$J200*Q$2,0)} -> 3003.1012 | R200: {=IF(_xlfn.SWITCH(TRUE,COLUMN()-COLUMN($J$5)-$G200<0,FALSE,MOD(COLUMN()-COLUMN($J$5)-$G200,$I200)=0,TRUE,FALSE),$J200*R$2,0)} -> 0 | ... AD200: {=IF(_xlfn.SWITCH(TRUE,COLUMN()-COLUMN($J$5)-$G200<0,FALSE,MOD(COLUMN()-COLUMN($J$5)-$G200,$I200)=0,TRUE,FALSE),$J200*AD$2,0)} -> 0 | AE200: =SUM(K200:AD200) -> 13110.937
A201: Structure | B201: Remove Helicopter Pad | C201: Level P7 | D201: Garage | E201: Miscellaneous | F201: Medium | G201: =H201-2024 -> 4 | H201: 2028 | I201: 30 | J201: =Costs!P206 -> 6750 | K201: {=IF(_xlfn.SWITCH(TRUE,COLUMN()-COLUMN($J$5)-$G201<0,FALSE,MOD(COLUMN()-COLUMN($J$5)-$G201,$I201)=0,TRUE,FALSE),$J201*K$2,0)} -> 0 | L201: {=IF(_xlfn.SWITCH(TRUE,COLUMN()-COLUMN($J$5)-$G201<0,FALSE,MOD(COLUMN()-COLUMN($J$5)-$G201,$I201)=0,TRUE,FALSE),$J201*L$2,0)} -> 0 | M201: {=IF(_xlfn.SWITCH(TRUE,COLUMN()-COLUMN($J$5)-$G201<0,FALSE,MOD(COLUMN()-COLUMN($J$5)-$G201,$I201)=0,TRUE,FALSE),$J201*M$2,0)} -> 0 | N201: {=IF(_xlfn.SWITCH(TRUE,COLUMN()-COLUMN($J$5)-$G201<0,FALSE,MOD(COLUMN()-COLUMN($J$5)-$G201,$I201)=0,TRUE,FALSE),$J201*N$2,0)} -> 7634.064 | O201: {=IF(_xlfn.SWITCH(TRUE,COLUMN()-COLUMN($J$5)-$G201<0,FALSE,MOD(COLUMN()-COLUMN($J$5)-$G201,$I201)=0,TRUE,FALSE),$J201*O$2,0)} -> 0 | P201: {=IF(_xlfn.SWITCH(TRUE,COLUMN()-COLUMN($J$5)-$G201<0,FALSE,MOD(COLUMN()-COLUMN($J$5)-$G201,$I201)=0,TRUE,FALSE),$J201*P$2,0)} -> 0 | Q201: {=IF(_xlfn.SWITCH(TRUE,COLUMN()-COLUMN($J$5)-$G201<0,FALSE,MOD(COLUMN()-COLUMN($J$5)-$G201,$I201)=0,TRUE,FALSE),$J201*Q$2,0)} -> 0 | R201: {=IF(_xlfn.SWITCH(TRUE,COLUMN()-COLUMN($J$5)-$G201<0,FALSE,MOD(COLUMN()-COLUMN($J$5)-$G201,$I201)=0,TRUE,FALSE),$J201*R$2,0)} -> 0 | ... AD201: {=IF(_xlfn.SWITCH(TRUE,COLUMN()-COLUMN($J$5)-$G201<0,FALSE,MOD(COLUMN()-COLUMN($J$5)-$G201,$I201)=0,TRUE,FALSE),$J201*AD$2,0)} -> 0 | AE201: =SUM(K201:AD201) -> 7634.064
...

Sheet Costs
G2: Use Drop down List | H2: Use Drop down List | J2: Number of | L2: Cost | N2: Total
B3: Grouping | C3: Item | D3: Location (Level) | E3: Subcategory 1 | F3: Subcategory 2 | G3: Priority | H3: First Year of Replacement (Year) | I3: Frequency of repairs & replacement in years | J3: Sq Ft/Linear Ft | K3: Units | L3: Per SF/Linear Ft | M3: Unit | O3: Soft Cost percentage Applied | P3: Total Cost after Percentage Applied (in today's dollars)
B4: Architecture & Interiors | C4: Locker Rooms - A,B, and C | D4: Service Level | E4: Refresh | F4: Locker Room interior finishes, fixtures, furniture, and equipment | G4: High | H4: 2026 | I4: 10 | J4: 5123 | L4: 60 | N4: =(M4*K4)+(L4*J4) -> 307380 | O4: 0.35 | P4: =(1+O4)*N4 -> 414963
B5: Architecture & Interiors | C5: Media Room | D5: Service Level | E5: Refresh | F5: Interior Finishes, ceiling, paint, flooring | G5: Medium | H5: 2029 | I5: 15 | J5: 3209 | L5: 60 | N5: =(M5*K5)+(L5*J5) -> 192540 | O5: 0.35 | P5: =(1+O5)*N5 -> 259929
B6: Architecture & Interiors | C6: Locker Room Corridor | D6: Service Level | E6: Refresh | F6: Paint and Flooring | G6: High | H6: 2026 | I6: 15 | J6: 1562 | L6: 20 | N6: =(M6*K6)+(L6*J6) -> 31240 | O6: 0.35 | P6: =(1+O6)*N6 -> 42174
B7: Architecture & Interiors | C7: Visiting Press | D7: Service Level | E7: Refresh | F7: Interior Finishes, ceiling, paint, flooring | G7: Medium | H7: 2029 | I7: 15 | J7: 500 | L7: 60 | N7: =(M7*K7)+(L7*J7) -> 30000 | O7: 0.35 | P7: =(1+O7)*N7 -> 40500
B8: Architecture & Interiors | C8: Trail Blazer's Family Room | D8: Service Level | E8: Renovation | F8: Interior Renovation | G8: Medium | H8: 2029 | I8: 20 | J8: 531 | L8: 500 | N8: =(M8*K8)+(L8*J8) -> 265500 | O8: 0.35 | P8: =(1+O8)*N8 -> 358425 | BP8: Arch | BT8: 20 | BV8: 0 | BX8: 0 | BY8: 0 | BZ8: =(BY8*BW8)+(BX8*BV8) -> 0 | CA8: 0.35 | CB8: =(1+CA8)*BZ8 -> 0
B9: Architecture & Interiors | C9: Trail Blazers Locker Room & Team Areas | D9: Service Level | E9: Renovation | F9: Interior Renovation | G9: Medium | H9: 2029 | I9: 15 | J9: 6534 | L9: 600 | N9: =(M9*K9)+(L9*J9) -> 3920400 | O9: 0.35 | P9: =(1+O9)*N9 -> 5292540
B10: Architecture & Interiors | C10: Restrooms/Family Area Restrooms | D10: Service Level | E10: Refresh | F10: Restroom finishes, fixtures, and accessories upgrades | G10: High | H10: 2026 | I10: 15 | J10: =736+547 -> 1283 | L10: 500 | N10: =(M10*K10)+(L10*J10) -> 641500 | O10: 0.35 | P10: =(1+O10)*N10 -> 866025 | BP10: Arch | BT10: 20 | BV10: 0 | BX10: 0 | BY10: 0 | BZ10: =(BY10*BW10)+(BX10*BV10) -> 0 | CA10: 0.35 | CB10: =(1+CA10)*BZ10 -> 0
B11: Architecture & Interiors | C11: Star Rooms | D11: Service Level | E11: Refresh | F11: Interior Finishes, paint & flooring | G11: High | H11: 2026 | I11: 10 | J11: =2884 -> 2884 | L11: 70 | N11: =(M11*K11)+(L11*J11) -> 201880 | O11: 0.35 | P11: =(1+O11)*N11 -> 272538
B12: Architecture & Interiors | C12: Star Rooms - Room F | D12: Service Level | E12: Renovation | F12: Interior Finishes and fixtures, ceiling, paint, flooring, Lighting | G12: High | H12: 2026 | I12: 10 | J12: 470 | L12: 70 | N12: =(M12*K12)+(L12*J12) -> 32900 | O12: 0.35 | P12: =(1+O12)*N12 -> 44415
B13: Architecture & Interiors | C13: Service Tunnel | D13: Service Level | E13: Repairs/ Refresh | F13: Patch, repair, and paint masonry walls | G13: Medium | H13: 2029 | I13: 5 | K13: 1 | M13: 50000 | N13: =(M13*K13)+(L13*J13) -> 50000 | O13: 0.35 | P13: =(1+O13)*N13 -> 67500
B14: Architecture & Interiors | C14: Courtside Club | D14: Service Level | E14: Refresh | F14: Amenity space Interior finish renovation | G14: Medium | H14: 2029 | I14: 10 | J14: 6065 | L14: 850 | N14: =(M14*K14)+(L14*J14) -> 5155250 | O14: 0.35 | P14: =(1+O14)*N14 -> 6959587.5
B15: Architecture & Interiors | C15: Doors and Hardware | D15: Service Level | E15: Replacement | F15: Doors and Hardware | G15: Medium | H15: 2029 | I15: 15 | K15: 225 | M15: 4000 | N15: =(M15*K15)+(L15*J15) -> 900000 | O15: 0.35 | P15: =(1+O15)*N15 -> 1215000
B16: Architecture & Interiors | C16: Loading Dock | D16: Service Level | E16: Replacement | F16: Dock Equipment Upgrade | G16: Medium | H16: 2029 | I16: 15 | K16: 1 | M16: 15000 | N16: =(M16*K16)+(L16*J16) -> 15000 | O16: 0.35 | P16: =(1+O16)*N16 -> 20250
B17: Architecture & Interiors | C17: Loading Dock | D17: Service Level | E17: Repairs | F17: Wall and Ceiling Repairs | G17: Medium | H17: 2029 | I17: 10 | K17: 1 | M17: 50000 | N17: =(M17*K17)+(L17*J17) -> 50000 | O17: 0.35 | P17: =(1+O17)*N17 -> 67500
B18: Architecture & Interiors | C18: Staff Locker and VIP Entrance | D18: Service Level | E18: Reconfiguration/ Renovation | F18: Interior Renovation | G18: Medium | H18: 2029 | I18: 20 | J18: 3153 | L18: 500 | N18: =(M18*K18)+(L18*J18) -> 1576500 | O18: 0.35 | P18: =(1+O18)*N18 -> 2128275
B19: Architecture & Interiors | C19: Staff Locker | D19: Service Level | E19: Refresh | F19: Paint and Ceilings | G19: Medium | H19: 2029 | I19: 10 | J19: 2757 | L19: 45 | N19: =(M19*K19)+(L19*J19) -> 124065 | O19: 0.35 | P19: =(1+O19)*N19 -> 167487.75
B20: Architecture & Interiors | C20: Staff Locker | D20: Service Level | E20: Replacement | F20: Shower and Restroom accessories | G20: Medium | H20: 2029 | I20: 10 | J20: 2757 | L20: 5 | N20: =(M20*K20)+(L20*J20) -> 13785 | O20: 0.35 | P20: =(1+O20)*N20 -> 18609.75
B21: Architecture & Interiors | C21: Laundry Room | D21: Service Level | E21: Replacement | F21: Appliance Replacement | G21: Low | H21: 2034 | I21: 10 | K21: 1 | M21: 50000 | N21: =(M21*K21)+(L21*J21) -> 50000 | O21: 0.35 | P21: =(1+O21)*N21 -> 67500
B22: Architecture & Interiors | C22: General - Wayfinding | D22: Service Level | E22: Refresh | F22: Environmental graphics and branding upgrades | G22: Medium | H22: 2029 | I22: 10 | K22: 1 | M22: 200000 | N22: =(M22*K22)+(L22*J22) -> 200000 | O22: 0.35 | P22: =(1+O22)*N22 -> 270000
B23: Architecture & Interiors | C23: General - Interior Partitions | D23: Service Level | E23: Refresh | F23: Wall Paint | G23: Medium | H23: 2029 | I23: 10 | J23: 85698 | L23: 5 | N23: =(M23*K23)+(L23*J23) -> 428490 | O23: 0.35 | P23: =(1+O23)*N23 -> 578461.5
B24: Architecture & Interiors | C24: Seating - Retractable Seating System | D24: Lower Bowl Seating | E24: Replacement | G24: Low | H24: 2038 | I24: 15 | K24: 4092 | M24: 1750 | N24: =(M24*K24)+(L24*J24) -> 7161000 | O24: 0.35 | P24: =(1+O24)*N24 -> 9667350
B25: Architecture & Interiors | C25: Seating - Fixed (includes 200 Level) | D25: Lower Bowl Seating | E25: Replacement | F25: Furniture replacement | G25: High | H25: 2026 | I25: 20 | K25: 4585 | M25: 300 | N25: =(M25*K25)+(L25*J25) -> 1375500 | O25: 0.1 | P25: =(1+O25)*N25 -> 1513050
B26: Architecture & Interiors | C26: Seating - Precast Tiers and Stair Aisles (includes 200 Level) | D26: Lower Bowl Seating | E26: Repair/ Replacement | F26: Concrete repairs, New railings, Life Safety improvements | G26: High | H26: 2026 | I26: 10 | J26: 66008 | L26: 7 | N26: =(M26*K26)+(L26*J26) -> 462056 | O26: 0.35 | P26: =(1+O26)*N26 -> 623775.6
B27: Architecture & Interiors | C27: Seating - Aluminum Bleacher Overbuilds | D27: Lower Bowl Seating | E27: Replacement | F27: New code compliant bleacher overbuilds and railings | G27: High | H27: 2026 | I27: 20 | K27: 1 | M27: 500000 | N27: =(M27*K27)+(L27*J27) -> 500000 | O27: 0.35 | P27: =(1+O27)*N27 -> 675000
B28: Architecture & Interiors | C28: General - Interior Partitions | D28: Main Concourse | E28: Refresh | F28: Wall Paint | G28: Medium | H28: 2029 | I28: 10 | J28: 103221 | L28: 5 | N28: =(M28*K28)+(L28*J28) -> 516105 | O28: 0.35 | P28: =(1+O28)*N28 -> 696741.75
B29: Architecture & Interiors | C29: General - Concessions | D29: Main Concourse | E29: Replacement | F29: Overhead coiling doors | G29: High | H29: 2029 | I29: 15 | K29: 30 | M29: 10000 | N29: =(M29*K29)+(L29*J29) -> 300000 | O29: 0.35 | P29: =(1+O29)*N29 -> 405000
B30: Architecture & Interiors | C30: General - Concessions | D30: Main Concourse | E30: Selective replacement | F30: Doors and Hardware | G30: High | H30: 2026 | I30: 10 | K30: 15 | M30: 4000 | N30: =(M30*K30)+(L30*J30) -> 60000 | O30: 0.35 | P30: =(1+O30)*N30 -> 81000
B31: Architecture & Interiors | C31: General - Concessions | D31: Main Concourse | E31: Repair | F31: Doors and Hardware | G31: High | H31: 2026 | I31: 10 | K31: 8 | M31: 2000 | N31: =(M31*K31)+(L31*J31) -> 16000 | O31: 0.35 | P31: =(1+O31)*N31 -> 21600
B32: Architecture & Interiors | C32: General - Interior Doors | D32: Main Concourse | E32: Replacement | F32: Doors and Hardware | G32: Medium | H32: 2029 | I32: 15 | K32: 70 | M32: 4000 | N32: =(M32*K32)+(L32*J32) -> 280000 | O32: 0.35 | P32: =(1+O32)*N32 -> 378000
B33: Architecture & Interiors | C33: Wayfinding Signage - General | D33: Main Concourse | E33: Replacement | F33: Environmental graphics and branding upgrades | G33: High | H33: 2026 | I33: 10 | J33: 68246 | L33: 20 | N33: =(M33*K33)+(L33*J33) -> 1364920 | O33: 0.35 | P33: =(1+O33)*N33 -> 1842642
B34: Architecture & Interiors | C34: Concessions Venue Signage - General | D34: Main Concourse | E34: Replacement | F34: Environmental Graphics and branding upgrades | G34: Medium | H34: 2028 | I34: 10 | K34: 1 | M34: 1000000 | N34: =(M34*K34)+(L34*J34) -> 1000000 | O34: 0.35 | P34: =(1+O34)*N34 -> 1350000
B35: Architecture & Interiors | C35: Wayfinding Signage - Lighted | D35: Main Concourse | E35: Refresh | F35: Enhanced Environmental Graphics and branding upgrade | G35: High | H35: 2026 | I35: 10 | K35: 1 | M35: 1000000 | N35: =(M35*K35)+(L35*J35) -> 1000000 | O35: 0.35 | P35: =(1+O35)*N35 -> 1350000
B36: Architecture & Interiors | C36: Restrooms | D36: Main Concourse | E36: Renovation | F36: Restroom finishes, fixtures, and accessories upgrades | G36: Medium | H36: 2029 | I36: 15 | J36: 16262 | L36: 600 | N36: =(M36*K36)+(L36*J36) -> 9757200 | O36: 0.35 | P36: =(1+O36)*N36 -> 13172220
B37: Architecture & Interiors | C37: Concourse Bar | D37: Main Concourse | E37: Renovation/ Reconfiguration | F37: Enhanced access control for interior and exterior plaza usage. | G37: Medium | H37: 2029 | I37: 20 | J37: 11705 | L37: 700 | N37: =(M37*K37)+(L37*J37) -> 8193500 | O37: 0.35 | P37: =(1+O37)*N37 -> 11061225
B38: Architecture & Interiors | C38: Team Store | D38: Main Concourse | E38: Renovation/ Reconfiguration | F38: New interior construction | G38: Medium | H38: 2029 | I38: 15 | K38: 1 | M38: 5000000 | N38: =(M38*K38)+(L38*J38) -> 5000000 | O38: 0.35 | P38: =(1+O38)*N38 -> 6750000
B39: Architecture & Interiors | C39: Team Store Wayfinding | D39: Main Concourse | E39: Refresh | F39: Environmental graphics and branding upgrades | G39: High | H39: 2029 | I39: 15 | K39: 1 | M39: 50000 | N39: =(M39*K39)+(L39*J39) -> 50000 | O39: 0.35 | P39: =(1+O39)*N39 -> 67500
B40: Architecture & Interiors | C40: Concourse | D40: Main Concourse | E40: Refresh/ Restoration | F40: Patch, Repair, and clean polished concrete | G40: Medium | H40: 2029 | I40: 15 | J40: 68246 | L40: 3 | N40: =(M40*K40)+(L40*J40) -> 204738 | O40: 0.35 | P40: =(1+O40)*N40 -> 276396.3
B41: Architecture & Interiors | C41: Concourse - General | D41: Main Concourse | E41: Refresh | F41: Artwork/ Historical display | G41: Medium | H41: 2029 | I41: 15 | K41: 1 | M41: 100000 | N41: =(M41*K41)+(L41*J41) -> 100000 | O41: 0.35 | P41: =(1+O41)*N41 -> 135000
B42: Architecture & Interiors | C42: Seating - Fixed | D42: Club Level | E42: Replacement | F42: Furniture Replacement | G42: Medium | H42: 2029 | I42: 20 | J42: 1794 | L42: 400 | N42: =(M42*K42)+(L42*J42) -> 717600 | O42: 0.1 | P42: =(1+O42)*N42 -> 789360
B43: Architecture & Interiors | C43: Seating - Precast Tiers and Stair Aisles | D43: Club Level | E43: Repair/ Replacement | F43: Concrete repairs, New railings, Life Safety improvements | G43: Medium | H43: 2029 | I43: 10 | J43: 13987 | L43: 7 | N43: =(M43*K43)+(L43*J43) -> 97909 | O43: 0.35 | P43: =(1+O43)*N43 -> 132177.15
B44: Architecture & Interiors | C44: General - Interior Partitions | D44: Club Level | E44: Refresh | F44: Wall Paint | G44: Medium | H44: 2029 | I44: 10 | J44: 74106 | L44: 5 | N44: =(M44*K44)+(L44*J44) -> 370530 | O44: 0.35 | P44: =(1+O44)*N44 -> 500215.5
B45: Architecture & Interiors | C45: General - Interior Doors | D45: Club Level | E45: Replacement | F45: Doors and Hardware | G45: Medium | H45: 2029 | I45: 15 | K45: 10 | M45: 4000 | N45: =(M45*K45)+(L45*J45) -> 40000 | O45: 0.35 | P45: =(1+O45)*N45 -> 54000
B46: Architecture & Interiors | C46: Club Space - General | D46: Club Level | E46: Refresh | F46: Flooring | G46: Medium | H46: 2029 | I46: 10 | J46: 24297 | L46: 30 | N46: =(M46*K46)+(L46*J46) -> 728910 | O46: 0.35 | P46: =(1+O46)*N46 -> 984028.5
B47: Architecture & Interiors | C47: Club Space - General | D47: Club Level | E47: Replacement/Renovation | F47: Ceiling and Lighting renovation | G47: Medium | H47: 2029 | I47: 10 | J47: 24297 | L47: 50 | N47: =(M47*K47)+(L47*J47) -> 1214850 | O47: 0.35 | P47: =(1+O47)*N47 -> 1640047.5
B48: Architecture & Interiors | C48: Rose Room | D48: Club Level | E48: Renovation | F48: Amenity space Interior finish renovation | G48: Medium | H48: 2029 | I48: 20 | J48: 4182 | L48: 1000 | N48: =(M48*K48)+(L48*J48) -> 4182000 | O48: 0.35 | P48: =(1+O48)*N48 -> 5645700
B49: Architecture & Interiors | C49: Rose Room | D49: Club Level | E49: Replacement | F49: Furniture | G49: Medium | H49: 2029 | I49: 10 | J49: 4182 | L49: 50 | N49: =(M49*K49)+(L49*J49) -> 209100 | O49: 0.35 | P49: =(1+O49)*N49 -> 282285
B50: Architecture & Interiors | C50: Seating - Fixed | D50: Suite Level | E50: Replacement | F50: Furniture Replacement | G50: High | H50: 2026 | I50: 20 | K50: 1024 | M50: 800 | N50: =(M50*K50)+(L50*J50) -> 819200 | O50: 0.35 | P50: =(1+O50)*N50 -> 1105920
B51: Architecture & Interiors | C51: Individual Suites | D51: Suite Level | E51: Replacement/ Renovation | F51: Ceiling renovation | G51: Medium | H51: 2029 | I51: 15 | J51: 58178 | L51: 40 | N51: =(M51*K51)+(L51*J51) -> 2327120 | O51: 0.35 | P51: =(1+O51)*N51 -> 3141612
B52: Architecture & Interiors | C52: General - Interior Partitions and Ceilings | D52: Suite Level | E52: Refresh | F52: Patch, Repair, Paint | G52: Medium | H52: 2029 | I52: 10 | K52: 1 | M52: 100000 | N52: =(M52*K52)+(L52*J52) -> 100000 | O52: 0.35 | P52: =(1+O52)*N52 -> 135000
B53: Architecture & Interiors | C53: General - Interior Doors | D53: Suite Level | E53: Replacement | F53: Doors and Hardware | G53: Medium | H53: 2029 | I53: 15 | K53: 154 | M53: 4000 | N53: =(M53*K53)+(L53*J53) -> 616000 | O53: 0.35 | P53: =(1+O53)*N53 -> 831600
B54: Architecture & Interiors | C54: Individual Suites - Original | D54: Suite Level | E54: Repair | F54: Patch and repair gypsum board walls | G54: High | H54: 2026 | I54: 15 | J54: 3720 | L54: 300 | N54: =(M54*K54)+(L54*J54) -> 1116000 | O54: 0.35 | P54: =(1+O54)*N54 -> 1506600
B55: Architecture & Interiors | C55: Individual Suites - Recently Renovated | D55: Suite Level | E55: Refresh | F55: Suite space interior finishes renovation (as needed basis) | G55: Medium | H55: 2029 | I55: 15 | J55: 37820 | L55: 300 | N55: =(M55*K55)+(L55*J55) -> 11346000 | O55: 0.35 | P55: =(1+O55)*N55 -> 15317100
B56: Architecture & Interiors | C56: Suites - Corridor | D56: Suite Level | E56: Refresh | F56: Carpet, Wall Paint, and Ceiling | G56: Medium | H56: 2029 | I56: 15 | J56: 12168 | L56: 300 | N56: =(M56*K56)+(L56*J56) -> 3650400 | O56: 0.35 | P56: =(1+O56)*N56 -> 4928040
B57: Architecture & Interiors | C57: Studio Suites | D57: Suite Level | E57: Refresh | F57: Suite space interior finishes renovation, wall paint, floor, ceiling | G57: Medium | H57: 2029 | I57: 15 | J57: =3612+3532 -> 7144 | L57: 300 | N57: =(M57*K57)+(L57*J57) -> 2143200 | O57: 0.35 | P57: =(1+O57)*N57 -> 2893320
B58: Architecture & Interiors | C58: Studio Suites | D58: Suite Level | E58: Replacement - FF&E | F58: Appliance Replacement | G58: Medium | H58: 2029 | I58: 10 | K58: 1 | M58: 30000 | N58: =(M58*K58)+(L58*J58) -> 30000 | O58: 0.35 | P58: =(1+O58)*N58 -> 40500
B59: Architecture & Interiors | C59: Studio 365 | D59: Suite Level | E59: Refresh | F59: Suite space interior finishes renovation, wall paint, floor, ceiling | G59: Medium | H59: 2029 | I59: 10 | J59: 1152 | L59: 300 | N59: =(M59*K59)+(L59*J59) -> 345600 | O59: 0.35 | P59: =(1+O59)*N59 -> 466560
B60: Architecture & Interiors | C60: POA Suite | D60: Suite Level | E60: Refresh | F60: Flooring and Paint | G60: Medium | H60: 2029 | I60: 15 | J60: =1097+1200 -> 2297 | L60: 30 | N60: =(M60*K60)+(L60*J60) -> 68910 | O60: 0.35 | P60: =(1+O60)*N60 -> 93028.5
B61: Architecture & Interiors | C61: Legacy Suite | D61: Suite Level | E61: Refresh | F61: Suite space interior finishes renovation, wall paint, floor, ceiling | G61: Medium | H61: 2029 | I61: 15 | J61: 1244 | L61: 300 | N61: =(M61*K61)+(L61*J61) -> 373200 | O61: 0.35 | P61: =(1+O61)*N61 -> 503820
B62: Architecture & Interiors | C62: Skyline Conference Room | D62: Suite Level | E62: Refresh | F62: Suite space interior finishes | G62: Low | H62: 2034 | I62: 15 | J62: =449+1001+97+135 -> 1682 | L62: 200 | N62: =(M62*K62)+(L62*J62) -> 336400 | O62: 0.35 | P62: =(1+O62)*N62 -> 454140
B63: Architecture & Interiors | C63: Concourse | D63: Suite Level | E63: Refresh | F63: Concourse facing façade and signage update/Refresh | G63: Medium | H63: 2029 | I63: 20 | J63: 12168 | L63: 200 | N63: =(M63*K63)+(L63*J63) -> 2433600 | O63: 0.35 | P63: =(1+O63)*N63 -> 3285360
B64: Architecture & Interiors | C64: Fixed | D64: Upper Bowl Seating | E64: Replacement | F64: Furniture replacement | G64: High | H64: 2026 | I64: 20 | K64: 7645 | M64: 300 | N64: =(M64*K64)+(L64*J64) -> 2293500 | O64: 0.1 | P64: =(1+O64)*N64 -> 2522850
B65: Architecture & Interiors | C65: Precast Tiers and Stair Aisles | D65: Upper Bowl Seating | E65: Repair/ Replacement | F65: Concrete repairs, railing repairs, Life Safety improvements | G65: High | H65: 2026 | I65: 10 | J65: 50552 | L65: 7 | N65: =(M65*K65)+(L65*J65) -> 353864 | O65: 0.35 | P65: =(1+O65)*N65 -> 477716.4
B66: Architecture & Interiors | C66: Section 305 rows G through R | D66: Upper Bowl Seating | E66: Refresh | F66: Life safety Improvements | G66: High | H66: 2026 | I66: 20 | K66: 1 | M66: 125000 | N66: =(M66*K66)+(L66*J66) -> 125000 | O66: 0.35 | P66: =(1+O66)*N66 -> 168750
B67: Architecture & Interiors | C67: Standing Room | D67: Upper Bowl Seating | E67: Refresh | F67: Life safety Improvements | G67: High | H67: 2026 | I67: 20 | J67: 21286 | L67: 10 | N67: =(M67*K67)+(L67*J67) -> 212860 | O67: 0.35 | P67: =(1+O67)*N67 -> 287361
B68: Architecture & Interiors | C68: Gate A - Section 314 and 315 | D68: Upper Bowl Seating | E68: Repair/ Renovation | F68: Egress Improvements | G68: High | H68: 2026 | I68: 20 | K68: 1 | M68: 125000 | N68: =(M68*K68)+(L68*J68) -> 125000 | O68: 0.35 | P68: =(1+O68)*N68 -> 168750
B69: Architecture & Interiors | C69: Interior Partitions | D69: Upper Concourse | E69: Refresh | F69: Wall Paint | G69: Medium | H69: 2029 | I69: 10 | J69: 60628 | L69: 5 | N69: =(M69*K69)+(L69*J69) -> 303140 | O69: 0.35 | P69: =(1+O69)*N69 -> 409239
B70: Architecture & Interiors | C70: Concessions | D70: Upper Concourse | E70: Replacement | F70: Overhead coiling doors | G70: Medium | H70: 2029 | I70: 15 | K70: 30 | M70: 10000 | N70: =(M70*K70)+(L70*J70) -> 300000 | O70: 0.35 | P70: =(1+O70)*N70 -> 405000
B71: Architecture & Interiors | C71: Concessions | D71: Upper Concourse | E71: Selective replacement | F71: Doors and Hardware | G71: High | H71: 2026 | I71: 20 | K71: 7 | M71: 4000 | N71: =(M71*K71)+(L71*J71) -> 28000 | O71: 0.35 | P71: =(1+O71)*N71 -> 37800
B72: Architecture & Interiors | C72: Concessions | D72: Upper Concourse | E72: Repair | F72: Doors and Hardware | G72: High | H72: 2026 | I72: 5 | K72: 10 | M72: 2000 | N72: =(M72*K72)+(L72*J72) -> 20000 | O72: 0.35 | P72: =(1+O72)*N72 -> 27000
B73: Architecture & Interiors | C73: Concessions | D73: Upper Concourse | E73: Replacement | F73: Doors and Hardware | G73: Medium | H73: 2031 | I73: 20 | K73: 20 | M73: 4000 | N73: =(M73*K73)+(L73*J73) -> 80000 | O73: 0.35 | P73: =(1+O73)*N73 -> 108000
B74: Architecture & Interiors | C74: Restrooms | D74: Upper Concourse | E74: Renovation | F74: Restroom finishes, fixtures, and accessories upgrades | G74: Medium | H74: 2029 | I74: 20 | J74: 7815 | L74: 600 | N74: =(M74*K74)+(L74*J74) -> 4689000 | O74: 0.35 | P74: =(1+O74)*N74 -> 6330150
B75: Architecture & Interiors | C75: Vandalism | D75: Exterior | E75: Restoration | F75: Cleaning/ Restoration | G75: High | H75: 2026 | I75: 5 | K75: 1 | M75: 15000 | N75: =(M75*K75)+(L75*J75) -> 15000 | O75: 0.35 | P75: =(1+O75)*N75 -> 20250
B76: Architecture & Interiors | C76: Exterior Soffit | D76: Exterior | E76: Repair | F76: EIFS Patch, repair, elastomeric coating | G76: High | H76: 2026 | I76: 15 | J76: =1787+1901+40 -> 3728 | L76: 40 | N76: =(M76*K76)+(L76*J76) -> 149120 | O76: 0.35 | P76: =(1+O76)*N76 -> 201312
B77: Architecture & Interiors | C77: Exterior Soffit | D77: Exterior | E77: Repair | F77: Electrical Repair | G77: High | H77: 2026 | I77: 20 | K77: 1 | M77: 10000 | N77: =(M77*K77)+(L77*J77) -> 10000 | O77: 0.35 | P77: =(1+O77)*N77 -> 13500
B78: Architecture & Interiors | C78: Main Entrance | D78: Exterior | E78: Repair | F78: Repair cladding materials | G78: High | H78: 2026 | I78: 15 | K78: 1 | M78: 75000 | N78: =(M78*K78)+(L78*J78) -> 75000 | O78: 0.35 | P78: =(1+O78)*N78 -> 101250
B79: Architecture & Interiors | C79: Main Entrance | D79: Exterior | E79: Replacement | F79: Replace Access Panel | G79: High | H79: 2026 | I79: 20 | K79: 1 | M79: 2000 | N79: =(M79*K79)+(L79*J79) -> 2000 | O79: 0.35 | P79: =(1+O79)*N79 -> 2700
B80: Architecture & Interiors | C80: Metal Wall Panels - Stainless | D80: Exterior | E80: Replacement | F80: Replace cladding materials | G80: Medium | H80: 2029 | I80: 15 | K80: 1 | M80: 150000 | N80: =(M80*K80)+(L80*J80) -> 150000 | O80: 0.35 | P80: =(1+O80)*N80 -> 202500
B81: Architecture & Interiors | C81: Metal Wall Panels - Powder Coated | D81: Exterior | E81: Restoration | F81: Cleaning/ Restoration | G81: Medium | H81: 2029 | I81: 10 | J81: 3960 | L81: 15 | N81: =(M81*K81)+(L81*J81) -> 59400 | O81: 0.35 | P81: =(1+O81)*N81 -> 80190
B82: Architecture & Interiors | C82: Metal Louvers | D82: Exterior | E82: Restoration | F82: Cleaning/ Restoration | G82: Medium | H82: 2029 | I82: 10 | K82: 1 | M82: 50000 | N82: =(M82*K82)+(L82*J82) -> 50000 | O82: 0.35 | P82: =(1+O82)*N82 -> 67500
B83: Architecture & Interiors | C83: Exterior Doors | D83: Exterior | E83: Replacement | F83: Replace door thresholds | G83: High | H83: 2026 | I83: 15 | J83: 255 | L83: 200 | N83: =(M83*K83)+(L83*J83) -> 51000 | O83: 0.35 | P83: =(1+O83)*N83 -> 68850
B84: Architecture & Interiors | C84: Handrails | D84: Exterior | E84: Repair | F84: Handrails | G84: High | H84: 2026 | I84: 15 | K84: 1 | M84: 15000 | N84: =(M84*K84)+(L84*J84) -> 15000 | O84: 0.35 | P84: =(1+O84)*N84 -> 20250
B85: Architecture & Interiors | C85: Precast Cladding | D85: Exterior | E85: Repair/ Restoration | F85: Damaged Panel | G85: High | H85: 2026 | I85: 10 | K85: 1 | M85: 10000 | N85: =(M85*K85)+(L85*J85) -> 10000 | O85: 0.35 | P85: =(1+O85)*N85 -> 13500
B86: Architecture & Interiors | C86: Precast Cladding | D86: Exterior | E86: Restoration | F86: Cleaning/ Restoration | G86: Medium | H86: 2029 | I86: 15 | J86: 55488 | L86: 7.5 | N86: =(M86*K86)+(L86*J86) -> 416160 | O86: 0.35 | P86: =(1+O86)*N86 -> 561816
B87: Architecture & Interiors | C87: Precast Cladding | D87: Exterior | E87: Restoration | F87: Sealant repairs/ replacements | G87: Medium | H87: 2029 | I87: 10 | J87: 55488 | L87: 3 | N87: =(M87*K87)+(L87*J87) -> 166464 | O87: 0.35 | P87: =(1+O87)*N87 -> 224726.4
B88: Architecture & Interiors | C88: Trench Drains | D88: Exterior | E88: Restoration | F88: Cleaning/ Restoration | G88: Medium | H88: 2029 | I88: 5 | K88: 1 | M88: 5000 | N88: =(M88*K88)+(L88*J88) -> 5000 | O88: 0.35 | P88: =(1+O88)*N88 -> 6750
B89: Architecture & Interiors | C89: High Roof Fascia and Soffit | D89: Exterior | E89: Restoration | F89: Cleaning/ Restoration | G89: Medium | H89: 2029 | I89: 15 | K89: 1 | M89: 15000 | N89: =(M89*K89)+(L89*J89) -> 15000 | O89: 0.35 | P89: =(1+O89)*N89 -> 20250
B90: Architecture & Interiors | C90: Ultra Patio Guardrail | D90: Exterior | E90: Restoration | F90: Cleaning/ Restoration | G90: Medium | H90: 2029 | I90: 15 | K90: 1 | M90: 25000 | N90: =(M90*K90)+(L90*J90) -> 25000 | O90: 0.35 | P90: =(1+O90)*N90 -> 33750
B91: Architecture & Interiors | C91: Planters | D91: Exterior | E91: Replacement | F91: New Tree Grates, Life Safety | G91: High | H91: 2026 | I91: 20 | K91: 1 | M91: 3000 | N91: =(M91*K91)+(L91*J91) -> 3000 | O91: 0.35 | P91: =(1+O91)*N91 -> 4050
B92: Architecture & Interiors | C92: Stairs | D92: Exterior | E92: Repair/ Restoration | F92: Concrete patch and repair | G92: High | H92: 2026 | I92: 10 | K92: 1 | M92: 7500 | N92: =(M92*K92)+(L92*J92) -> 7500 | O92: 0.35 | P92: =(1+O92)*N92 -> 10125
B93: Architecture & Interiors | C93: Stairs and Railings | D93: Exterior | E93: Replacement | F93: Sealant repairs/ replacements | G93: Medium | H93: 2029 | I93: 10 | K93: 1 | M93: 7500 | N93: =(M93*K93)+(L93*J93) -> 7500 | O93: 0.35 | P93: =(1+O93)*N93 -> 10125
B94: Architecture & Interiors | C94: Wayfinding | D94: Exterior | E94: Addition | F94: Added wayfinding | G94: High | H94: 2026 | I94: 15 | K94: 1 | M94: 50000 | N94: =(M94*K94)+(L94*J94) -> 50000 | O94: 0.35 | P94: =(1+O94)*N94 -> 67500
B95: Architecture & Interiors | C95: Entry Ramp Concrete Walls | D95: Garage | E95: Restoration | F95: Cleaning/Restoration/Stain | G95: High | H95: 2026 | I95: 15 | J95: =150*8 -> 1200 | L95: 7.5 | N95: =(M95*K95)+(L95*J95) -> 9000 | O95: 0.35 | P95: =(1+O95)*N95 -> 12150
B96: Architecture & Interiors | C96: Perimeter Concrete Walls | D96: Garage | E96: Restoration | F96: Cleaning/Restoration/Stain | G96: High | H96: 2026 | I96: 15 | J96: =(667*6.5)*4 -> 17342 | L96: 7.5 | N96: =(M96*K96)+(L96*J96) -> 130065 | O96: 0.35 | P96: =(1+O96)*N96 -> 175587.75
B97: Architecture & Interiors | C97: Underside of Concrete Slabs | D97: Garage | E97: Restoration | F97: Cleaning/ Restoration/Stain | G97: High | H97: 2026 | I97: 15 | J97: =280390*0.25 -> 70097.5 | L97: 7.5 | N97: =(M97*K97)+(L97*J97) -> 525731.25 | O97: 0.35 | P97: =(1+O97)*N97 -> 709737.19
B98: Architecture & Interiors | C98: North Side Fencing | D98: Garage | E98: Replacement | F98: Fencing replacement | G98: High | H98: 2026 | I98: 15 | J98: 200 | L98: 50 | N98: =(M98*K98)+(L98*J98) -> 10000 | O98: 0.35 | P98: =(1+O98)*N98 -> 13500
B99: Architecture & Interiors | C99: Fence Screening | D99: Garage | E99: Replacement | F99: Fencing replacement | G99: High | H99: 2026 | I99: 15 | J99: 667 | L99: 50 | N99: =(M99*K99)+(L99*J99) -> 33350 | O99: 0.35 | P99: =(1+O99)*N99 -> 45022.5
B100: Architecture & Interiors | C100: Lighting | D100: Garage | E100: Refresh | F100: Additional lighting in dark zones, resolve glare | G100: High | H100: 2026 | I100: 15 | K100: 1 | M100: 200000 | N100: =(M100*K100)+(L100*J100) -> 200000 | O100: 0.35 | P100: =(1+O100)*N100 -> 270000
B101: Architecture & Interiors | C101: Mechanical Screening | D101: Garage | E101: Refresh | F101: Exterior metal paint | G101: High | H101: 2026 | I101: 15 | J101: =40*8 -> 320 | L101: 15 | N101: =(M101*K101)+(L101*J101) -> 4800 | O101: 0.35 | P101: =(1+O101)*N101 -> 6480
...

Sheet F&B Equipment
A1: Levels | F1: Event Level | G1: Event Level | H1: Event Level | I1: Event Level | J1: Event Level | K1: Event Level | L1: Event Level | M1: Event Level | N1: Event Level | O1: Event Level | P1: Event Level | Q1: Event Level | R1: Event Level | S1: Event Level | T1: Event Level | U1: Event Level | V1: Event Level | W1: Event Level | X1: Event Level | Y1: Main Concourse | Z1: Main Concourse | AA1: Main Concourse | AB1: Main Concourse | AC1: Main Concourse | AD1: Main Concourse | AE1: Main Concourse | AF1: Main Concourse | AG1: Main Concourse | AH1: Main Concourse | AI1: Main Concourse | AJ1: Main Concourse | AK1: Main Concourse | AL1: Main Concourse | AM1: Main Concourse | AN1: Main Concourse | AO1: Main Concourse | AP1: Main Concourse | AQ1: Main Concourse | AR1: Main Concourse | AS1: Main Concourse | AT1: Main Concourse | AU1: Main Concourse | AV1: Main Concourse | AW1: Main Concourse | AX1: Main Concourse | AY1: Main Concourse | AZ1: Main Concourse | BA1: Main Concourse | BB1: Main Concourse | BC1: Main Concourse | BD1: Club Level | BE1: Club Level | BF1: Club Level | BG1: Club Level | BH1: Club Level | BI1: Club Level | BJ1: Club Level | BK1: Club Level | BL1: Club Level | BM1: Club Level | BN1: Suite Level | BO1: Suite Level | BP1: Suite Level | BQ1: Suite Level | BR1: Suite Level | BS1: Suite Level | BT1: Upper Concourse | BU1: Upper Concourse | BV1: Upper Concourse | BW1: Upper Concourse | BX1: Upper Concourse | BY1: Upper Concourse | BZ1: Upper Concourse | CA1: Upper Concourse | CB1: Upper Concourse | CC1: Upper Concourse | CD1: Upper Concourse | CE1: Upper Concourse | CF1: Upper Concourse | CG1: Upper Concourse | CH1: Upper Concourse | CI1: Upper Concourse | CJ1: 7th Floors | CK1: 8th Floor | CL1: Suite Level | CM1: Suite Level | CN1: Suite Level | CO1: Suite Level | CP1: Suite Level | CQ1: All Levels
A2: Type (Permanent Stands, Portables, Kitchens) | F2: Club | G2: Bar | H2: Kitchen | I2: Permanent | J2: Bar | K2: Warehouse | L2: Permanent | M2: Kitchen | N2: Warehouse | O2: Media | P2: Laundry Room | Q2: Pantry | R2: Storage | S2: Keg Room | T2: Keg Room | U2: Keg Room | V2: Keg Room | W2: Keg Room | X2: Keg Room | Y2: Permanent | Z2: Amazon Market | AA2: Permanent | AB2: Permanent | AC2: Permanent | AD2: Permanent | AE2: Permanent | AF2: Permanent | AG2: Amazon Market | AH2: Permanent | AI2: Permanent | AJ2: Permanent | AK2: Portable | AL2: Portable | AM2: Portables | AN2: Permanent | AO2: Portable | AP2: Portable | AQ2: Portable | AR2: Portable | AS2: Portable | AT2: Portable | AU2: Portable | AV2: Portable | AW2: Amazon Market | AX2: Portable | AY2: Permanent | AZ2: Permanent | BA2: Storage | BB2: Kitchen | BC2: Pantry | BD2: Permanent | BE2: Portable | BF2: Permanent | BG2: Portable | BH2: Permanent | BI2: Portable | BJ2: Banquet Room | BK2: Portable | BL2: Portable | BM2: Permanent | BN2: Pantry | BO2: Storage | BP2: Portable | BQ2: Portable | BR2: Pantry | BS2: Storage | BT2: Permanent | BU2: Permanent | BV2: Permanent | BW2: Permanent | BX2: Permanent | BY2: Permanent | BZ2: Portable | CA2: Portable | CB2: Portable | CC2: Portable | CD2: Portable | CE2: Portable | CF2: Portable | CG2: Portable | CH2: Grab and Go | CI2: Permanent | CJ2: Pantry | CK2: Suites | CL2: Office | CM2: Suites | CN2: Suites | CO2: Suites | CP2: Suites
A3: Location (Section) | Y3: 102 | Z3: 104 | AA3: 105 | AB3: 107 | AC3: 108 | AD3: 111 | AE3: 113 | AF3: 115 | AG3: 116 | AH3: 118 | AI3: 119 | AJ3: 122 | AK3: 103 | AL3: 107 | AM3: Subs | AN3: 110 | AO3: 110 | AP3: Service Level Storage | AQ3: 103 | AR3: 106 | AS3: 109 | AT3: 110 | AU3: 113 | AV3: 114 | AW3: 116 | AX3: 118 | AY3: North Club | AZ3: South Club | BA3: South Club | BD3: Club | BE3: Club Level | BF3: East Club | BG3: Club Level | BH3: Club Level | BI3: Club Level | BJ3: Club Level | BK3: Club Level | BL3: Club Level | BM3: West Club | BN3: Suite Level | BO3: Suite Level | BP3: Suite Level | BQ3: Suite Level | BR3: Suite Level | BS3: Suite Level | BT3: 303 | BU3: 304 | BV3: 309 | BW3: 312 | BX3: 320 | BY3: 327 | BZ3: 321 | CA3: 331 | CB3: 333 | CC3: 334 | CD3: 324 | CE3: 315 | CF3: 321 | CG3: 324 | CH3: 318 | CJ3: 7th Floors | CK3: 8th Floor | CL3: Suite Level | CM3: Suites Level | CN3: Suite Level | CO3: Suite Level | CP3: Suite Level
A4: Stand Number | F4: Courtside Club | G4: Courtside Club Bar | H4: Courtside Club Kitchen | I4: E107 | J4: Oro Fino | K4: Concessions Warehouse | L4: Baseline | M4: Main Kitchen | N4: Premium Warehouse | O4: Media Dinning | P4: Laundry Room | Q4: South Pantry | R4: Bone Yard | S4: Wedge 1 South Pantry | T4: Wedge 2 Zamboni | U4: Wedge 2 ESS Office | V4: Wedge 3 After Bathroom | W4: Wedge 4 | X4: Annex | Y4: 102 Crafters | Z4: 104 JWO | AA4: 105 Lardo | AB4: 107 Red Hots | AC4: 108 Kama'aina | AD4: 111 Crafters | AE4: 113 Sizzle Pie | AF4: 115 Killer Burger | AG4: 116 JWO | AH4: 118 Bap n Noodle | AI4: 119 Baes | AJ4: 122 Sizzle Pie | AK4: B103 Pendelton | AL4: B107 Hornitos | AM4: Subs | AN4: Local Pour | AO4: B110 Ultra Bar | AP4: B116/B118Liqour Bar | AQ4: P103 Kinnamons | AR4: P106 Plum Tasty | AS4: P109 Back Court BBQ | AT4: P110 Cookie Dough | AU4: P113 Popcorn | AV4: P114 ChaChaCha | AW4: P116 JWO | AX4: P118 Dunk Wrap | AY4: Taproom (North Bar) | AZ4: Taproom (South Bar) | BA4: Taproom (South Storage) | BB4: Taproom Kitchen | BC4: A17 | BD4: Speck | BE4: ChaChaCha | BF4: East Club Bar | BG4: Crips | BH4: Ranch | BI4: Junction 5 | BJ4: Rose Room | BK4: Salt n Straw CC205 | BL4: Sphere | BM4: West Club Bar | BN4: West Pantry | BO4: West Storage 4.18A | BP4: Suite Bar 41 | BQ4: Skylight Bar | BR4: East Pantry | BS4: East Storage Pantry 4.8C | BT4: 303 Crafters | BU4: 304 Low Bar | BV4: 309 Sizzle Pie | BW4: 312 Yetis/Crafters | BX4: 320 Red Hot N Loaded | BY4: 327 Red Hot N Loaded/Closet | BZ4: P321 ChaChaCha | CA4: P333 Know Spot | CB4: P333 Kaka'aina | CC4: P334 Zenners | CD4: B308 Hornitos | CE4: B315 Coors | CF4: B321 Tully Tavern | CG4: B324 Liquor Bar | CH4: B318 Grab and Go | CI4: Pines Bar | CJ4: 7th Floors Pantry/Bar | CK4: Suites | CL4: Premium Office | CM4: Suites | CN4: Studio1-12 | CO4: Studio 13-24 | CP4: Party Suite 56 | CQ4: Vending Machines
A5: Concept (Grill, Italian, Bar, Etc.) | F5: Courtside Club | G5: Courtside Club Bar | H5: Courtside Club Kitchen | I5: Grille | J5: Bar | K5: Warehouse | L5: Grill | M5: Kitchen | Y5: Grill | Z5: Market | AA5: Grill | AB5: Chicken Stand | AC5: Hawaiian | AD5: Grill | AE5: Pizza | AF5: Grill | AG5: Market | AH5: Asian | AI5: Chicken | AJ5: Pizza | AK5: Bar | AL5: Bar | AM5: Dip-N-Dots, Lemonade, Nuts | AN5: Bar | AO5: Bar | AP5: Bar | AS5: BBQ | AT5: Dessert/Ice Cream | AU5: Popcorn | AV5: Mexican | AW5: Market | AY5: Bar | AZ5: Bar | BA5: Storage | BB5: Kitchen | BC5: Pantry | BE5: Mexican | BF5: Bar | BJ5: Kitchen | BN5: Suite Equipment | BO5: Suite Equipment | BP5: Suite Equipment | BQ5: Suite Equipment | BR5: Suite Equipment | BT5: Grill | BU5: Bar | BV5: Pizza | BX5: Chicken | BY5: Chicken | BZ5: Mexican | CA5: Snack | CB5: Haywain | CD5: Bar | CE5: Beer | CF5: Bar | CH5: Market | CI5: Bar | CK5: Blazer Suites | CL5: Blazer Suites | CM5: Blazer Suites | CN5: Blazer Suites | CO5: Blazer Suites | CP5: Blazer Suites | CQ5: Coffee
A6: Grouping | B6: Item | C6: Description | D6: Manufacturer | E6: Model | CR6: Frequency of repairs & replacement in years | CS6: Condition of Equipment (Good, Fair, Poor) | CT6: Total
A9: Bar | B9: Margarita Machine - Single, Countertop | D9: Frosty Factory | E9: 137A | R9: 3 | AI9: 2 | CR9: 7 | CT9: =SUM(F9:CQ9) -> 5
A10: Bar | B10: Dispenser, Wine | D10: Wineemotion | E10: S306623424201 | J10: 2 | BH10: 2 | CR10: 7 | CT10: =SUM(F10:CQ10) -> 4
A11: Bar | B11: Dispenser, Liquor | D11: Wineemotion | E11: S307700634501 | J11: 1 | CR11: 7 | CT11: =SUM(F11:CQ11) -> 1
A12: Bar | B12: Bartender Station, With Ice Bin and Speed Rail | C12: 30" | D12: Perlick | E12: TSD30ICB | G12: 3 | J12: 2 | R12: 1 | AN12: 2 | AO12: 5 | CR12: 20 | CT12: =SUM(F12:CQ12) -> 13
A13: Bar | B13: Bar, Bartender Stations, ice well, hand sink, speed rail | C13: 55" | D13: Krowne/Perlick | AY13: 4 | AZ13: 4 | BF13: 5 | BJ13: 2 | BL13: 1 | BM13: 5 | BP13: 1 | CI13: 3 | CJ13: 1 | CN13: 2 | CO13: 2 | CR13: 15 | CT13: =SUM(F13:CQ13) -> 30
A14: Bar | B14: Bar, Bartender Stations, ice well, hand sink, speed rail | C14: 66" | D14: Krowne/Perlick | G14: 3 | AN14: 2 | BM14: 5 | BQ14: 1 | CR14: 15 | CT14: =SUM(F14:CQ14) -> 11
A15: Bar | B15: Bartender Station. Storage, Top Shelf Blender Station | C15: 12"w x 24" deep | D15: Perlick | E15: TSD12BLW | G15: 1 | CR15: 20 | CT15: =SUM(F15:CQ15) -> 1
A16: Bar | B16: Bartender Station, 3 Comp Sinks - 60"W & 18-9/16"D | C16: 60"x18 9/16" | D16: Perlick | E16: TS60M3-DB | G16: 3 | AO16: 5 | CR16: 20 | CT16: =SUM(F16:CQ16) -> 8
A17: Bar | B17: Bartender Station, 3 Compartment Sink | C17: 6' | D17: Perlick | BF17: 1 | CJ17: 1 | CR17: 20 | CT17: =SUM(F17:CQ17) -> 2
A18: Bar | B18: Bartender Station, Hand Sink | C18: 12" | D18: Perlick | E18: TS12HSN | G18: 1 | J18: 1 | AO18: 5 | CR18: 20 | CT18: =SUM(F18:CQ18) -> 7
A19: Bar | B19: Bartender Station, Sink, Dump Sink | C19: 12" | D19: Perlick | E19: TS12HS-STK | G19: 1 | AO19: 1 | AY19: 1 | AZ19: 1 | CR19: 20 | CT19: =SUM(F19:CQ19) -> 4
A20: Bar | B20: Bartender Station, Storage, Drainboard with Glass Rack | D20: Perlick | E20: 7055A-D | J20: 2 | AY20: 4 | AZ20: 4 | CR20: 15 | CT20: =SUM(F20:CQ20) -> 10
A21: Bar | B21: Ice Bin, Insulated Underbar Ice Bin | C21: 24" | D21: Krowne | E21: KR24-24-10 | L21: 2 | AO21: 5 | CR21: 15 | CT21: =SUM(F21:CQ21) -> 7
A22: Bar | B22: Refrigerator, Glass Froster | D22: Perlick | E22: FR24 | J22: 1 | BJ22: 2 | CI22: 1 | CR22: 10 | CT22: =SUM(F22:CQ22) -> 4
A23: Bar | B23: Refrigerator, Back Bar | C23: 1 door | D23: Perlick/Beverage Air | CJ23: 1 | CR23: 10 | CT23: =SUM(F23:CQ23) -> 1
A24: Refrig/Freezer | B24: 36" , Black Counter Height Solid Door Back Bar Refrigerator | C24: r refrigerator | D24: Beverage-Air | E24: BB68HC-1-B | R24: 1 | CT24: =SUM(F24:CQ24) -> 1
A25: Bar | B25: Refrigerator, Back Bar 60" | C25: Bar 60 bar 60" | D25: Perlick | E25: BBS60 | G25: 2 | I25: 1 | AK25: 1 | AP25: 2 | AR25: 2 | AY25: 3 | AZ25: 3 | BG25: 2 | BJ25: 2 | BL25: 2 | CN25: 1 | CO25: 1 | CT25: =SUM(F25:CQ25) -> 22
A26: Bar | B26: Refrigerator, Back Bar 72" | C26: Bar 72 bar 72" | D26: Perlick | E26: BBSN72 | J26: 2 | AH26: 1 | CT26: =SUM(F26:CQ26) -> 3
A27: Bar | B27: Refrigerator, Back Bar 84" | C27: Bar 84 bar 84" | D27: Perlick | E27: BBS84 | G27: 1 | R27: 1 | AO27: 4 | BF27: 4 | BG27: 1 | BI27: 1 | BM27: 3 | BP27: 1 | BQ27: 1 | CD27: 1 | CE27: 1 | CN27: 1 | CO27: 1 | CT27: =SUM(F27:CQ27) -> 21
A28: Bar | B28: Refrigerator, Beer Slide Top | C28: 60" | D28: Perlick | E28: BC60PG | AO28: 2 | BH28: 1 | CI28: 3 | CT28: =SUM(F28:CQ28) -> 6
A29: Bar | B29: Refrigerator, Beer Slide Top | C29: 96" | D29: Perlick | E29: BC96PG | BM29: 1 | CR29: 10 | CT29: =SUM(F29:CQ29) -> 1
A30: Bar | B30: Storage, Liquor Cabinet | C30: 12"x24" | D30: Perlick | E30: TS12ls | G30: 3 | CR30: 20 | CT30: =SUM(F30:CQ30) -> 3
A31: Bar | B31: Refrigerator, Back Bar Pass Through | D31: Perlick | E31: PTS 60 RT | CI31: 2 | CT31: =SUM(F31:CQ31) -> 2
A32: Beer | B32: Draft Beer System | C32: QUICK CHILL POWER PAK, 1/3 HP | D32: Perlick | E32: 4404QC | I32: 1 | K32: 2 | Q32: 2 | T32: 3 | U32: 2 | W32: 4 | AN32: 1 | BD32: 2 | BU32: 1 | BW32: 4 | BY32: 2 | CR32: 10 | CT32: =SUM(F32:CQ32) -> 24
A33: Beer | B33: Draft, Beer Tower - (2) Taps | D33: Multiplex | L33: 4 | Y33: 4 | AA33: 5 | AD33: 4 | AE33: 3 | AH33: 4 | AI33: 4 | AJ33: 3 | BH33: 2 | BT33: 7 | BV33: 6 | BW33: 4 | BX33: 7 | BY33: 10 | CN33: 1 | CO33: 1 | CR33: 10 | CT33: =SUM(F33:CQ33) -> 69
A34: Beer | B34: Draft, Beer Tower - (3) Taps | D34: Perlick | BJ34: 2 | CJ34: 1 | CT34: =SUM(F34:CQ34) -> 3
A35: Beer | B35: Draft, Beer Tower - (4) Taps | D35: Perlick | F35: 3 | J35: 1 | BD35: 2 | BF35: 5 | BM35: 5 | BP35: 1 | BQ35: 1 | CN35: 1 | CO35: 1 | CR35: 10 | CT35: =SUM(F35:CQ35) -> 20
A36: Beer | B36: Draft, Beer Tower - (5) Taps | AY36: 4 | AZ36: 4 | CR36: 10 | CT36: =SUM(F36:CQ36) -> 8
A37: Beer | B37: Draft, Beer Tower - (6) Taps | Q37: 1 | Y37: 4 | AC37: 4 | AH37: 1 | AN37: 1 | BH37: 3 | BI37: 2 | CI37: 4 | CR37: 10 | CT37: =SUM(F37:CQ37) -> 20
A38: Beer | B38: Draft, Beer Tower - (7) Taps | D38: Perlick | Q38: 2 | BU38: 2 | CT38: =SUM(F38:CQ38) -> 4
A39: Beer | B39: Draft, Beer Lines | D39: Perlick | F39: 3 | J39: 1 | K39: 35 | L39: 4 | Q39: 12 | T39: 15 | U39: 10 | V39: 29 | W39: 0 | Y39: 8 | AA39: 5 | AC39: 4 | AD39: 4 | AE39: 3 | AH39: 5 | AI39: 4 | AJ39: 3 | AN39: 1 | AY39: 4 | AZ39: 4 | BD39: 12 | BF39: 5 | BH39: 5 | BI39: 14 | BJ39: 2 | BM39: 5 | BP39: 1 | BQ39: 1 | BR39: 1 | BT39: 7 | BU39: 2 | BV39: 6 | BW39: 16 | BX39: 7 | BY39: 16 | CI39: 16 | CJ39: 1 | CN39: 2 | CO39: 2 | CR39: 10 | CT39: =SUM(F39:CQ39) -> 275
A40: Beer | B40: Draft, Beer Draft Box (2 Keg) | C40: 2 Keg | D40: Perlick | R40: 3 | AK40: 1 | AL40: 1 | AV40: 2 | CG40: 1 | CT40: =SUM(F40:CQ40) -> 8
A41: Beer | B41: Draft, Beer Draft Box (4 Keg) | C41: 4 Keg (2) Double Tap Kegerator Beer Dispenser | D41: Beverage Air | E41: DD58HC-1-B-016 | F41: 4 | R41: 6 | AO41: 6 | AP41: 2 | BE41: 1 | BL41: 1 | CE41: 1 | CF41: 1 | CG41: 1 | CH41: 2 | CN41: 1 | CO41: 1 | CR41: 7 | CT41: =SUM(F41:CQ41) -> 27
A42: Beer | B42: Draft, Beer Draft Box 5 Keg | C42: 9' | D42: Perlick | BE42: 1 | CD42: 1 | CR42: 7 | CT42: =SUM(F42:CQ42) -> 2
A43: Carts | B43: P.O.S. Cart; | C43: 24x 36" | D43: Carlisle/Cambro | AL43: 1 | AO43: 5 | AR43: 2 | AU43: 1 | AZ43: 4 | CT43: =SUM(F43:CQ43) -> 13
A44: Carts | B44: Cart, Packaged Beer | C44: 4' | D44: Iowa Roto Cast | R44: 3 | BY44: 3 | CT44: =SUM(F44:CQ44) -> 6
A45: Carts | B45: Cart, Condiment with Ice Well | C45: 6' | D45: Gallery/Corsair | Z45: 1 | AB45: 1 | AG45: 1 | AI45: 1 | BT45: 1 | BW45: 1 | BX45: 1 | BY45: 2 | CI45: 1 | CT45: =SUM(F45:CQ45) -> 10
A46: Carts | B46: Cart, Semi Circular Bar Top Portable | C46: 7' | D46: Custom | CM46: 6 | CT46: =SUM(F46:CQ46) -> 6
A47: Carts | B47: Front Cart with (2) Ice Wells and Wood Front 9' | C47: 9' | D47: Corsair | R47: 2 | AK47: 1 | AL47: 1 | AP47: 2 | AR47: 1 | CT47: =SUM(F47:CQ47) -> 7
A48: Carts | B48: Cart, with Sink, 69" Ice Cream Freezer | C48: 9' | D48: Gallery/Corsair | R48: 1 | AT48: 1 | CT48: =SUM(F48:CQ48) -> 2
A49: Carts | B49: 9' Back Cart, 2 Drawer Hot holding, Undercounter Refrigerator and Storage | C49: 9' | D49: Gallery/Corsair | AV49: 1 | CT49: =SUM(F49:CQ49) -> 1
A50: Carts | B50: Back Cart with sink 10" with sink | C50: 10' | D50: Corsair | R50: 1 | AK50: 1 | AL50: 1 | AP50: 2 | AQ50: 1 | AR50: 1 | CT50: =SUM(F50:CQ50) -> 7
A51: Carts | B51: 10' Cart, Hand sink, 3 Hot Wells, 2 Cold Wells, Undercounter Refrigerator | C51: Canopy's are in Storage | AS51: 2 | AV51: 2 | CT51: =SUM(F51:CQ51) -> 4
A52: Carts | B52: 10' Cart, Hand sink, Storage, Single Kegarator | C52: 10' | R52: 1 | CT52: =SUM(F52:CQ52) -> 1
A53: Carts | B53: 10' Cart hand sink, With ventless hood 36" Griddle | C53: 10' | AX53: 1 | CT53: =SUM(F53:CQ53) -> 1
A54: Carts | B54: 10' Back Cart, Undercounter Cooler, Under Counter Warmer | C54: 10' | R54: 1 | AQ54: 1 | AX54: 1 | CT54: =SUM(F54:CQ54) -> 3
A55: Carts | B55: Cart, Food Back Counter | C55: 10' | D55: Gallery/Corsair | CB55: 1 | CD55: 1 | CF55: 1 | CG55: 1 | CH55: 1 | CJ55: 1 | CT55: =SUM(F55:CQ55) -> 6
A56: Carts | B56: Cart, Food with Sink, warmer, cold well and refrigerator | C56: 10' | D56: Gallery/Corsair | BZ56: 1 | CA56: 1 | CB56: 1 | CC56: 1 | CE56: 1 | CF56: 1 | CG56: 1 | CJ56: 1 | CT56: =SUM(F56:CQ56) -> 8
A57: Carts | B57: 12' Popcorn Cart, Sink, Butter Warmer, storage and Popper | C57: 12' | AU57: 1 | CT57: =SUM(F57:CQ57) -> 1
A58: Carts | B58: 12'-05" Cart , Drop-in Cold Wells (2), Drop-in Hot Well (2), Warming Drawers (2 drawers) | C58: 12 1/2' | R58: 1 | CT58: =SUM(F58:CQ58) -> 1
A59: Carts, Subcontractors | B59: Dip and Dots | C59: Cart with awing and deep freezer 5' | D59: NIKEC | AM59: 2 | CT59: =SUM(F59:CQ59) -> 2
A60: Carts, Subcontractors | B60: Lemonade | C60: Cart with awing 5' | D60: NIKEC | AM60: 1 | CT60: =SUM(F60:CQ60) -> 1
A61: Carts, Subcontractors | B61: Nuts | C61: front cart with a roster | D61: NIKEC | AM61: 1 | CT61: =SUM(F61:CQ61) -> 1
A62: Carts | B62: Cart, Dessert $12,300 in 2023 | C62: 60" | D62: Gallery/Levy | R62: 1 | BR62: 1 | CT62: =SUM(F62:CQ62) -> 2
A63: Carts | B63: Cart, Flat Bed | C63: 5' | D63: Carlisle/Cambro | K63: 2 | M63: 2 | BN63: 2 | BR63: 2 | CT63: =SUM(F63:CQ63) -> 8
A64: Carts | B64: Cart, Ice | D64: Carlisle/Cambro | Q64: 1 | BB64: 1 | BN64: 2 | BR64: 2 | CI64: 3 | CT64: =SUM(F64:CQ64) -> 9
A65: Carts | B65: Cart, Utility | C65: 4' | D65: Carlisle/Cambro | M65: 4 | Q65: 1 | Y65: 1 | AC65: 1 | AI65: 1 | AZ65: 1 | BE65: 1 | BN65: 15 | BR65: 15 | CJ65: 3 | CT65: =SUM(F65:CQ65) -> 43
A66: CO2 | B66: Central CO2 System | C66: Not in use loading dock | K66: 1 | BW66: 0 | BX66: 0 | CT66: =SUM(F66:CQ66) -> 1
A67: CO2 | B67: CO2 Nitrogen Blender | BN67: 1 | BR67: 1 | BW67: 1 | CT67: =SUM(F67:CQ67) -> 3
A68: Coffee | B68: Coffee, Double Station Coffee Brewer | D68: Fetco | E68: CBS-2231/2052e/2131 | H68: 1 | I68: 1 | K68: 1 | O68: 1 | R68: 1 | Y68: 2 | AZ68: 1 | BB68: 1 | BJ68: 1 | BN68: 1 | BR68: 1 | BT68: 2 | BW68: 1 | BX68: 1 | CT68: =SUM(F68:CQ68) -> 16
A69: Coffee | B69: Coffee, Maker, Espresso | C69: Nouva | D69: Simoneli | R69: 4 | BN69: 1 | BR69: 1 | BX69: 1 | CT69: =SUM(F69:CQ69) -> 7
A70: Coffee | B70: Coffee, Vending Machines $6910 ea. 2023 | C70: Single | D70: Coti | CQ70: 8 | CT70: =SUM(F70:CQ70) -> 8
A71: Coffee | B71: Coffee, Grinder | C71: Maxxar | D71: Super Jolly | BN71: 1 | BR71: 1 | CT71: =SUM(F71:CQ71) -> 2
A72: Cooking Equipment | B72: Broiler, Gas, Double Deck Overfired | C72: 36" | D72: Montague | E72: 236W36 | H72: 1 | CT72: =SUM(F72:CQ72) -> 1
A73: Cooking Equipment | B73: Charbroiler, Gas, w/ Stand, 48" | C73: 48" | D73: Vulcan | E73: MSA48-101 | BB73: 1 | BX73: 1 | CT73: =SUM(F73:CQ73) -> 2
A74: Cooking Equipment | B74: Gas Low Profile 60" Radiant Charbroiler | C74: 60" | D74: Vulcan | E74: VCCB60 | M74: 1 | CT74: =SUM(F74:CQ74) -> 1
A75: Cooking Equipment | B75: Griddle, Gas, w/ Stand - 24" | C75: 24" | D75: Vulcan | E75: 948RX-101 | R75: 1 | CT75: =SUM(F75:CQ75) -> 1
A76: Cooking Equipment | B76: Griddle, Gas, w/ Stand - 36" | C76: 36" | D76: Vulcan | E76: MSA36-101 | Y76: 2 | Z76: 1 | AA76: 2 | AC76: 1 | AD76: 1 | AF76: 2 | BB76: 1 | BI76: 1 | BT76: 1 | BW76: 1 | CC76: 1 | CT76: =SUM(F76:CQ76) -> 14
A77: Cooking Equipment | B77: Grill, Hot Dog Roller Grill - 36" | C77: 36" | D77: Nemco | R77: 5 | AB77: 1 | AG77: 1 | BW77: 1 | BX77: 1 | BY77: 1 | CT77: =SUM(F77:CQ77) -> 10
A78: Cooking Equipment | B78: Cheese Melter | C78: Electric, Wall Mounted | D78: Vulcan | E78: 1036-1 | I78: 1 | K78: 4 | CT78: =SUM(F78:CQ78) -> 5
A79: Cooking Equipment | B79: Induction Warmer | C79: Single Warmer | D79: Cook Tech B651-U | F79: 1 | BJ79: 4 | BL79: 4 | CB79: 1 | CT79: =SUM(F79:CQ79) -> 10
A80: Cooking Equipment | B80: Drop-In, Induction Warming Unit-Double | C80: Double Warmer | D80: Cook Tech | E80: MCD25000 | F80: 3 | R80: 1 | BR80: 1 | CT80: =SUM(F80:CQ80) -> 5
A81: Cooking Equipment | B81: Fryer, Oil Vac | C81: C-3 Greaser Container | M81: 1 | CT81: =SUM(F81:CQ81) -> 1
A82: Cooking Equipment | B82: 4 Unit Floor Fryer System with Millivolt Controls and KleenScreen Filtration | D82: Vulcan | E82: 4GR45MF-1 | M82: 1 | CT82: =SUM(F82:CQ82) -> 1
A83: Cooking Equipment | B83: Fryer, Deep Fat, Gas w/Filter | C83: 65-70LB LG SERIES GAS FREESTANDING FRYER | D83: Vulcan | E83: LG500 | I83: 2 | L83: 1 | R83: 5 | Y83: 2 | AI83: 6 | BI83: 1 | BT83: 3 | BW83: 3 | BX83: 3 | CT83: =SUM(F83:CQ83) -> 26
A84: Cooking Equipment | B84: Fry, Dump Station | D84: Vulcan | E84: VX15 | I84: 1 | AI84: 2 | BI84: 1 | BT84: 2 | BW84: 2 | BX84: 2 | CT84: =SUM(F84:CQ84) -> 10
A85: Cooking Equipment | B85: Fryer, Deep Fat, Gas w/Filter | C85: 50LB LG SERIES GAS FREESTANDING FRYER | D85: Vulcan | E85: LG400 | H85: 3 | R85: 4 | Y85: 1 | AA85: 3 | AC85: 3 | AD85: 3 | AF85: 2 | BB85: 1 | CT85: =SUM(F85:CQ85) -> 20
A86: Cooking Equipment | B86: Fry Dump Station | D86: Vulcan | E86: VX21 | H86: 1 | R86: 1 | Y86: 1 | AA86: 2 | AC86: 1 | AD86: 1 | AF86: 1 | BB86: 1 | CT86: =SUM(F86:CQ86) -> 9
A87: Cooking Equipment | B87: Oven, Combi 20 Pan Full-Size | D87: Rational | E87: SCC WE 202G | M87: 2 | BB87: 1 | CT87: =SUM(F87:CQ87) -> 3
A88: Cooking Equipment | B88: Oven, Convection (Single Unit) | D88: Vulcan | BE88: 1 | CT88: =SUM(F88:CQ88) -> 1
A89: Cooking Equipment | B89: Oven, Convection (Double Stack Unit) | D89: Vulcan | E89: VC4GD-SEFCDB5 | F89: ` | H89: 1 | I89: 1 | M89: 3 | R89: 1 | AC89: 1 | BD89: 1 | BH89: 1 Bad | BI89: 1 Bad | BJ89: 1 | CT89: =SUM(F89:CQ89) -> 9
A90: Cooking Equipment | B90: Oven, Conveyor (Pizza) (Double Stack Unit) | C90: All Impingers in the building are in poor conditions | D90: Lincoln | E90: 1450 | AE90: 1 | AJ90: 1 | BV90: 2 | CT90: =SUM(F90:CQ90) -> 4
A91: Cooking Equipment | B91: Oven, Microwave | C91: RFS 11B | D91: Amana | K91: 1 | BE91: 1 Broken | BN91: 1 | BR91: 1 | CT91: =SUM(F91:CQ91) -> 3
A92: Cooking Equipment | B92: Oven, Panini Press | C92: Double | D92: Star Pro Max 3' | R92: 10 | BE92: 1 | CT92: =SUM(F92:CQ92) -> 11
A93: Cooking Equipment | B93: Oven, Pizza Deck | C93: Double Deck | D93: Blodgett | BH93: 1 | CT93: =SUM(F93:CQ93) -> 1
A94: Cooking Equipment | B94: Oven, Pizza | C94: Not is use | D94: Earth Stone | E94: PAGW-160 | F94: 1 | BH94: 1 | BI94: 1 | CT94: =SUM(F94:CQ94) -> 3
A95: Cooking Equipment | B95: Oven, Pretzel Drawer Cook | D95: Gold Medal | BX95: 2 | CT95: =SUM(F95:CQ95) -> 2
A96: Cooking Equipment | B96: Oven, Rapid Cook | D96: Turbo Chef | BE96: 1 broken | BZ96: 1 | CT96: =SUM(F96:CQ96) -> 1
A97: Cooking Equipment | B97: Range, 2 French Plates 36" Gas and Standard Oven | D97: Vulcan | E97: V2FT36S | M97: 1 | CT97: =SUM(F97:CQ97) -> 1
A98: Cooking Equipment | B98: Range, Gas, 6-Burner, 2 Convection Base and 36" Griddle | D98: Vulcan | E98: 72CC-6B36GN | H98: 1 | BB98: 1 | CT98: =SUM(F98:CQ98) -> 2
A99: Cooking Equipment | B99: Range 8 Burner 48" Gas Range with 2 Standard Ovens | D99: Vulcan | E99: 48SS-8BN | M99: 2 | CT99: =SUM(F99:CQ99) -> 2
A100: Cooking Equipment | B100: Rice Cooker, Electronic | D100: Town | E100: 57130 | AC100: 4 | CT100: =SUM(F100:CQ100) -> 4
A101: Cooking Equipment | B101: Smoker- Southern Pride | C101: 65,000 BTU | D101: Southern Pride | E101: 986SRG400 | M101: 2 | CT101: =SUM(F101:CQ101) -> 2
A102: Cooking Equipment | B102: Steamer | C102: Counter Top E2-5 | D102: South Bend/Accutemp | BI102: 1 | CT102: =SUM(F102:CQ102) -> 1
...

Sheet F&B Costs
A1: Levels
A2: Type (Permanent, Portable, Kitchen, Etc)
A3: Location (Section)
A4: Stand Number
A5: Concept (Grill, Italian, Bar, Etc)
A6: Grouping | B6: Item | C6: Description | D6: Manufacturer | E6: Model | F6: Quantity | G6: Frequency of repairs & replacement in years | H6: Condition of Equipment (Good, Fair, Poor) | I6: 2024 Cost | J6: Total | K6: 2025 | M6: 2026 | O6: 2027 | Q6: 2028 | S6: 2029 | U6: 2030 | W6: 2031 | Y6: 2032 | AA6: 2033 | AC6: 2034 | AE6: 2035 | AG6: 2036 | AI6: 2037 | AK6: 2038 | AM6: 2039 | AO6: 2040 | AQ6: 2041 | AS6: 2042 | AU6: 2043 | AW6: 2044 | AY6: Total Cost
K7: Qty. | L7: Year 1 | M7: Qty. | N7: Year 2 | O7: Qty. | P7: Year 3 | Q7: Qty. | R7: Year 4 | S7: Qty. | T7: Year 5 | U7: Qty. | V7: Year 6 | W7: Qty. | X7: Year 7 | Y7: Qty. | Z7: Year 8 | AA7: Qty. | AB7: Year 9 | AC7: Qty. | AD7: Year 10 | AE7: Qty. | AF7: Year 11 | AG7: Qty. | AH7: Year 12 | AI7: Qty. | AJ7: Year 13 | AK7: Qty. | AL7: Year 14 | AM7: Qty. | AN7: Year 15 | AO7: Qty. | AP7: Year 16 | AQ7: Qty. | AR7: Year 17 | AS7: Qty. | AT7: Year 18 | AU7: Qty. | AV7: Year 19 | AW7: Qty. | AX7: Year 20
K8: 0.04 | M8: 0.035 | N8: =(1+$K$8)*(1+$M$8) -> 1.0764 | O8: 0.03 | P8: =(1+$K$8)*(1+$M$8)*(1+$O$8) -> 1.108692 | Q8: 0.03 | R8: =(1+$K$8)*(1+$M$8)*(1+$O$8)*(1+$Q$8) -> 1.1419528 | S8: 0.03 | T8: =(1+$K$8)*(1+$M$8)*(1+$O$8)*(1+$Q$8)*(1+$S$8) -> 1.1762113 | U8: 0.03 | V8: =(1+$K$8)*(1+$M$8)*(1+$O$8)*(1+$Q$8)*(1+$S$8)*(1+$U$8) -> 1.2114977 | W8: 0.03 | X8: =(1+$K$8)*(1+$M$8)*(1+$O$8)*(1+$Q$8)*(1+$S$8)*(1+$U$8)*(1+$W$8) -> 1.2478426 | Y8: 0.03 | Z8: =(1+$K$8)*(1+$M$8)*(1+$O$8)*(1+$Q$8)*(1+$S$8)*(1+$U$8)*(1+$W$8)*(1+$Y$8) -> 1.2852779 | AA8: 0.03 | AB8: =(1+$K$8)*(1+$M$8)*(1+$O$8)*(1+$Q$8)*(1+$S$8)*(1+$U$8)*(1+$W$8)*(1+$Y$8)*(1+$AA$8) -> 1.3238362 | AC8: 0.03 | AD8: =(1+$K$8)*(1+$M$8)*(1+$O$8)*(1+$Q$8)*(1+$S$8)*(1+$U$8)*(1+$W$8)*(1+$Y$8)*(1+$AA$8)*(1+$AC$8) -> 1.3635513 | AE8: 0.03 | AF8: =(1+$K$8)*(1+$M$8)*(1+$O$8)*(1+$Q$8)*(1+$S$8)*(1+$U$8)*(1+$W$8)*(1+$Y$8)*(1+$AA$8)*(1+$AC$8)*(1+$AE$8) -> 1.4044579 | AG8: 0.03 | AH8: =(1+$K$8)*(1+$M$8)*(1+$O$8)*(1+$Q$8)*(1+$S$8)*(1+$U$8)*(1+$W$8)*(1+$Y$8)*(1+$AA$8)*(1+$AC$8)*(1+$AE$8)*(1+$AG$8) -> 1.4465916 | AI8: 0.03 | AJ8: =(1+$K$8)*(1+$M$8)*(1+$O$8)*(1+$Q$8)*(1+$S$8)*(1+$U$8)*(1+$W$8)*(1+$Y$8)*(1+$AA$8)*(1+$AC$8)*(1+$AE$8)*(1+$AG$8)*(1+$AI$8) -> 1.4899893 | AK8: 0.03 | AL8: =(1+$K$8)*(1+$M$8)*(1+$O$8)*(1+$Q$8)*(1+$S$8)*(1+$U$8)*(1+$W$8)*(1+$Y$8)*(1+$AA$8)*(1+$AC$8)*(1+$AE$8)*(1+$AG$8)*(1+$AI$8)*(1+$AK$8) -> 1.534689 | AM8: 0.03 | AN8: =(1+$K$8)*(1+$M$8)*(1+$O$8)*(1+$Q$8)*(1+$S$8)*(1+$U$8)*(1+$W$8)*(1+$Y$8)*(1+$AA$8)*(1+$AC$8)*(1+$AE$8)*(1+$AG$8)*(1+$AI$8)*(1+$AK$8)*(1+$AM$8) -> 1.5807297 | AO8: 0.03 | AP8: =(1+$K$8)*(1+$M$8)*(1+$O$8)*(1+$Q$8)*(1+$S$8)*(1+$U$8)*(1+$W$8)*(1+$Y$8)*(1+$AA$8)*(1+$AC$8)*(1+$AE$8)*(1+$AG$8)*(1+$AI$8)*(1+$AK$8)*(1+$AM$8)*(1+$AO$8) -> 1.6281516 | AQ8: 0.03 | AR8: =(1+$K$8)*(1+$M$8)*(1+$O$8)*(1+$Q$8)*(1+$S$8)*(1+$U$8)*(1+$W$8)*(1+$Y$8)*(1+$AA$8)*(1+$AC$8)*(1+$AE$8)*(1+$AG$8)*(1+$AI$8)*(1+$AK$8)*(1+$AM$8)*(1+$AO$8)*(1+$AQ$8) -> 1.6769961 | AS8: 0.03 | AT8: =(1+$K$8)*(1+$M$8)*(1+$O$8)*(1+$Q$8)*(1+$S$8)*(1+$U$8)*(1+$W$8)*(1+$Y$8)*(1+$AA$8)*(1+$AC$8)*(1+$AE$8)*(1+$AG$8)*(1+$AI$8)*(1+$AK$8)*(1+$AM$8)*(1+$AO$8)*(1+$AQ$8)*(1+$AS$8) -> 1.727306 | AU8: 0.03 | AV8: =(1+$K$8)*(1+$M$8)*(1+$O$8)*(1+$Q$8)*(1+$S$8)*(1+$U$8)*(1+$W$8)*(1+$Y$8)*(1+$AA$8)*(1+$AC$8)*(1+$AE$8)*(1+$AG$8)*(1+$AI$8)*(1+$AK$8)*(1+$AM$8)*(1+$AO$8)*(1+$AQ$8)*(1+$AS$8)*(1+$AU$8) -> 1.7791252 | AW8: 0.03 | AX8: =(1+$K$8)*(1+$M$8)*(1+$O$8)*(1+$Q$8)*(1+$S$8)*(1+$U$8)*(1+$W$8)*(1+$Y$8)*(1+$AA$8)*(1+$AC$8)*(1+$AE$8)*(1+$AG$8)*(1+$AI$8)*(1+$AK$8)*(1+$AM$8)*(1+$AO$8)*(1+$AQ$8)*(1+$AS$8)*(1+$AU$8)*(1+$AW$8) -> 1.8324989
A9: Bar | B9: Margarita Machine - Single, Countertop | D9: Frosty Factory | E9: 137A | F9: ='[2]F&B Equipment'!CT9 -> 5 | G9: 7 | H9: Good | I9: 4937 | J9: =+F9*I9 -> 24685 | L9: =(I9*K9)*(1+$K$8) -> 0 | N9: =M9*(I9*$N$8) -> 0 | O9: 2 | P9: =O9*(I9*$P$8) -> 10947.225 | R9: =Q9*(I9*R$8) -> 0 | S9: 2 | T9: =S9*(I9*$T$8) -> 11613.911 | V9: =U9*(I9*$V$8) -> 0 | W9: 2 | X9: =W9*(I9*$X$8) -> 12321.198 | Z9: =Y9*(I9*$Z$8) -> 0 | AB9: =AA9*($I9*$AB$8) -> 0 | AC9: 2 | AD9: =AC9*($I9*$AD$8) -> 13463.706 | AF9: =AE9*($I9*$AF$8) -> 0 | AG9: 2 | AH9: =AG9*($I9*$AH$8) -> 14283.645 | AJ9: =AI9*($I9*$AJ$8) -> 0 | AK9: 2 | AL9: =AK9*($I9*$AL$8) -> 15153.519 | AN9: =AM9*($I9*$AN$8) -> 0 | AO9: 2 | AP9: =AO9*($I9*$AP$8) -> 16076.369 | AR9: =AQ9*($I9*$AR$8) -> 0 | AS9: 2 | AT9: =AS9*($I9*$AT$8) -> 17055.42 | AV9: =AU9*($I9*$AV$8) -> 0 | AX9: =AW9*($I9*$AX$8) -> 0 | AY9: =SUM(L9,N9,P9,R9,T9,V9,X9,Z9,AB9,AD9,AF9,AH9,AJ9,AL9,AN9,AP9,AR9,AT9,AV9,AX9) -> 110914.99
A10: Bar | B10: Dispenser, Wine | D10: Wineemotion | E10: S306623424201 | F10: ='[2]F&B Equipment'!CT10 -> 4 | G10: 7 | H10: Good | I10: 12500 | J10: =+F10*I10 -> 50000 | L10: =(I10*K10)*(1+$K$8) -> 0 | M10: 1 | N10: =M10*(I10*$N$8) -> 13455 | P10: =O10*(I10*$P$8) -> 0 | R10: =Q10*(I10*R$8) -> 0 | T10: =S10*(I10*$T$8) -> 0 | U10: 1 | V10: =U10*(I10*$V$8) -> 15143.721 | X10: =W10*(I10*$X$8) -> 0 | Z10: =Y10*(I10*$Z$8) -> 0 | AB10: =AA10*($I10*$AB$8) -> 0 | AC10: 1 | AD10: =AC10*($I10*$AD$8) -> 17044.391 | AF10: =AE10*($I10*$AF$8) -> 0 | AH10: =AG10*($I10*$AH$8) -> 0 | AJ10: =AI10*($I10*$AJ$8) -> 0 | AK10: 1 | AL10: =AK10*($I10*$AL$8) -> 19183.613 | AN10: =AM10*($I10*$AN$8) -> 0 | AP10: =AO10*($I10*$AP$8) -> 0 | AR10: =AQ10*($I10*$AR$8) -> 0 | AT10: =AS10*($I10*$AT$8) -> 0 | AU10: 1 | AV10: =AU10*($I10*$AV$8) -> 22239.065 | AX10: =AW10*($I10*$AX$8) -> 0 | AY10: =SUM(L10,N10,P10,R10,T10,V10,X10,Z10,AB10,AD10,AF10,AH10,AJ10,AL10,AN10,AP10,AR10,AT10,AV10,AX10) -> 87065.79
A11: Bar | B11: Dispenser, Liquor | D11: Wineemotion | E11: S307700634501 | F11: ='[2]F&B Equipment'!CT11 -> 1 | G11: 7 | H11: Good | I11: 12800 | J11: =+F11*I11 -> 12800 | L11: =(I11*K11)*(1+$K$8) -> 0 | N11: =M11*(I11*$N$8) -> 0 | P11: =O11*(I11*$P$8) -> 0 | R11: =Q11*(I11*R$8) -> 0 | T11: =S11*(I11*$T$8) -> 0 | V11: =U11*(I11*$V$8) -> 0 | W11: 1 | X11: =W11*(I11*$X$8) -> 15972.385 | Z11: =Y11*(I11*$Z$8) -> 0 | AB11: =AA11*($I11*$AB$8) -> 0 | AD11: =AC11*($I11*$AD$8) -> 0 | AF11: =AE11*($I11*$AF$8) -> 0 | AH11: =AG11*($I11*$AH$8) -> 0 | AJ11: =AI11*($I11*$AJ$8) -> 0 | AK11: 1 | AL11: =AK11*($I11*$AL$8) -> 19644.019 | AN11: =AM11*($I11*$AN$8) -> 0 | AP11: =AO11*($I11*$AP$8) -> 0 | AR11: =AQ11*($I11*$AR$8) -> 0 | AT11: =AS11*($I11*$AT$8) -> 0 | AV11: =AU11*($I11*$AV$8) -> 0 | AX11: =AW11*($I11*$AX$8) -> 0 | AY11: =SUM(L11,N11,P11,R11,T11,V11,X11,Z11,AB11,AD11,AF11,AH11,AJ11,AL11,AN11,AP11,AR11,AT11,AV11,AX11) -> 35616.405
